Workbook

Sheet SharonN_Perfomance
A2: Month | B2: Week | C2: Account | D2: Projected Return | E2: £ | F2: No | G2: Account | H2: Account | I2: MAX Risk | J2: Actual
B3: Commencing | C3: Equity | D3: Equity | E3: Per Pip | F3: Of Pips | G3: Top UP | H3: W/drawal | I3: % Per Trade | J3: % ROI
A4: 1 | B4: 43044 | C4: 500 | D4: =C4+(C4*-0.0353) -> 482.35 | E4: =C4/3000 -> 0.16666667 | F4: =(D4-C4)/E4 -> -105.9 | I4: =E4*50/C4 -> 0.016666667 | J4: =(D4-C4)/C4 -> -0.0353
B5: =B4+7 -> 43051 | C5: =D4+G4-H4 -> 482.35 | D5: =C5+(C5*-0.1562) -> 407.00693 | E5: =C5/3000 -> 0.16078333 | F5: =(D5-C5)/E5 -> -468.6 | I5: =E5*50/C5 -> 0.016666667 | J5: =(D5-C4)/C4 -> -0.18598614
B6: =B5+7 -> 43058 | C6: =D5+G5-H5 -> 407.00693 | D6: =C6+(C6*0.081) -> 439.97449 | E6: =C6/2500 -> 0.16280277 | F6: =(D6-C6)/E6 -> 202.5 | I6: =E6*50/C6 -> 0.02 | J6: =(D6-C4)/C4 -> -0.12005102
B7: =B6+7 -> 43065 | C7: =D6+G6-H6 -> 439.97449 | D7: =C7+(C7*-0.0343) -> 424.88337 | E7: =C7/2500 -> 0.1759898 | F7: =(D7-C7)/E7 -> -85.75 | I7: =E7*50/C7 -> 0.02 | J7: =(D7-C4)/C4 -> -0.15023327
A9: 2 | B9: =B7+7 -> 43072 | C9: =D7+G7-H7 -> 424.88337 | D9: =C9+(C9*0.10018) -> 467.44818 | E9: =C9/3250 -> 0.13073334 | F9: =(D9-C9)/E9 -> 325.585 | I9: =E9*50/C9 -> 0.015384615 | J9: =(D9-C4)/C4 -> -0.065103636
B10: =B9+7 -> 43079 | C10: =D9+G9-H9 -> 467.44818 | D10: =C10+(C10*0.0214) -> 477.45157 | E10: =C10/3250 -> 0.14383021 | F10: =(D10-C10)/E10 -> 69.55 | I10: =E10*50/C10 -> 0.015384615 | J10: =(D10-C4)/C4 -> -0.045096854
B11: =B10+7 -> 43086 | C11: =D10+G10-H10 -> 477.45157 | D11: =C11+(C11*0.0087) -> 481.6054 | E11: =C11/3250 -> 0.14690818 | F11: =(D11-C11)/E11 -> 28.275 | I11: =E11*50/C11 -> 0.015384615 | J11: =(D11-C4)/C4 -> -0.036789197
B12: =B11+7 -> 43093 | C12: =D11+G11-H11 -> 481.6054 | D12: =C12+(C12*0) -> 481.6054 | E12: =C12/3250 -> 0.14818628 | F12: =(D12-C12)/E12 -> 0 | I12: =E12*50/C12 -> 0.015384615 | J12: =(D12-C4)/C4 -> -0.036789197
A14: 3 | B14: =B12+7 -> 43100 | C14: =D12+G12-H12 -> 481.6054 | D14: =C14+(C14*0) -> 481.6054 | E14: =C14/3250 -> 0.14818628 | F14: =(D14-C14)/E14 -> 0 | I14: =E14*50/C14 -> 0.015384615 | J14: =(D14-C4)/C4 -> -0.036789197
B15: =B14+7 -> 43107 | C15: =D14+G14-H14 -> 481.6054 | D15: =C15+(C15*0.03) -> 496.05356 | E15: =C15/3250 -> 0.14818628 | F15: =(D15-C15)/E15 -> 97.5 | I15: =E15*50/C15 -> 0.015384615
B16: =B15+7 -> 43114 | C16: =D15+G15-H15 -> 496.05356 | D16: =C16+(C16*0.03) -> 510.93517 | E16: =C16/3250 -> 0.15263187 | F16: =(D16-C16)/E16 -> 97.5 | I16: =E16*50/C16 -> 0.015384615
B17: =B16+7 -> 43121 | C17: =D16+G16-H16 -> 510.93517 | D17: =C17+(C17*0.03) -> 526.26323 | E17: =C17/3250 -> 0.15721082 | F17: =(D17-C17)/E17 -> 97.5 | H17: =(D17-C4)*0.3 -> 7.8789677 | I17: =E17*50/C17 -> 0.015384615 | K17: Alligator Fund Management takes 30% of Winnings
A19: 4 | B19: =B17+7 -> 43128 | C19: =D17+G17-H17 -> 518.38426 | D19: =C19+(C19*0.03) -> 533.93579 | E19: =C19/3250 -> 0.15950285 | F19: =(D19-C19)/E19 -> 97.5 | I19: =E19*50/C19 -> 0.015384615
B20: =B19+7 -> 43135 | C20: =D19+G19-H19 -> 533.93579 | D20: =C20+(C20*0.03) -> 549.95386 | E20: =C20/3250 -> 0.16428793 | F20: =(D20-C20)/E20 -> 97.5 | I20: =E20*50/C20 -> 0.015384615
B21: =B20+7 -> 43142 | C21: =D20+G20-H20 -> 549.95386 | D21: =C21+(C21*0.03) -> 566.45248 | E21: =C21/3250 -> 0.16921657 | F21: =(D21-C21)/E21 -> 97.5 | I21: =E21*50/C21 -> 0.015384615
B22: =B21+7 -> 43149 | C22: =D21+G21-H21 -> 566.45248 | D22: =C22+(C22*0.03) -> 583.44605 | E22: =C22/3250 -> 0.17429307 | F22: =(D22-C22)/E22 -> 97.5 | I22: =E22*50/C22 -> 0.015384615
A24: 5 | B24: =B22+7 -> 43156 | C24: =D22+G22-H22 -> 583.44605 | D24: =C24+(C24*0.03) -> 600.94943 | E24: =C24/3250 -> 0.17952186 | F24: =(D24-C24)/E24 -> 97.5 | I24: =E24*50/C24 -> 0.015384615
B25: =B24+7 -> 43163 | C25: =D24+G24-H24 -> 600.94943 | D25: =C25+(C25*0.03) -> 618.97791 | E25: =C25/3250 -> 0.18490752 | F25: =(D25-C25)/E25 -> 97.5 | I25: =E25*50/C25 -> 0.015384615
B26: =B25+7 -> 43170 | C26: =D25+G25-H25 -> 618.97791 | D26: =C26+(C26*0.03) -> 637.54725 | E26: =C26/3250 -> 0.19045474 | F26: =(D26-C26)/E26 -> 97.5 | I26: =E26*50/C26 -> 0.015384615
B27: =B26+7 -> 43177 | C27: =D26+G26-H26 -> 637.54725 | D27: =C27+(C27*0.03) -> 656.67367 | E27: =C27/3250 -> 0.19616838 | F27: =(D27-C27)/E27 -> 97.5 | I27: =E27*50/C27 -> 0.015384615
A29: 6 | B29: =B27+7 -> 43184 | C29: =D27+G27-H27 -> 656.67367 | D29: =C29+(C29*0.03) -> 676.37388 | E29: =C29/3250 -> 0.20205344 | F29: =(D29-C29)/E29 -> 97.5 | I29: =E29*50/C29 -> 0.015384615
B30: =B29+7 -> 43191 | C30: =D29+G29-H29 -> 676.37388 | D30: =C30+(C30*0.03) -> 696.6651 | E30: =C30/3250 -> 0.20811504 | F30: =(D30-C30)/E30 -> 97.5 | I30: =E30*50/C30 -> 0.015384615
B31: =B30+7 -> 43198 | C31: =D30+G30-H30 -> 696.6651 | D31: =C31+(C31*0.03) -> 717.56505 | E31: =C31/3250 -> 0.21435849 | F31: =(D31-C31)/E31 -> 97.5 | I31: =E31*50/C31 -> 0.015384615
B32: =B31+7 -> 43205 | C32: =D31+G31-H31 -> 717.56505 | D32: =C32+(C32*0.03) -> 739.092 | E32: =C32/3250 -> 0.22078925 | F32: =(D32-C32)/E32 -> 97.5 | H32: =(D32-C19)*0.35 -> 77.24771 | I32: =E32*50/C32 -> 0.015384615 | K32: Alligator Fund Management takes 35% of Winnings
A34: 7 | B34: =B32+7 -> 43212 | C34: =D32+G32-H32 -> 661.84429 | D34: =C34+(C34*0.03) -> 681.69962 | E34: =C34/3250 -> 0.2036444 | F34: =(D34-C34)/E34 -> 97.5 | I34: =E34*50/C34 -> 0.015384615
B35: =B34+7 -> 43219 | C35: =D34+G34-H34 -> 681.69962 | D35: =C35+(C35*0.03) -> 702.15061 | E35: =C35/3250 -> 0.20975373 | F35: =(D35-C35)/E35 -> 97.5 | I35: =E35*50/C35 -> 0.015384615
B36: =B35+7 -> 43226 | C36: =D35+G35-H35 -> 702.15061 | D36: =C36+(C36*0.03) -> 723.21513 | E36: =C36/3250 -> 0.21604634 | F36: =(D36-C36)/E36 -> 97.5 | I36: =E36*50/C36 -> 0.015384615
B37: =B36+7 -> 43233 | C37: =D36+G36-H36 -> 723.21513 | D37: =C37+(C37*0.03) -> 744.91158 | E37: =C37/3250 -> 0.22252773 | F37: =(D37-C37)/E37 -> 97.5 | I37: =E37*50/C37 -> 0.015384615
A39: 8 | B39: =B37+7 -> 43240 | C39: =D37+G37-H37 -> 744.91158 | D39: =C39+(C39*0.03) -> 767.25893 | E39: =C39/3250 -> 0.22920356 | F39: =(D39-C39)/E39 -> 97.5 | I39: =E39*50/C39 -> 0.015384615
B40: =B39+7 -> 43247 | C40: =D39+G39-H39 -> 767.25893 | D40: =C40+(C40*0.03) -> 790.27669 | E40: =C40/3250 -> 0.23607967 | F40: =(D40-C40)/E40 -> 97.5 | I40: =E40*50/C40 -> 0.015384615
B41: =B40+7 -> 43254 | C41: =D40+G40-H40 -> 790.27669 | D41: =C41+(C41*0.03) -> 813.985 | E41: =C41/3250 -> 0.24316206 | F41: =(D41-C41)/E41 -> 97.5 | I41: =E41*50/C41 -> 0.015384615
B42: =B41+7 -> 43261 | C42: =D41+G41-H41 -> 813.985 | D42: =C42+(C42*0.03) -> 838.40455 | E42: =C42/3250 -> 0.25045692 | F42: =(D42-C42)/E42 -> 97.5 | I42: =E42*50/C42 -> 0.015384615
A44: 9 | B44: =B42+7 -> 43268 | C44: =D42+G42-H42 -> 838.40455 | D44: =C44+(C44*0.03) -> 863.55668 | E44: =C44/3250 -> 0.25797063 | F44: =(D44-C44)/E44 -> 97.5 | I44: =E44*50/C44 -> 0.015384615
B45: =B44+7 -> 43275 | C45: =D44+G44-H44 -> 863.55668 | D45: =C45+(C45*0.03) -> 889.46338 | E45: =C45/3250 -> 0.26570975 | F45: =(D45-C45)/E45 -> 97.5 | I45: =E45*50/C45 -> 0.015384615
B46: =B45+7 -> 43282 | C46: =D45+G45-H45 -> 889.46338 | D46: =C46+(C46*0.03) -> 916.14728 | E46: =C46/3250 -> 0.27368104 | F46: =(D46-C46)/E46 -> 97.5 | I46: =E46*50/C46 -> 0.015384615
B47: =B46+7 -> 43289 | C47: =D46+G46-H46 -> 916.14728 | D47: =C47+(C47*0.03) -> 943.6317 | E47: =C47/3250 -> 0.28189147 | F47: =(D47-C47)/E47 -> 97.5 | H47: =(D47-C34)*0.35 -> 98.625594 | I47: =E47*50/C47 -> 0.015384615 | K47: Alligator Fund Management takes 35% of Winnings
A49: 10 | B49: =B47+7 -> 43296 | C49: =D47+G47-H47 -> 845.00611 | D49: =C49+(C49*0.03) -> 870.35629 | E49: =C49/3250 -> 0.26000188 | F49: =(D49-C49)/E49 -> 97.5 | I49: =E49*50/C49 -> 0.015384615
B50: =B49+7 -> 43303 | C50: =D49+G49-H49 -> 870.35629 | D50: =C50+(C50*0.03) -> 896.46698 | E50: =C50/3250 -> 0.26780194 | F50: =(D50-C50)/E50 -> 97.5 | I50: =E50*50/C50 -> 0.015384615
B51: =B50+7 -> 43310 | C51: =D50+G50-H50 -> 896.46698 | D51: =C51+(C51*0.03) -> 923.36099 | E51: =C51/3250 -> 0.27583599 | F51: =(D51-C51)/E51 -> 97.5 | I51: =E51*50/C51 -> 0.015384615
B52: =B51+7 -> 43317 | C52: =D51+G51-H51 -> 923.36099 | D52: =C52+(C52*0.03) -> 951.06182 | E52: =C52/3250 -> 0.28411107 | F52: =(D52-C52)/E52 -> 97.5 | I52: =E52*50/C52 -> 0.015384615
A54: 11 | B54: =B52+7 -> 43324 | C54: =D52+G52-H52 -> 951.06182 | D54: =C54+(C54*0.03) -> 979.59367 | E54: =C54/3250 -> 0.29263441 | F54: =(D54-C54)/E54 -> 97.5 | I54: =E54*50/C54 -> 0.015384615
B55: =B54+7 -> 43331 | C55: =D54+G54-H54 -> 979.59367 | D55: =C55+(C55*0.03) -> 1008.9815 | E55: =C55/3250 -> 0.30141344 | F55: =(D55-C55)/E55 -> 97.5 | I55: =E55*50/C55 -> 0.015384615
B56: =B55+7 -> 43338 | C56: =D55+G55-H55 -> 1008.9815 | D56: =C56+(C56*0.03) -> 1039.2509 | E56: =C56/3250 -> 0.31045584 | F56: =(D56-C56)/E56 -> 97.5 | I56: =E56*50/C56 -> 0.015384615
B57: =B56+7 -> 43345 | C57: =D56+G56-H56 -> 1039.2509 | D57: =C57+(C57*0.03) -> 1070.4285 | E57: =C57/3250 -> 0.31976952 | F57: =(D57-C57)/E57 -> 97.5 | I57: =E57*50/C57 -> 0.015384615
A59: 12 | B59: =B57+7 -> 43352 | C59: =D57+G57-H57 -> 1070.4285 | D59: =C59+(C59*0.03) -> 1102.5413 | E59: =C59/3250 -> 0.3293626 | F59: =(D59-C59)/E59 -> 97.5 | I59: =E59*50/C59 -> 0.015384615
B60: =B59+7 -> 43359 | C60: =D59+G59-H59 -> 1102.5413 | D60: =C60+(C60*0.03) -> 1135.6175 | E60: =C60/3250 -> 0.33924348 | F60: =(D60-C60)/E60 -> 97.5 | I60: =E60*50/C60 -> 0.015384615
B61: =B60+7 -> 43366 | C61: =D60+G60-H60 -> 1135.6175 | D61: =C61+(C61*0.03) -> 1169.6861 | E61: =C61/3250 -> 0.34942078 | F61: =(D61-C61)/E61 -> 97.5 | I61: =E61*50/C61 -> 0.015384615
B62: =B61+7 -> 43373 | C62: =D61+G61-H61 -> 1169.6861 | D62: =C62+(C62*0.03) -> 1204.7767 | E62: =C62/3250 -> 0.35990341 | F62: =(D62-C62)/E62 -> 97.5 | H62: =(D62-C49)*0.35 -> 125.91969 | I62: =E62*50/C62 -> 0.015384615 | K62: Alligator Fund Management takes 35% of Winnings
A64: 13 | B64: =B62+7 -> 43380 | C64: =D62+G62-H62 -> 1078.857 | D64: =C64+(C64*0.03) -> 1111.2227 | E64: =C64/3250 -> 0.33195599 | F64: =(D64-C64)/E64 -> 97.5 | I64: =E64*50/C64 -> 0.015384615
B65: =B64+7 -> 43387 | C65: =D64+G64-H64 -> 1111.2227 | D65: =C65+(C65*0.03) -> 1144.5594 | E65: =C65/3250 -> 0.34191467 | F65: =(D65-C65)/E65 -> 97.5 | I65: =E65*50/C65 -> 0.015384615
B66: =B65+7 -> 43394 | C66: =D65+G65-H65 -> 1144.5594 | D66: =C66+(C66*0.03) -> 1178.8961 | E66: =C66/3250 -> 0.35217211 | F66: =(D66-C66)/E66 -> 97.5 | I66: =E66*50/C66 -> 0.015384615
B67: =B66+7 -> 43401 | C67: =D66+G66-H66 -> 1178.8961 | D67: =C67+(C67*0.03) -> 1214.263 | E67: =C67/3250 -> 0.36273727 | F67: =(D67-C67)/E67 -> 97.5 | I67: =E67*50/C67 -> 0.015384615
A69: 14 | B69: =B67+7 -> 43408 | C69: =D67+G67-H67 -> 1214.263 | D69: =C69+(C69*0.03) -> 1250.6909 | E69: =C69/3250 -> 0.37361939 | F69: =(D69-C69)/E69 -> 97.5 | I69: =E69*50/C69 -> 0.015384615
B70: =B69+7 -> 43415 | C70: =D69+G69-H69 -> 1250.6909 | D70: =C70+(C70*0.03) -> 1288.2116 | E70: =C70/3250 -> 0.38482797 | F70: =(D70-C70)/E70 -> 97.5 | I70: =E70*50/C70 -> 0.015384615
B71: =B70+7 -> 43422 | C71: =D70+G70-H70 -> 1288.2116 | D71: =C71+(C71*0.03) -> 1326.858 | E71: =C71/3250 -> 0.39637281 | F71: =(D71-C71)/E71 -> 97.5 | I71: =E71*50/C71 -> 0.015384615
B72: =B71+7 -> 43429 | C72: =D71+G71-H71 -> 1326.858 | D72: =C72+(C72*0.03) -> 1366.6637 | E72: =C72/3250 -> 0.408264 | F72: =(D72-C72)/E72 -> 97.5 | I72: =E72*50/C72 -> 0.015384615
A74: 15 | B74: =B72+7 -> 43436 | C74: =D72+G72-H72 -> 1366.6637 | D74: =C74+(C74*0.03) -> 1407.6636 | E74: =C74/3250 -> 0.42051192 | F74: =(D74-C74)/E74 -> 97.5 | I74: =E74*50/C74 -> 0.015384615
B75: =B74+7 -> 43443 | C75: =D74+G74-H74 -> 1407.6636 | D75: =C75+(C75*0.03) -> 1449.8935 | E75: =C75/3250 -> 0.43312727 | F75: =(D75-C75)/E75 -> 97.5 | I75: =E75*50/C75 -> 0.015384615
B76: =B75+7 -> 43450 | C76: =D75+G75-H75 -> 1449.8935 | D76: =C76+(C76*0.03) -> 1493.3904 | E76: =C76/3250 -> 0.44612109 | F76: =(D76-C76)/E76 -> 97.5 | I76: =E76*50/C76 -> 0.015384615
B77: =B76+7 -> 43457 | C77: =D76+G76-H76 -> 1493.3904 | D77: =C77+(C77*0.03) -> 1538.1921 | E77: =C77/3250 -> 0.45950472 | F77: =(D77-C77)/E77 -> 97.5 | H77: =(D77-C64)*0.35 -> 160.76728 | I77: =E77*50/C77 -> 0.015384615 | K77: Alligator Fund Management takes 35% of Winnings
A79: 16 | B79: =B77+7 -> 43464 | C79: =D77+G77-H77 -> 1377.4248 | D79: =C79+(C79*0.03) -> 1418.7475 | E79: =C79/3250 -> 0.42382301 | F79: =(D79-C79)/E79 -> 97.5 | I79: =E79*50/C79 -> 0.015384615
B80: =B79+7 -> 43471 | C80: =D79+G79-H79 -> 1418.7475 | D80: =C80+(C80*0.03) -> 1461.3099 | E80: =C80/3250 -> 0.4365377 | F80: =(D80-C80)/E80 -> 97.5 | I80: =E80*50/C80 -> 0.015384615
B81: =B80+7 -> 43478 | C81: =D80+G80-H80 -> 1461.3099 | D81: =C81+(C81*0.03) -> 1505.1492 | E81: =C81/3250 -> 0.44963383 | F81: =(D81-C81)/E81 -> 97.5 | I81: =E81*50/C81 -> 0.015384615
B82: =B81+7 -> 43485 | C82: =D81+G81-H81 -> 1505.1492 | D82: =C82+(C82*0.03) -> 1550.3037 | E82: =C82/3250 -> 0.46312285 | F82: =(D82-C82)/E82 -> 97.5 | I82: =E82*50/C82 -> 0.015384615
A84: 17 | B84: =B82+7 -> 43492 | C84: =D82+G82-H82 -> 1550.3037 | D84: =C84+(C84*0.03) -> 1596.8128 | E84: =C84/3250 -> 0.47701653 | F84: =(D84-C84)/E84 -> 97.5 | I84: =E84*50/C84 -> 0.015384615
B85: =B84+7 -> 43499 | C85: =D84+G84-H84 -> 1596.8128 | D85: =C85+(C85*0.03) -> 1644.7172 | E85: =C85/3250 -> 0.49132703 | F85: =(D85-C85)/E85 -> 97.5 | I85: =E85*50/C85 -> 0.015384615
B86: =B85+7 -> 43506 | C86: =D85+G85-H85 -> 1644.7172 | D86: =C86+(C86*0.03) -> 1694.0587 | E86: =C86/3250 -> 0.50606684 | F86: =(D86-C86)/E86 -> 97.5 | I86: =E86*50/C86 -> 0.015384615
B87: =B86+7 -> 43513 | C87: =D86+G86-H86 -> 1694.0587 | D87: =C87+(C87*0.03) -> 1744.8805 | E87: =C87/3250 -> 0.52124884 | F87: =(D87-C87)/E87 -> 97.5 | I87: =E87*50/C87 -> 0.015384615
A89: 18 | B89: =B87+7 -> 43520 | C89: =D87+G87-H87 -> 1744.8805 | D89: =C89+(C89*0.03) -> 1797.2269 | E89: =C89/3250 -> 0.53688631 | F89: =(D89-C89)/E89 -> 97.5 | I89: =E89*50/C89 -> 0.015384615
B90: =B89+7 -> 43527 | C90: =D89+G89-H89 -> 1797.2269 | D90: =C90+(C90*0.03) -> 1851.1437 | E90: =C90/3250 -> 0.5529929 | F90: =(D90-C90)/E90 -> 97.5 | I90: =E90*50/C90 -> 0.015384615
B91: =B90+7 -> 43534 | C91: =D90+G90-H90 -> 1851.1437 | D91: =C91+(C91*0.03) -> 1906.678 | E91: =C91/3250 -> 0.56958268 | F91: =(D91-C91)/E91 -> 97.5 | I91: =E91*50/C91 -> 0.015384615
B92: =B91+7 -> 43541 | C92: =D91+G91-H91 -> 1906.678 | D92: =C92+(C92*0.03) -> 1963.8784 | E92: =C92/3250 -> 0.58667016 | F92: =(D92-C92)/E92 -> 97.5 | H92: =(D92-C79)*0.35 -> 205.25876 | I92: =E92*50/C92 -> 0.015384615 | K92: Alligator Fund Management takes 35% of Winnings
A94: 19 | B94: =B92+7 -> 43548 | C94: =D92+G92-H92 -> 1758.6196 | D94: =C94+(C94*0.03) -> 1811.3782 | E94: =C94/3250 -> 0.54111373 | F94: =(D94-C94)/E94 -> 97.5 | I94: =E94*50/C94 -> 0.015384615
B95: =B94+7 -> 43555 | C95: =D94+G94-H94 -> 1811.3782 | D95: =C95+(C95*0.03) -> 1865.7196 | E95: =C95/3250 -> 0.55734714 | F95: =(D95-C95)/E95 -> 97.5 | I95: =E95*50/C95 -> 0.015384615
B96: =B95+7 -> 43562 | C96: =D95+G95-H95 -> 1865.7196 | D96: =C96+(C96*0.03) -> 1921.6911 | E96: =C96/3250 -> 0.57406755 | F96: =(D96-C96)/E96 -> 97.5 | I96: =E96*50/C96 -> 0.015384615
B97: =B96+7 -> 43569 | C97: =D96+G96-H96 -> 1921.6911 | D97: =C97+(C97*0.03) -> 1979.3419 | E97: =C97/3250 -> 0.59128958 | F97: =(D97-C97)/E97 -> 97.5 | I97: =E97*50/C97 -> 0.015384615
A99: 20 | B99: =B97+7 -> 43576 | C99: =D97+G97-H97 -> 1979.3419 | D99: =C99+(C99*0.03) -> 2038.7221 | E99: =C99/3250 -> 0.60902827 | F99: =(D99-C99)/E99 -> 97.5 | I99: =E99*50/C99 -> 0.015384615
B100: =B99+7 -> 43583 | C100: =D99+G99-H99 -> 2038.7221 | D100: =C100+(C100*0.03) -> 2099.8838 | E100: =C100/3250 -> 0.62729912 | F100: =(D100-C100)/E100 -> 97.5 | I100: =E100*50/C100 -> 0.015384615
B101: =B100+7 -> 43590 | C101: =D100+G100-H100 -> 2099.8838 | D101: =C101+(C101*0.03) -> 2162.8803 | E101: =C101/3250 -> 0.64611809 | F101: =(D101-C101)/E101 -> 97.5 | I101: =E101*50/C101 -> 0.015384615
B102: =B101+7 -> 43597 | C102: =D101+G101-H101 -> 2162.8803 | D102: =C102+(C102*0.03) -> 2227.7667 | E102: =C102/3250 -> 0.66550163 | F102: =(D102-C102)/E102 -> 97.5 | I102: =E102*50/C102 -> 0.015384615
A104: 21 | B104: =B102+7 -> 43604 | C104: =D102+G102-H102 -> 2227.7667 | D104: =C104+(C104*0.03) -> 2294.5997 | E104: =C104/3250 -> 0.68546668 | F104: =(D104-C104)/E104 -> 97.5 | I104: =E104*50/C104 -> 0.015384615
B105: =B104+7 -> 43611 | C105: =D104+G104-H104 -> 2294.5997 | D105: =C105+(C105*0.03) -> 2363.4377 | E105: =C105/3250 -> 0.70603068 | F105: =(D105-C105)/E105 -> 97.5 | I105: =E105*50/C105 -> 0.015384615
B106: =B105+7 -> 43618 | C106: =D105+G105-H105 -> 2363.4377 | D106: =C106+(C106*0.03) -> 2434.3408 | E106: =C106/3250 -> 0.7272116 | F106: =(D106-C106)/E106 -> 97.5 | I106: =E106*50/C106 -> 0.015384615
B107: =B106+7 -> 43625 | C107: =D106+G106-H106 -> 2434.3408 | D107: =C107+(C107*0.03) -> 2507.3711 | E107: =C107/3250 -> 0.74902795 | F107: =(D107-C107)/E107 -> 97.5 | H107: =(D107-C94)*0.35 -> 262.06301 | I107: =E107*50/C107 -> 0.015384615 | K107: Alligator Fund Management takes 35% of Winnings
A109: 22 | B109: =B107+7 -> 43632 | C109: =D107+G107-H107 -> 2245.3081 | D109: =C109+(C109*0.03) -> 2312.6673 | E109: =C109/3250 -> 0.69086402 | F109: =(D109-C109)/E109 -> 97.5 | I109: =E109*50/C109 -> 0.015384615
B110: =B109+7 -> 43639 | C110: =D109+G109-H109 -> 2312.6673 | D110: =C110+(C110*0.03) -> 2382.0473 | E110: =C110/3250 -> 0.71158994 | F110: =(D110-C110)/E110 -> 97.5 | I110: =E110*50/C110 -> 0.015384615
B111: =B110+7 -> 43646 | C111: =D110+G110-H110 -> 2382.0473 | D111: =C111+(C111*0.03) -> 2453.5087 | E111: =C111/3250 -> 0.73293764 | F111: =(D111-C111)/E111 -> 97.5 | I111: =E111*50/C111 -> 0.015384615
B112: =B111+7 -> 43653 | C112: =D111+G111-H111 -> 2453.5087 | D112: =C112+(C112*0.03) -> 2527.114 | E112: =C112/3250 -> 0.75492577 | F112: =(D112-C112)/E112 -> 97.5 | I112: =E112*50/C112 -> 0.015384615
A114: 23 | B114: =B112+7 -> 43660 | C114: =D112+G112-H112 -> 2527.114 | D114: =C114+(C114*0.03) -> 2602.9274 | E114: =C114/3250 -> 0.77757354 | F114: =(D114-C114)/E114 -> 97.5 | I114: =E114*50/C114 -> 0.015384615
B115: =B114+7 -> 43667 | C115: =D114+G114-H114 -> 2602.9274 | D115: =C115+(C115*0.03) -> 2681.0152 | E115: =C115/3250 -> 0.80090074 | F115: =(D115-C115)/E115 -> 97.5 | I115: =E115*50/C115 -> 0.015384615
B116: =B115+7 -> 43674 | C116: =D115+G115-H115 -> 2681.0152 | D116: =C116+(C116*0.03) -> 2761.4457 | E116: =C116/3250 -> 0.82492777 | F116: =(D116-C116)/E116 -> 97.5 | I116: =E116*50/C116 -> 0.015384615
B117: =B116+7 -> 43681 | C117: =D116+G116-H116 -> 2761.4457 | D117: =C117+(C117*0.03) -> 2844.2891 | E117: =C117/3250 -> 0.8496756 | F117: =(D117-C117)/E117 -> 97.5 | I117: =E117*50/C117 -> 0.015384615
A119: 24 | B119: =B117+7 -> 43688 | C119: =D117+G117-H117 -> 2844.2891 | D119: =C119+(C119*0.03) -> 2929.6177 | E119: =C119/3250 -> 0.87516587 | F119: =(D119-C119)/E119 -> 97.5 | I119: =E119*50/C119 -> 0.015384615
B120: =B119+7 -> 43695 | C120: =D119+G119-H119 -> 2929.6177 | D120: =C120+(C120*0.03) -> 3017.5063 | E120: =C120/3250 -> 0.90142084 | F120: =(D120-C120)/E120 -> 97.5 | I120: =E120*50/C120 -> 0.015384615
B121: =B120+7 -> 43702 | C121: =D120+G120-H120 -> 3017.5063 | D121: =C121+(C121*0.03) -> 3108.0315 | E121: =C121/3250 -> 0.92846347 | F121: =(D121-C121)/E121 -> 97.5 | I121: =E121*50/C121 -> 0.015384615
B122: =B121+7 -> 43709 | C122: =D121+G121-H121 -> 3108.0315 | D122: =C122+(C122*0.03) -> 3201.2724 | E122: =C122/3250 -> 0.95631737 | F122: =(D122-C122)/E122 -> 97.5 | H122: =(D122-C109)*0.35 -> 334.58752 | I122: =E122*50/C122 -> 0.015384615 | K122: Alligator Fund Management takes 35% of Winnings
A124: 25 | B124: =B122+7 -> 43716 | C124: =D122+G122-H122 -> 2866.6849 | D124: =C124+(C124*0.03) -> 2952.6854 | E124: =C124/3250 -> 0.88205689 | F124: =(D124-C124)/E124 -> 97.5 | I124: =E124*50/C124 -> 0.015384615
B125: =B124+7 -> 43723 | C125: =D124+G124-H124 -> 2952.6854 | D125: =C125+(C125*0.03) -> 3041.266 | E125: =C125/3250 -> 0.90851859 | F125: =(D125-C125)/E125 -> 97.5 | I125: =E125*50/C125 -> 0.015384615
...

Sheet RichS_Perfomance
A2: Month | B2: Week | C2: Account | D2: Projected Return | E2: £ | F2: No | G2: Account | H2: Account | I2: MAX Risk | J2: Actual
B3: Commencing | C3: Equity | D3: Equity | E3: Per Pip | F3: Of Pips | G3: Top UP | H3: W/drawal | I3: % Per Trade | J3: % ROI
A4: 1 | B4: 42960 | C4: 1000 | D4: =C4+(C4*-0.02) -> 980 | E4: =C4/3250 -> 0.30769231 | F4: =(D4-C4)/E4 -> -65 | I4: =E4*50/C4 -> 0.015384615 | J4: =(D4-C4)/C4 -> -0.02
B5: =B4+7 -> 42967 | C5: =D4+G4-H4 -> 980 | D5: =C5+(C5*0.0596) -> 1038.408 | E5: =C5/3250 -> 0.30153846 | F5: =(D5-C5)/E5 -> 193.7 | I5: =E5*50/C5 -> 0.015384615 | J5: =(D5-C4)/C4 -> 0.038408
B6: =B5+7 -> 42974 | C6: =D5+G5-H5 -> 1038.408 | D6: =C6+(C6*-0.0884) -> 946.61273 | E6: =C6/3250 -> 0.31951015 | F6: =(D6-C6)/E6 -> -287.3 | I6: =E6*50/C6 -> 0.015384615 | J6: =(D6-C4)/C4 -> -0.053387267
B7: =B6+7 -> 42981 | C7: =D6+G6-H6 -> 946.61273 | D7: =C7+(C7*-0.0583) -> 891.42521 | E7: =C7/5500 -> 0.17211141 | F7: =(D7-C7)/E7 -> -320.65 | I7: =E7*50/C7 -> 0.0090909091 | J7: =(D7-C4)/C4 -> -0.10857479
A9: 2 | B9: =B7+7 -> 42988 | C9: =D7+G7-H7 -> 891.42521 | D9: =C9+(C9*0.1119) -> 991.17569 | E9: =C9/5500 -> 0.16207731 | F9: =(D9-C9)/E9 -> 615.45 | I9: =E9*50/C9 -> 0.0090909091 | J9: =(D9-C4)/C4 -> -0.0088243085
B10: =B9+7 -> 42995 | C10: =D9+G9-H9 -> 991.17569 | D10: =C10+(C10*-0.073) -> 918.81987 | E10: =C10/5500 -> 0.18021376 | F10: =(D10-C10)/E10 -> -401.5 | I10: =E10*50/C10 -> 0.0090909091 | J10: =(D10-C4)/C4 -> -0.081180134
B11: =B10+7 -> 43002 | C11: =D10+G10-H10 -> 918.81987 | D11: =C11+(C11*-0.0103) -> 909.35602 | E11: =C11/5500 -> 0.16705816 | F11: =(D11-C11)/E11 -> -56.65 | I11: =E11*50/C11 -> 0.0090909091 | J11: =(D11-C4)/C4 -> -0.090643979
B12: =B11+7 -> 43009 | C12: =D11+G11-H11 -> 909.35602 | D12: =C12+(C12*-0.0544) -> 859.88705 | E12: =C12/5500 -> 0.16533746 | F12: =(D12-C12)/E12 -> -299.2 | I12: =E12*50/C12 -> 0.0090909091 | J12: =(D12-C4)/C4 -> -0.14011295
A14: 3 | B14: =B12+7 -> 43016 | C14: =D12+G12-H12 -> 859.88705 | D14: =C14+(C14*-0.0579) -> 810.09959 | E14: =C14/3000 -> 0.28662902 | F14: =(D14-C14)/E14 -> -173.7 | I14: =E14*50/C14 -> 0.016666667 | J14: =(D14-C4)/C4 -> -0.18990041
B15: =B14+7 -> 43023 | C15: =D14+G14-H14 -> 810.09959 | D15: =C15+(C15*0.0774) -> 872.8013 | E15: =C15/3000 -> 0.2700332 | F15: =(D15-C15)/E15 -> 232.2 | I15: =E15*50/C15 -> 0.016666667 | J15: =(D15-C4)/C4 -> -0.1271987
B16: =B15+7 -> 43030 | C16: =D15+G15-H15 -> 872.8013 | D16: =C16+(C16*0.0717) -> 935.38116 | E16: =C16/3000 -> 0.29093377 | F16: =(D16-C16)/E16 -> 215.1 | I16: =E16*50/C16 -> 0.016666667 | J16: =(D16-C4)/C4 -> -0.064618845
B17: =B16+7 -> 43037 | C17: =D16+G16-H16 -> 935.38116 | D17: =C17+(C17*0.09) -> 1019.5655 | E17: =C17/3000 -> 0.31179372 | F17: =(D17-C17)/E17 -> 270 | H17: =(D17-C4)*0.3 -> 5.8696378 | I17: =E17*50/C17 -> 0.016666667 | J17: =(C19-C4)/C4 -> 0.013695822 | K17: Alligator Fund Management takes 30% of Winnings
A19: 4 | B19: =B17+7 -> 43044 | C19: =D17+G17-H17 -> 1013.6958 | D19: =C19+(C19*-0.0353) -> 977.91236 | E19: =C19/3000 -> 0.33789861 | F19: =(D19-C19)/E19 -> -105.9 | I19: =E19*50/C19 -> 0.016666667 | J19: =(D19-C4)/C4 -> -0.022087641
B20: =B19+7 -> 43051 | C20: =D19+G19-H19 -> 977.91236 | D20: =C20+(C20*-0.1562) -> 825.16245 | E20: =C20/3000 -> 0.32597079 | F20: =(D20-C20)/E20 -> -468.6 | I20: =E20*50/C20 -> 0.016666667 | J20: =(D20-C4)/C4 -> -0.17483755
B21: =B20+7 -> 43058 | C21: =D20+G20-H20 -> 825.16245 | D21: =C21+(C21*0.081) -> 892.00061 | E21: =C21/2500 -> 0.33006498 | F21: =(D21-C21)/E21 -> 202.5 | I21: =E21*50/C21 -> 0.02 | J21: =(D21-C4)/C4 -> -0.10799939
B22: =B21+7 -> 43065 | C22: =D21+G21-H21 -> 892.00061 | D22: =C22+(C22*-0.0343) -> 861.40499 | E22: =C22/2500 -> 0.35680024 | F22: =(D22-C22)/E22 -> -85.75 | I22: =E22*50/C22 -> 0.02 | J22: =(D22-C4)/C4 -> -0.13859501
A24: 5 | B24: =B22+7 -> 43072 | C24: =D22+G22-H22 -> 861.40499 | D24: =C24+(C24*0.10018) -> 947.70054 | E24: =C24/3250 -> 0.26504769 | F24: =(D24-C24)/E24 -> 325.585 | I24: =E24*50/C24 -> 0.015384615 | J24: =(D24-C4)/C4 -> -0.052299462
B25: =B24+7 -> 43079 | C25: =D24+G24-H24 -> 947.70054 | D25: =C25+(C25*0.0214) -> 967.98133 | E25: =C25/3250 -> 0.29160017 | F25: =(D25-C25)/E25 -> 69.55 | I25: =E25*50/C25 -> 0.015384615 | J25: =(D25-C4)/C4 -> -0.032018671
B26: =B25+7 -> 43086 | C26: =D25+G25-H25 -> 967.98133 | D26: =C26+(C26*0.0087) -> 976.40277 | E26: =C26/3250 -> 0.29784041 | F26: =(D26-C26)/E26 -> 28.275 | I26: =E26*50/C26 -> 0.015384615 | J26: =(D26-C4)/C4 -> -0.023597233
B27: =B26+7 -> 43093 | C27: =D26+G26-H26 -> 976.40277 | D27: =C27+(C27*0) -> 976.40277 | E27: =C27/3250 -> 0.30043162 | F27: =(D27-C27)/E27 -> 0 | I27: =E27*50/C27 -> 0.015384615 | J27: =(D27-C4)/C4 -> -0.023597233
A29: 6 | B29: =B27+7 -> 43100 | C29: =D27+G27-H27 -> 976.40277 | D29: =C29+(C29*0) -> 976.40277 | E29: =C29/3250 -> 0.30043162 | F29: =(D29-C29)/E29 -> 0 | I29: =E29*50/C29 -> 0.015384615 | J29: =(D29-C4)/C4 -> -0.023597233
B30: =B29+7 -> 43107 | C30: =D29+G29-H29 -> 976.40277 | D30: =C30+(C30*0.03) -> 1005.6948 | E30: =C30/3250 -> 0.30043162 | F30: =(D30-C30)/E30 -> 97.5 | I30: =E30*50/C30 -> 0.015384615
B31: =B30+7 -> 43114 | C31: =D30+G30-H30 -> 1005.6948 | D31: =C31+(C31*0.03) -> 1035.8657 | E31: =C31/3250 -> 0.30944457 | F31: =(D31-C31)/E31 -> 97.5 | I31: =E31*50/C31 -> 0.015384615
B32: =B31+7 -> 43121 | C32: =D31+G31-H31 -> 1035.8657 | D32: =C32+(C32*0.03) -> 1066.9417 | E32: =C32/3250 -> 0.31872791 | F32: =(D32-C32)/E32 -> 97.5 | H32: =(D32-C19)*0.35 -> 18.636046 | I32: =E32*50/C32 -> 0.015384615 | K32: Alligator Fund Management takes 35% of Winnings
A34: 7 | B34: =B32+7 -> 43128 | C34: =D32+G32-H32 -> 1048.3056 | D34: =C34+(C34*0.03) -> 1079.7548 | E34: =C34/3250 -> 0.32255558 | F34: =(D34-C34)/E34 -> 97.5 | I34: =E34*50/C34 -> 0.015384615
B35: =B34+7 -> 43135 | C35: =D34+G34-H34 -> 1079.7548 | D35: =C35+(C35*0.03) -> 1112.1474 | E35: =C35/3250 -> 0.33223224 | F35: =(D35-C35)/E35 -> 97.5 | I35: =E35*50/C35 -> 0.015384615
B36: =B35+7 -> 43142 | C36: =D35+G35-H35 -> 1112.1474 | D36: =C36+(C36*0.03) -> 1145.5119 | E36: =C36/3250 -> 0.34219921 | F36: =(D36-C36)/E36 -> 97.5 | I36: =E36*50/C36 -> 0.015384615
B37: =B36+7 -> 43149 | C37: =D36+G36-H36 -> 1145.5119 | D37: =C37+(C37*0.03) -> 1179.8772 | E37: =C37/3250 -> 0.35246519 | F37: =(D37-C37)/E37 -> 97.5 | I37: =E37*50/C37 -> 0.015384615
A39: 8 | B39: =B37+7 -> 43156 | C39: =D37+G37-H37 -> 1179.8772 | D39: =C39+(C39*0.03) -> 1215.2735 | E39: =C39/3250 -> 0.36303914 | F39: =(D39-C39)/E39 -> 97.5 | I39: =E39*50/C39 -> 0.015384615
B40: =B39+7 -> 43163 | C40: =D39+G39-H39 -> 1215.2735 | D40: =C40+(C40*0.03) -> 1251.7317 | E40: =C40/3250 -> 0.37393032 | F40: =(D40-C40)/E40 -> 97.5 | I40: =E40*50/C40 -> 0.015384615
B41: =B40+7 -> 43170 | C41: =D40+G40-H40 -> 1251.7317 | D41: =C41+(C41*0.03) -> 1289.2837 | E41: =C41/3250 -> 0.38514823 | F41: =(D41-C41)/E41 -> 97.5 | I41: =E41*50/C41 -> 0.015384615
B42: =B41+7 -> 43177 | C42: =D41+G41-H41 -> 1289.2837 | D42: =C42+(C42*0.03) -> 1327.9622 | E42: =C42/3250 -> 0.39670267 | F42: =(D42-C42)/E42 -> 97.5 | I42: =E42*50/C42 -> 0.015384615
A44: 9 | B44: =B42+7 -> 43184 | C44: =D42+G42-H42 -> 1327.9622 | D44: =C44+(C44*0.03) -> 1367.8011 | E44: =C44/3250 -> 0.40860375 | F44: =(D44-C44)/E44 -> 97.5 | I44: =E44*50/C44 -> 0.015384615
B45: =B44+7 -> 43191 | C45: =D44+G44-H44 -> 1367.8011 | D45: =C45+(C45*0.03) -> 1408.8351 | E45: =C45/3250 -> 0.42086187 | F45: =(D45-C45)/E45 -> 97.5 | I45: =E45*50/C45 -> 0.015384615
B46: =B45+7 -> 43198 | C46: =D45+G45-H45 -> 1408.8351 | D46: =C46+(C46*0.03) -> 1451.1001 | E46: =C46/3250 -> 0.43348772 | F46: =(D46-C46)/E46 -> 97.5 | I46: =E46*50/C46 -> 0.015384615
B47: =B46+7 -> 43205 | C47: =D46+G46-H46 -> 1451.1001 | D47: =C47+(C47*0.03) -> 1494.6332 | E47: =C47/3250 -> 0.44649235 | F47: =(D47-C47)/E47 -> 97.5 | H47: =(D47-C34)*0.35 -> 156.21464 | I47: =E47*50/C47 -> 0.015384615 | K47: Alligator Fund Management takes 35% of Winnings
A49: 10 | B49: =B47+7 -> 43212 | C49: =D47+G47-H47 -> 1338.4185 | D49: =C49+(C49*0.03) -> 1378.5711 | E49: =C49/3250 -> 0.41182108 | F49: =(D49-C49)/E49 -> 97.5 | I49: =E49*50/C49 -> 0.015384615
B50: =B49+7 -> 43219 | C50: =D49+G49-H49 -> 1378.5711 | D50: =C50+(C50*0.03) -> 1419.9282 | E50: =C50/3250 -> 0.42417571 | F50: =(D50-C50)/E50 -> 97.5 | I50: =E50*50/C50 -> 0.015384615
B51: =B50+7 -> 43226 | C51: =D50+G50-H50 -> 1419.9282 | D51: =C51+(C51*0.03) -> 1462.526 | E51: =C51/3250 -> 0.43690099 | F51: =(D51-C51)/E51 -> 97.5 | I51: =E51*50/C51 -> 0.015384615
B52: =B51+7 -> 43233 | C52: =D51+G51-H51 -> 1462.526 | D52: =C52+(C52*0.03) -> 1506.4018 | E52: =C52/3250 -> 0.45000802 | F52: =(D52-C52)/E52 -> 97.5 | I52: =E52*50/C52 -> 0.015384615
A54: 11 | B54: =B52+7 -> 43240 | C54: =D52+G52-H52 -> 1506.4018 | D54: =C54+(C54*0.03) -> 1551.5939 | E54: =C54/3250 -> 0.46350826 | F54: =(D54-C54)/E54 -> 97.5 | I54: =E54*50/C54 -> 0.015384615
B55: =B54+7 -> 43247 | C55: =D54+G54-H54 -> 1551.5939 | D55: =C55+(C55*0.03) -> 1598.1417 | E55: =C55/3250 -> 0.4774135 | F55: =(D55-C55)/E55 -> 97.5 | I55: =E55*50/C55 -> 0.015384615
B56: =B55+7 -> 43254 | C56: =D55+G55-H55 -> 1598.1417 | D56: =C56+(C56*0.03) -> 1646.086 | E56: =C56/3250 -> 0.49173591 | F56: =(D56-C56)/E56 -> 97.5 | I56: =E56*50/C56 -> 0.015384615
B57: =B56+7 -> 43261 | C57: =D56+G56-H56 -> 1646.086 | D57: =C57+(C57*0.03) -> 1695.4685 | E57: =C57/3250 -> 0.50648799 | F57: =(D57-C57)/E57 -> 97.5 | I57: =E57*50/C57 -> 0.015384615
A59: 12 | B59: =B57+7 -> 43268 | C59: =D57+G57-H57 -> 1695.4685 | D59: =C59+(C59*0.03) -> 1746.3326 | E59: =C59/3250 -> 0.52168263 | F59: =(D59-C59)/E59 -> 97.5 | I59: =E59*50/C59 -> 0.015384615
B60: =B59+7 -> 43275 | C60: =D59+G59-H59 -> 1746.3326 | D60: =C60+(C60*0.03) -> 1798.7226 | E60: =C60/3250 -> 0.5373331 | F60: =(D60-C60)/E60 -> 97.5 | I60: =E60*50/C60 -> 0.015384615
B61: =B60+7 -> 43282 | C61: =D60+G60-H60 -> 1798.7226 | D61: =C61+(C61*0.03) -> 1852.6842 | E61: =C61/3250 -> 0.5534531 | F61: =(D61-C61)/E61 -> 97.5 | I61: =E61*50/C61 -> 0.015384615
B62: =B61+7 -> 43289 | C62: =D61+G61-H61 -> 1852.6842 | D62: =C62+(C62*0.03) -> 1908.2648 | E62: =C62/3250 -> 0.57005669 | F62: =(D62-C62)/E62 -> 97.5 | H62: =(D62-C49)*0.35 -> 199.44619 | I62: =E62*50/C62 -> 0.015384615 | K62: Alligator Fund Management takes 35% of Winnings
A64: 13 | B64: =B62+7 -> 43296 | C64: =D62+G62-H62 -> 1708.8186 | D64: =C64+(C64*0.03) -> 1760.0831 | E64: =C64/3250 -> 0.52579033 | F64: =(D64-C64)/E64 -> 97.5 | I64: =E64*50/C64 -> 0.015384615
B65: =B64+7 -> 43303 | C65: =D64+G64-H64 -> 1760.0831 | D65: =C65+(C65*0.03) -> 1812.8856 | E65: =C65/3250 -> 0.54156404 | F65: =(D65-C65)/E65 -> 97.5 | I65: =E65*50/C65 -> 0.015384615
B66: =B65+7 -> 43310 | C66: =D65+G65-H65 -> 1812.8856 | D66: =C66+(C66*0.03) -> 1867.2722 | E66: =C66/3250 -> 0.55781096 | F66: =(D66-C66)/E66 -> 97.5 | I66: =E66*50/C66 -> 0.015384615
B67: =B66+7 -> 43317 | C67: =D66+G66-H66 -> 1867.2722 | D67: =C67+(C67*0.03) -> 1923.2904 | E67: =C67/3250 -> 0.57454529 | F67: =(D67-C67)/E67 -> 97.5 | I67: =E67*50/C67 -> 0.015384615
A69: 14 | B69: =B67+7 -> 43324 | C69: =D67+G67-H67 -> 1923.2904 | D69: =C69+(C69*0.03) -> 1980.9891 | E69: =C69/3250 -> 0.59178165 | F69: =(D69-C69)/E69 -> 97.5 | I69: =E69*50/C69 -> 0.015384615
B70: =B69+7 -> 43331 | C70: =D69+G69-H69 -> 1980.9891 | D70: =C70+(C70*0.03) -> 2040.4188 | E70: =C70/3250 -> 0.6095351 | F70: =(D70-C70)/E70 -> 97.5 | I70: =E70*50/C70 -> 0.015384615
B71: =B70+7 -> 43338 | C71: =D70+G70-H70 -> 2040.4188 | D71: =C71+(C71*0.03) -> 2101.6313 | E71: =C71/3250 -> 0.62782115 | F71: =(D71-C71)/E71 -> 97.5 | I71: =E71*50/C71 -> 0.015384615
B72: =B71+7 -> 43345 | C72: =D71+G71-H71 -> 2101.6313 | D72: =C72+(C72*0.03) -> 2164.6803 | E72: =C72/3250 -> 0.64665579 | F72: =(D72-C72)/E72 -> 97.5 | I72: =E72*50/C72 -> 0.015384615
A74: 15 | B74: =B72+7 -> 43352 | C74: =D72+G72-H72 -> 2164.6803 | D74: =C74+(C74*0.03) -> 2229.6207 | E74: =C74/3250 -> 0.66605546 | F74: =(D74-C74)/E74 -> 97.5 | I74: =E74*50/C74 -> 0.015384615
B75: =B74+7 -> 43359 | C75: =D74+G74-H74 -> 2229.6207 | D75: =C75+(C75*0.03) -> 2296.5093 | E75: =C75/3250 -> 0.68603713 | F75: =(D75-C75)/E75 -> 97.5 | I75: =E75*50/C75 -> 0.015384615
B76: =B75+7 -> 43366 | C76: =D75+G75-H75 -> 2296.5093 | D76: =C76+(C76*0.03) -> 2365.4046 | E76: =C76/3250 -> 0.70661824 | F76: =(D76-C76)/E76 -> 97.5 | I76: =E76*50/C76 -> 0.015384615
B77: =B76+7 -> 43373 | C77: =D76+G76-H76 -> 2365.4046 | D77: =C77+(C77*0.03) -> 2436.3667 | E77: =C77/3250 -> 0.72781679 | F77: =(D77-C77)/E77 -> 97.5 | H77: =(D77-C64)*0.35 -> 254.64184 | I77: =E77*50/C77 -> 0.015384615 | K77: Alligator Fund Management takes 35% of Winnings
A79: 16 | B79: =B77+7 -> 43380 | C79: =D77+G77-H77 -> 2181.7249 | D79: =C79+(C79*0.03) -> 2247.1766 | E79: =C79/3250 -> 0.67129996 | F79: =(D79-C79)/E79 -> 97.5 | I79: =E79*50/C79 -> 0.015384615
B80: =B79+7 -> 43387 | C80: =D79+G79-H79 -> 2247.1766 | D80: =C80+(C80*0.03) -> 2314.5919 | E80: =C80/3250 -> 0.69143895 | F80: =(D80-C80)/E80 -> 97.5 | I80: =E80*50/C80 -> 0.015384615
B81: =B80+7 -> 43394 | C81: =D80+G80-H80 -> 2314.5919 | D81: =C81+(C81*0.03) -> 2384.0297 | E81: =C81/3250 -> 0.71218212 | F81: =(D81-C81)/E81 -> 97.5 | I81: =E81*50/C81 -> 0.015384615
B82: =B81+7 -> 43401 | C82: =D81+G81-H81 -> 2384.0297 | D82: =C82+(C82*0.03) -> 2455.5505 | E82: =C82/3250 -> 0.73354759 | F82: =(D82-C82)/E82 -> 97.5 | I82: =E82*50/C82 -> 0.015384615
A84: 17 | B84: =B82+7 -> 43408 | C84: =D82+G82-H82 -> 2455.5505 | D84: =C84+(C84*0.03) -> 2529.2171 | E84: =C84/3250 -> 0.75555401 | F84: =(D84-C84)/E84 -> 97.5 | I84: =E84*50/C84 -> 0.015384615
B85: =B84+7 -> 43415 | C85: =D84+G84-H84 -> 2529.2171 | D85: =C85+(C85*0.03) -> 2605.0936 | E85: =C85/3250 -> 0.77822063 | F85: =(D85-C85)/E85 -> 97.5 | I85: =E85*50/C85 -> 0.015384615
B86: =B85+7 -> 43422 | C86: =D85+G85-H85 -> 2605.0936 | D86: =C86+(C86*0.03) -> 2683.2464 | E86: =C86/3250 -> 0.80156725 | F86: =(D86-C86)/E86 -> 97.5 | I86: =E86*50/C86 -> 0.015384615
B87: =B86+7 -> 43429 | C87: =D86+G86-H86 -> 2683.2464 | D87: =C87+(C87*0.03) -> 2763.7438 | E87: =C87/3250 -> 0.82561427 | F87: =(D87-C87)/E87 -> 97.5 | I87: =E87*50/C87 -> 0.015384615
A89: 18 | B89: =B87+7 -> 43436 | C89: =D87+G87-H87 -> 2763.7438 | D89: =C89+(C89*0.03) -> 2846.6561 | E89: =C89/3250 -> 0.8503827 | F89: =(D89-C89)/E89 -> 97.5 | I89: =E89*50/C89 -> 0.015384615
B90: =B89+7 -> 43443 | C90: =D89+G89-H89 -> 2846.6561 | D90: =C90+(C90*0.03) -> 2932.0558 | E90: =C90/3250 -> 0.87589418 | F90: =(D90-C90)/E90 -> 97.5 | I90: =E90*50/C90 -> 0.015384615
B91: =B90+7 -> 43450 | C91: =D90+G90-H90 -> 2932.0558 | D91: =C91+(C91*0.03) -> 3020.0174 | E91: =C91/3250 -> 0.90217101 | F91: =(D91-C91)/E91 -> 97.5 | I91: =E91*50/C91 -> 0.015384615
B92: =B91+7 -> 43457 | C92: =D91+G91-H91 -> 3020.0174 | D92: =C92+(C92*0.03) -> 3110.618 | E92: =C92/3250 -> 0.92923614 | F92: =(D92-C92)/E92 -> 97.5 | H92: =(D92-C79)*0.35 -> 325.11259 | I92: =E92*50/C92 -> 0.015384615 | K92: Alligator Fund Management takes 35% of Winnings
A94: 19 | B94: =B92+7 -> 43464 | C94: =D92+G92-H92 -> 2785.5054 | D94: =C94+(C94*0.03) -> 2869.0705 | E94: =C94/3250 -> 0.85707858 | F94: =(D94-C94)/E94 -> 97.5 | I94: =E94*50/C94 -> 0.015384615
B95: =B94+7 -> 43471 | C95: =D94+G94-H94 -> 2869.0705 | D95: =C95+(C95*0.03) -> 2955.1427 | E95: =C95/3250 -> 0.88279093 | F95: =(D95-C95)/E95 -> 97.5 | I95: =E95*50/C95 -> 0.015384615
B96: =B95+7 -> 43478 | C96: =D95+G95-H95 -> 2955.1427 | D96: =C96+(C96*0.03) -> 3043.7969 | E96: =C96/3250 -> 0.90927466 | F96: =(D96-C96)/E96 -> 97.5 | I96: =E96*50/C96 -> 0.015384615
B97: =B96+7 -> 43485 | C97: =D96+G96-H96 -> 3043.7969 | D97: =C97+(C97*0.03) -> 3135.1108 | E97: =C97/3250 -> 0.9365529 | F97: =(D97-C97)/E97 -> 97.5 | I97: =E97*50/C97 -> 0.015384615
A99: 20 | B99: =B97+7 -> 43492 | C99: =D97+G97-H97 -> 3135.1108 | D99: =C99+(C99*0.03) -> 3229.1642 | E99: =C99/3250 -> 0.96464949 | F99: =(D99-C99)/E99 -> 97.5 | I99: =E99*50/C99 -> 0.015384615
B100: =B99+7 -> 43499 | C100: =D99+G99-H99 -> 3229.1642 | D100: =C100+(C100*0.03) -> 3326.0391 | E100: =C100/3250 -> 0.99358897 | F100: =(D100-C100)/E100 -> 97.5 | I100: =E100*50/C100 -> 0.015384615
B101: =B100+7 -> 43506 | C101: =D100+G100-H100 -> 3326.0391 | D101: =C101+(C101*0.03) -> 3425.8203 | E101: =C101/3250 -> 1.0233966 | F101: =(D101-C101)/E101 -> 97.5 | I101: =E101*50/C101 -> 0.015384615
B102: =B101+7 -> 43513 | C102: =D101+G101-H101 -> 3425.8203 | D102: =C102+(C102*0.03) -> 3528.5949 | E102: =C102/3250 -> 1.0540985 | F102: =(D102-C102)/E102 -> 97.5 | I102: =E102*50/C102 -> 0.015384615
A104: 21 | B104: =B102+7 -> 43520 | C104: =D102+G102-H102 -> 3528.5949 | D104: =C104+(C104*0.03) -> 3634.4527 | E104: =C104/3250 -> 1.0857215 | F104: =(D104-C104)/E104 -> 97.5 | I104: =E104*50/C104 -> 0.015384615
B105: =B104+7 -> 43527 | C105: =D104+G104-H104 -> 3634.4527 | D105: =C105+(C105*0.03) -> 3743.4863 | E105: =C105/3250 -> 1.1182931 | F105: =(D105-C105)/E105 -> 97.5 | I105: =E105*50/C105 -> 0.015384615
B106: =B105+7 -> 43534 | C106: =D105+G105-H105 -> 3743.4863 | D106: =C106+(C106*0.03) -> 3855.7909 | E106: =C106/3250 -> 1.1518419 | F106: =(D106-C106)/E106 -> 97.5 | I106: =E106*50/C106 -> 0.015384615
B107: =B106+7 -> 43541 | C107: =D106+G106-H106 -> 3855.7909 | D107: =C107+(C107*0.03) -> 3971.4646 | E107: =C107/3250 -> 1.1863972 | F107: =(D107-C107)/E107 -> 97.5 | H107: =(D107-C94)*0.35 -> 415.08573 | I107: =E107*50/C107 -> 0.015384615 | K107: Alligator Fund Management takes 35% of Winnings
A109: 22 | B109: =B107+7 -> 43548 | C109: =D107+G107-H107 -> 3556.3789 | D109: =C109+(C109*0.03) -> 3663.0702 | E109: =C109/3250 -> 1.0942704 | F109: =(D109-C109)/E109 -> 97.5 | I109: =E109*50/C109 -> 0.015384615
B110: =B109+7 -> 43555 | C110: =D109+G109-H109 -> 3663.0702 | D110: =C110+(C110*0.03) -> 3772.9624 | E110: =C110/3250 -> 1.1270985 | F110: =(D110-C110)/E110 -> 97.5 | I110: =E110*50/C110 -> 0.015384615
B111: =B110+7 -> 43562 | C111: =D110+G110-H110 -> 3772.9624 | D111: =C111+(C111*0.03) -> 3886.1512 | E111: =C111/3250 -> 1.1609115 | F111: =(D111-C111)/E111 -> 97.5 | I111: =E111*50/C111 -> 0.015384615
B112: =B111+7 -> 43569 | C112: =D111+G111-H111 -> 3886.1512 | D112: =C112+(C112*0.03) -> 4002.7358 | E112: =C112/3250 -> 1.1957388 | F112: =(D112-C112)/E112 -> 97.5 | I112: =E112*50/C112 -> 0.015384615
A114: 23 | B114: =B112+7 -> 43576 | C114: =D112+G112-H112 -> 4002.7358 | D114: =C114+(C114*0.03) -> 4122.8178 | E114: =C114/3250 -> 1.231611 | F114: =(D114-C114)/E114 -> 97.5 | I114: =E114*50/C114 -> 0.015384615
B115: =B114+7 -> 43583 | C115: =D114+G114-H114 -> 4122.8178 | D115: =C115+(C115*0.03) -> 4246.5024 | E115: =C115/3250 -> 1.2685593 | F115: =(D115-C115)/E115 -> 97.5 | I115: =E115*50/C115 -> 0.015384615
B116: =B115+7 -> 43590 | C116: =D115+G115-H115 -> 4246.5024 | D116: =C116+(C116*0.03) -> 4373.8974 | E116: =C116/3250 -> 1.3066161 | F116: =(D116-C116)/E116 -> 97.5 | I116: =E116*50/C116 -> 0.015384615
B117: =B116+7 -> 43597 | C117: =D116+G116-H116 -> 4373.8974 | D117: =C117+(C117*0.03) -> 4505.1144 | E117: =C117/3250 -> 1.3458146 | F117: =(D117-C117)/E117 -> 97.5 | I117: =E117*50/C117 -> 0.015384615
A119: 24 | B119: =B117+7 -> 43604 | C119: =D117+G117-H117 -> 4505.1144 | D119: =C119+(C119*0.03) -> 4640.2678 | E119: =C119/3250 -> 1.386189 | F119: =(D119-C119)/E119 -> 97.5 | I119: =E119*50/C119 -> 0.015384615
B120: =B119+7 -> 43611 | C120: =D119+G119-H119 -> 4640.2678 | D120: =C120+(C120*0.03) -> 4779.4758 | E120: =C120/3250 -> 1.4277747 | F120: =(D120-C120)/E120 -> 97.5 | I120: =E120*50/C120 -> 0.015384615
B121: =B120+7 -> 43618 | C121: =D120+G120-H120 -> 4779.4758 | D121: =C121+(C121*0.03) -> 4922.8601 | E121: =C121/3250 -> 1.4706079 | F121: =(D121-C121)/E121 -> 97.5 | I121: =E121*50/C121 -> 0.015384615
B122: =B121+7 -> 43625 | C122: =D121+G121-H121 -> 4922.8601 | D122: =C122+(C122*0.03) -> 5070.5459 | E122: =C122/3250 -> 1.5147262 | F122: =(D122-C122)/E122 -> 97.5 | H122: =(D122-C109)*0.35 -> 529.95846 | I122: =E122*50/C122 -> 0.015384615 | K122: Alligator Fund Management takes 35% of Winnings
A124: 25 | B124: =B122+7 -> 43632 | C124: =D122+G122-H122 -> 4540.5874 | D124: =C124+(C124*0.03) -> 4676.8051 | E124: =C124/3250 -> 1.3971038 | F124: =(D124-C124)/E124 -> 97.5 | I124: =E124*50/C124 -> 0.015384615
B125: =B124+7 -> 43639 | C125: =D124+G124-H124 -> 4676.8051 | D125: =C125+(C125*0.03) -> 4817.1092 | E125: =C125/3250 -> 1.4390169 | F125: =(D125-C125)/E125 -> 97.5 | I125: =E125*50/C125 -> 0.015384615
...

Sheet BrianM_Perfomance
A2: Month | B2: Week | C2: Account | D2: Projected Return | E2: £ | F2: No | G2: Account | H2: Account | I2: MAX Risk | J2: Actual
B3: Commencing | C3: Equity | D3: Equity | E3: Per Pip | F3: Of Pips | G3: Top UP | H3: W/drawal | I3: % Per Trade | J3: % ROI
A4: 1 | B4: 42946 | C4: 1492 | D4: =C4+(C4*-0.0045) -> 1485.286 | E4: =C4/3250 -> 0.45907692 | F4: =(D4-C4)/E4 -> -14.625 | I4: =E4*50/C4 -> 0.015384615 | J4: =(D4-C4)/C4 -> -0.0045
B5: =B4+7 -> 42953 | C5: =D4+G4-H4 -> 1485.286 | D5: =C5+(C5*-0.0326) -> 1436.8657 | E5: =C5/3250 -> 0.45701108 | F5: =(D5-C5)/E5 -> -105.95 | I5: =E5*50/C5 -> 0.015384615 | J5: =(D5-C4)/C4 -> -0.0369533
B6: =B5+7 -> 42960 | C6: =D5+G5-H5 -> 1436.8657 | D6: =C6+(C6*-0.02) -> 1408.1284 | E6: =C6/3250 -> 0.44211252 | F6: =(D6-C6)/E6 -> -65 | I6: =E6*50/C6 -> 0.015384615 | J6: =(D6-C4)/C4 -> -0.056214234
B7: =B6+7 -> 42967 | C7: =D6+G6-H6 -> 1408.1284 | D7: =C7+(C7*0.0596) -> 1492.0528 | E7: =C7/3250 -> 0.43327027 | F7: =(D7-C7)/E7 -> 193.7 | I7: =E7*50/C7 -> 0.015384615 | J7: =(D7-C4)/C4 -> 3.5397654e-05
A9: 2 | B9: =B7+7 -> 42974 | C9: =D7+G7-H7 -> 1492.0528 | D9: =C9+(C9*-0.0884) -> 1360.1553 | E9: =C9/3250 -> 0.45909317 | F9: =(D9-C9)/E9 -> -287.3 | I9: =E9*50/C9 -> 0.015384615 | J9: =(D9-C4)/C4 -> -0.088367731
B10: =B9+7 -> 42981 | C10: =D9+G9-H9 -> 1360.1553 | D10: =C10+(C10*-0.0583) -> 1280.8583 | E10: =C10/5500 -> 0.24730097 | F10: =(D10-C10)/E10 -> -320.65 | I10: =E10*50/C10 -> 0.0090909091 | J10: =(D10-C4)/C4 -> -0.14151589
B11: =B10+7 -> 42988 | C11: =D10+G10-H10 -> 1280.8583 | D11: =C11+(C11*0.1119) -> 1424.1863 | E11: =C11/5500 -> 0.23288333 | F11: =(D11-C11)/E11 -> 615.45 | I11: =E11*50/C11 -> 0.0090909091 | J11: =(D11-C4)/C4 -> -0.045451521
B12: =B11+7 -> 42995 | C12: =D11+G11-H11 -> 1424.1863 | D12: =C12+(C12*-0.073) -> 1320.2207 | E12: =C12/5500 -> 0.25894297 | F12: =(D12-C12)/E12 -> -401.5 | I12: =E12*50/C12 -> 0.0090909091 | J12: =(D12-C4)/C4 -> -0.11513356
A14: 3 | B14: =B12+7 -> 43002 | C14: =D12+G12-H12 -> 1320.2207 | D14: =C14+(C14*-0.0103) -> 1306.6225 | E14: =C14/5500 -> 0.24004013 | F14: =(D14-C14)/E14 -> -56.65 | I14: =E14*50/C14 -> 0.0090909091 | J14: =(D14-C4)/C4 -> -0.12424768
B15: =B14+7 -> 43009 | C15: =D14+G14-H14 -> 1306.6225 | D15: =C15+(C15*-0.0544) -> 1235.5422 | E15: =C15/5500 -> 0.23756772 | F15: =(D15-C15)/E15 -> -299.2 | I15: =E15*50/C15 -> 0.0090909091 | J15: =(D15-C4)/C4 -> -0.17188861
B16: =B15+7 -> 43016 | C16: =D15+G15-H15 -> 1235.5422 | D16: =C16+(C16*-0.0579) -> 1164.0043 | E16: =C16/3000 -> 0.4118474 | F16: =(D16-C16)/E16 -> -173.7 | I16: =E16*50/C16 -> 0.016666667 | J16: =(D16-C4)/C4 -> -0.21983626
B17: =B16+7 -> 43023 | C17: =D16+G16-H16 -> 1164.0043 | D17: =C17+(C17*0.0774) -> 1254.0982 | E17: =C17/3000 -> 0.38800143 | F17: =(D17-C17)/E17 -> 232.2 | H17: =(D17-C4)*0.3 -> -71.37053 | I17: =E17*50/C17 -> 0.016666667 | J17: =(C19-C4)/C4 -> -0.11161611 | K17: Alligator Fund Management takes 30% of Winnings
A19: 4 | B19: =B17+7 -> 43030 | C19: =D17+G17-H17 -> 1325.4688 | D19: =C19+(C19*0.0717) -> 1420.5049 | E19: =C19/3000 -> 0.44182292 | F19: =(D19-C19)/E19 -> 215.1 | I19: =E19*50/C19 -> 0.016666667 | J19: =(D19-C4)/C4 -> -0.047918986
B20: =B19+7 -> 43037 | C20: =D19+G19-H19 -> 1420.5049 | D20: =C20+(C20*0.09) -> 1548.3503 | E20: =C20/3000 -> 0.47350162 | F20: =(D20-C20)/E20 -> 270 | I20: =E20*50/C20 -> 0.016666667 | J20: =(D20-C4)/C4 -> 0.037768306
B21: =B20+7 -> 43044 | C21: =D20+G20-H20 -> 1548.3503 | D21: =C21+(C21*-0.0353) -> 1493.6935 | E21: =C21/3000 -> 0.51611677 | F21: =(D21-C21)/E21 -> -105.9 | I21: =E21*50/C21 -> 0.016666667 | J21: =(D21-C4)/C4 -> 0.0011350845
B22: =B21+7 -> 43051 | C22: =D21+G21-H21 -> 1493.6935 | D22: =C22+(C22*-0.1562) -> 1260.3786 | E22: =C22/3000 -> 0.49789785 | F22: =(D22-C22)/E22 -> -468.6 | I22: =E22*50/C22 -> 0.016666667 | J22: =(D22-C4)/C4 -> -0.15524222
A24: 5 | B24: =B22+7 -> 43058 | C24: =D22+G22-H22 -> 1260.3786 | D24: =C24+(C24*0.081) -> 1362.4693 | E24: =C24/2500 -> 0.50415145 | F24: =(D24-C24)/E24 -> 202.5 | I24: =E24*50/C24 -> 0.02 | J24: =(D24-C4)/C4 -> -0.086816835
B25: =B24+7 -> 43065 | C25: =D24+G24-H24 -> 1362.4693 | D25: =C25+(C25*-0.0343) -> 1315.7366 | E25: =C25/2500 -> 0.54498771 | F25: =(D25-C25)/E25 -> -85.75 | I25: =E25*50/C25 -> 0.02 | J25: =(D25-C4)/C4 -> -0.11813902
B26: =B25+7 -> 43072 | C26: =D25+G25-H25 -> 1315.7366 | D26: =C26+(C26*0.10018) -> 1447.5471 | E26: =C26/3250 -> 0.40484203 | F26: =(D26-C26)/E26 -> 325.585 | I26: =E26*50/C26 -> 0.015384615 | J26: =(D26-C4)/C4 -> -0.029794184
B27: =B26+7 -> 43079 | C27: =D26+G26-H26 -> 1447.5471 | D27: =C27+(C27*0.0214) -> 1478.5246 | E27: =C27/3250 -> 0.4453991 | F27: =(D27-C27)/E27 -> 69.55 | I27: =E27*50/C27 -> 0.015384615 | J27: =(D27-C4)/C4 -> -0.00903178
A29: 6 | B29: =B27+7 -> 43086 | C29: =D27+G27-H27 -> 1478.5246 | D29: =C29+(C29*0.0087) -> 1491.3877 | E29: =C29/3250 -> 0.45493064 | F29: =(D29-C29)/E29 -> 28.275 | I29: =E29*50/C29 -> 0.015384615 | J29: =(D29-C4)/C4 -> -0.00041035653
B30: =B29+7 -> 43093 | C30: =D29+G29-H29 -> 1491.3877 | D30: =C30+(C30*0) -> 1491.3877 | E30: =C30/3250 -> 0.45888854 | F30: =(D30-C30)/E30 -> 0 | I30: =E30*50/C30 -> 0.015384615 | J30: =(D30-C4)/C4 -> -0.00041035653
B31: =B30+7 -> 43100 | C31: =D30+G30-H30 -> 1491.3877 | D31: =C31+(C31*0) -> 1491.3877 | E31: =C31/3250 -> 0.45888854 | F31: =(D31-C31)/E31 -> 0 | I31: =E31*50/C31 -> 0.015384615 | J31: =(D31-C4)/C4 -> -0.00041035653
B32: =B31+7 -> 43107 | C32: =D31+G31-H31 -> 1491.3877 | D32: =C32+(C32*0.03) -> 1536.1294 | E32: =C32/3250 -> 0.45888854 | F32: =(D32-C32)/E32 -> 97.5 | H32: =(D32-C19)*0.35 -> 73.731216 | I32: =E32*50/C32 -> 0.015384615 | K32: Alligator Fund Management takes 35% of Winnings
A34: 7 | B34: =B32+7 -> 43114 | C34: =D32+G32-H32 -> 1462.3982 | D34: =C34+(C34*0.03) -> 1506.2701 | E34: =C34/3250 -> 0.44996867 | F34: =(D34-C34)/E34 -> 97.5 | I34: =E34*50/C34 -> 0.015384615
B35: =B34+7 -> 43121 | C35: =D34+G34-H34 -> 1506.2701 | D35: =C35+(C35*0.03) -> 1551.4582 | E35: =C35/3250 -> 0.46346773 | F35: =(D35-C35)/E35 -> 97.5 | I35: =E35*50/C35 -> 0.015384615
B36: =B35+7 -> 43128 | C36: =D35+G35-H35 -> 1551.4582 | D36: =C36+(C36*0.03) -> 1598.002 | E36: =C36/3250 -> 0.47737176 | F36: =(D36-C36)/E36 -> 97.5 | I36: =E36*50/C36 -> 0.015384615
B37: =B36+7 -> 43135 | C37: =D36+G36-H36 -> 1598.002 | D37: =C37+(C37*0.03) -> 1645.942 | E37: =C37/3250 -> 0.49169291 | F37: =(D37-C37)/E37 -> 97.5 | I37: =E37*50/C37 -> 0.015384615
A39: 8 | B39: =B37+7 -> 43142 | C39: =D37+G37-H37 -> 1645.942 | D39: =C39+(C39*0.03) -> 1695.3203 | E39: =C39/3250 -> 0.5064437 | F39: =(D39-C39)/E39 -> 97.5 | I39: =E39*50/C39 -> 0.015384615
B40: =B39+7 -> 43149 | C40: =D39+G39-H39 -> 1695.3203 | D40: =C40+(C40*0.03) -> 1746.1799 | E40: =C40/3250 -> 0.52163701 | F40: =(D40-C40)/E40 -> 97.5 | I40: =E40*50/C40 -> 0.015384615
B41: =B40+7 -> 43156 | C41: =D40+G40-H40 -> 1746.1799 | D41: =C41+(C41*0.03) -> 1798.5653 | E41: =C41/3250 -> 0.53728612 | F41: =(D41-C41)/E41 -> 97.5 | I41: =E41*50/C41 -> 0.015384615
B42: =B41+7 -> 43163 | C42: =D41+G41-H41 -> 1798.5653 | D42: =C42+(C42*0.03) -> 1852.5222 | E42: =C42/3250 -> 0.5534047 | F42: =(D42-C42)/E42 -> 97.5 | I42: =E42*50/C42 -> 0.015384615
A44: 9 | B44: =B42+7 -> 43170 | C44: =D42+G42-H42 -> 1852.5222 | D44: =C44+(C44*0.03) -> 1908.0979 | E44: =C44/3250 -> 0.57000684 | F44: =(D44-C44)/E44 -> 97.5 | I44: =E44*50/C44 -> 0.015384615
B45: =B44+7 -> 43177 | C45: =D44+G44-H44 -> 1908.0979 | D45: =C45+(C45*0.03) -> 1965.3408 | E45: =C45/3250 -> 0.58710705 | F45: =(D45-C45)/E45 -> 97.5 | I45: =E45*50/C45 -> 0.015384615
B46: =B45+7 -> 43184 | C46: =D45+G45-H45 -> 1965.3408 | D46: =C46+(C46*0.03) -> 2024.3011 | E46: =C46/3250 -> 0.60472026 | F46: =(D46-C46)/E46 -> 97.5 | I46: =E46*50/C46 -> 0.015384615
B47: =B46+7 -> 43191 | C47: =D46+G46-H46 -> 2024.3011 | D47: =C47+(C47*0.03) -> 2085.0301 | E47: =C47/3250 -> 0.62286187 | F47: =(D47-C47)/E47 -> 97.5 | H47: =(D47-C34)*0.35 -> 217.92118 | I47: =E47*50/C47 -> 0.015384615 | K47: Alligator Fund Management takes 35% of Winnings
A49: 10 | B49: =B47+7 -> 43198 | C49: =D47+G47-H47 -> 1867.1089 | D49: =C49+(C49*0.03) -> 1923.1222 | E49: =C49/3250 -> 0.57449505 | F49: =(D49-C49)/E49 -> 97.5 | I49: =E49*50/C49 -> 0.015384615
B50: =B49+7 -> 43205 | C50: =D49+G49-H49 -> 1923.1222 | D50: =C50+(C50*0.03) -> 1980.8159 | E50: =C50/3250 -> 0.59172991 | F50: =(D50-C50)/E50 -> 97.5 | I50: =E50*50/C50 -> 0.015384615
B51: =B50+7 -> 43212 | C51: =D50+G50-H50 -> 1980.8159 | D51: =C51+(C51*0.03) -> 2040.2403 | E51: =C51/3250 -> 0.6094818 | F51: =(D51-C51)/E51 -> 97.5 | I51: =E51*50/C51 -> 0.015384615
B52: =B51+7 -> 43219 | C52: =D51+G51-H51 -> 2040.2403 | D52: =C52+(C52*0.03) -> 2101.4475 | E52: =C52/3250 -> 0.62776626 | F52: =(D52-C52)/E52 -> 97.5 | I52: =E52*50/C52 -> 0.015384615
A54: 11 | B54: =B52+7 -> 43226 | C54: =D52+G52-H52 -> 2101.4475 | D54: =C54+(C54*0.03) -> 2164.491 | E54: =C54/3250 -> 0.64659924 | F54: =(D54-C54)/E54 -> 97.5 | I54: =E54*50/C54 -> 0.015384615
B55: =B54+7 -> 43233 | C55: =D54+G54-H54 -> 2164.491 | D55: =C55+(C55*0.03) -> 2229.4257 | E55: =C55/3250 -> 0.66599722 | F55: =(D55-C55)/E55 -> 97.5 | I55: =E55*50/C55 -> 0.015384615
B56: =B55+7 -> 43240 | C56: =D55+G55-H55 -> 2229.4257 | D56: =C56+(C56*0.03) -> 2296.3085 | E56: =C56/3250 -> 0.68597714 | F56: =(D56-C56)/E56 -> 97.5 | I56: =E56*50/C56 -> 0.015384615
B57: =B56+7 -> 43247 | C57: =D56+G56-H56 -> 2296.3085 | D57: =C57+(C57*0.03) -> 2365.1977 | E57: =C57/3250 -> 0.70655645 | F57: =(D57-C57)/E57 -> 97.5 | I57: =E57*50/C57 -> 0.015384615
A59: 12 | B59: =B57+7 -> 43254 | C59: =D57+G57-H57 -> 2365.1977 | D59: =C59+(C59*0.03) -> 2436.1537 | E59: =C59/3250 -> 0.72775315 | F59: =(D59-C59)/E59 -> 97.5 | I59: =E59*50/C59 -> 0.015384615
B60: =B59+7 -> 43261 | C60: =D59+G59-H59 -> 2436.1537 | D60: =C60+(C60*0.03) -> 2509.2383 | E60: =C60/3250 -> 0.74958574 | F60: =(D60-C60)/E60 -> 97.5 | I60: =E60*50/C60 -> 0.015384615
B61: =B60+7 -> 43268 | C61: =D60+G60-H60 -> 2509.2383 | D61: =C61+(C61*0.03) -> 2584.5154 | E61: =C61/3250 -> 0.77207331 | F61: =(D61-C61)/E61 -> 97.5 | I61: =E61*50/C61 -> 0.015384615
B62: =B61+7 -> 43275 | C62: =D61+G61-H61 -> 2584.5154 | D62: =C62+(C62*0.03) -> 2662.0509 | E62: =C62/3250 -> 0.79523551 | F62: =(D62-C62)/E62 -> 97.5 | H62: =(D62-C49)*0.35 -> 278.22968 | I62: =E62*50/C62 -> 0.015384615 | K62: Alligator Fund Management takes 35% of Winnings
A64: 13 | B64: =B62+7 -> 43282 | C64: =D62+G62-H62 -> 2383.8212 | D64: =C64+(C64*0.03) -> 2455.3358 | E64: =C64/3250 -> 0.73348344 | F64: =(D64-C64)/E64 -> 97.5 | I64: =E64*50/C64 -> 0.015384615
B65: =B64+7 -> 43289 | C65: =D64+G64-H64 -> 2455.3358 | D65: =C65+(C65*0.03) -> 2528.9959 | E65: =C65/3250 -> 0.75548795 | F65: =(D65-C65)/E65 -> 97.5 | I65: =E65*50/C65 -> 0.015384615
B66: =B65+7 -> 43296 | C66: =D65+G65-H65 -> 2528.9959 | D66: =C66+(C66*0.03) -> 2604.8658 | E66: =C66/3250 -> 0.77815259 | F66: =(D66-C66)/E66 -> 97.5 | I66: =E66*50/C66 -> 0.015384615
B67: =B66+7 -> 43303 | C67: =D66+G66-H66 -> 2604.8658 | D67: =C67+(C67*0.03) -> 2683.0118 | E67: =C67/3250 -> 0.80149716 | F67: =(D67-C67)/E67 -> 97.5 | I67: =E67*50/C67 -> 0.015384615
A69: 14 | B69: =B67+7 -> 43310 | C69: =D67+G67-H67 -> 2683.0118 | D69: =C69+(C69*0.03) -> 2763.5021 | E69: =C69/3250 -> 0.82554208 | F69: =(D69-C69)/E69 -> 97.5 | I69: =E69*50/C69 -> 0.015384615
B70: =B69+7 -> 43317 | C70: =D69+G69-H69 -> 2763.5021 | D70: =C70+(C70*0.03) -> 2846.4072 | E70: =C70/3250 -> 0.85030834 | F70: =(D70-C70)/E70 -> 97.5 | I70: =E70*50/C70 -> 0.015384615
B71: =B70+7 -> 43324 | C71: =D70+G70-H70 -> 2846.4072 | D71: =C71+(C71*0.03) -> 2931.7994 | E71: =C71/3250 -> 0.87581759 | F71: =(D71-C71)/E71 -> 97.5 | I71: =E71*50/C71 -> 0.015384615
B72: =B71+7 -> 43331 | C72: =D71+G71-H71 -> 2931.7994 | D72: =C72+(C72*0.03) -> 3019.7534 | E72: =C72/3250 -> 0.90209212 | F72: =(D72-C72)/E72 -> 97.5 | I72: =E72*50/C72 -> 0.015384615
A74: 15 | B74: =B72+7 -> 43338 | C74: =D72+G72-H72 -> 3019.7534 | D74: =C74+(C74*0.03) -> 3110.346 | E74: =C74/3250 -> 0.92915488 | F74: =(D74-C74)/E74 -> 97.5 | I74: =E74*50/C74 -> 0.015384615
B75: =B74+7 -> 43345 | C75: =D74+G74-H74 -> 3110.346 | D75: =C75+(C75*0.03) -> 3203.6563 | E75: =C75/3250 -> 0.95702953 | F75: =(D75-C75)/E75 -> 97.5 | I75: =E75*50/C75 -> 0.015384615
B76: =B75+7 -> 43352 | C76: =D75+G75-H75 -> 3203.6563 | D76: =C76+(C76*0.03) -> 3299.766 | E76: =C76/3250 -> 0.98574041 | F76: =(D76-C76)/E76 -> 97.5 | I76: =E76*50/C76 -> 0.015384615
B77: =B76+7 -> 43359 | C77: =D76+G76-H76 -> 3299.766 | D77: =C77+(C77*0.03) -> 3398.759 | E77: =C77/3250 -> 1.0153126 | F77: =(D77-C77)/E77 -> 97.5 | H77: =(D77-C64)*0.35 -> 355.22824 | I77: =E77*50/C77 -> 0.015384615 | K77: Alligator Fund Management takes 35% of Winnings
A79: 16 | B79: =B77+7 -> 43366 | C79: =D77+G77-H77 -> 3043.5308 | D79: =C79+(C79*0.03) -> 3134.8367 | E79: =C79/3250 -> 0.93647101 | F79: =(D79-C79)/E79 -> 97.5 | I79: =E79*50/C79 -> 0.015384615
B80: =B79+7 -> 43373 | C80: =D79+G79-H79 -> 3134.8367 | D80: =C80+(C80*0.03) -> 3228.8818 | E80: =C80/3250 -> 0.96456514 | F80: =(D80-C80)/E80 -> 97.5 | I80: =E80*50/C80 -> 0.015384615
B81: =B80+7 -> 43380 | C81: =D80+G80-H80 -> 3228.8818 | D81: =C81+(C81*0.03) -> 3325.7483 | E81: =C81/3250 -> 0.99350209 | F81: =(D81-C81)/E81 -> 97.5 | I81: =E81*50/C81 -> 0.015384615
B82: =B81+7 -> 43387 | C82: =D81+G81-H81 -> 3325.7483 | D82: =C82+(C82*0.03) -> 3425.5207 | E82: =C82/3250 -> 1.0233072 | F82: =(D82-C82)/E82 -> 97.5 | I82: =E82*50/C82 -> 0.015384615
A84: 17 | B84: =B82+7 -> 43394 | C84: =D82+G82-H82 -> 3425.5207 | D84: =C84+(C84*0.03) -> 3528.2863 | E84: =C84/3250 -> 1.0540064 | F84: =(D84-C84)/E84 -> 97.5 | I84: =E84*50/C84 -> 0.015384615
B85: =B84+7 -> 43401 | C85: =D84+G84-H84 -> 3528.2863 | D85: =C85+(C85*0.03) -> 3634.1349 | E85: =C85/3250 -> 1.0856266 | F85: =(D85-C85)/E85 -> 97.5 | I85: =E85*50/C85 -> 0.015384615
B86: =B85+7 -> 43408 | C86: =D85+G85-H85 -> 3634.1349 | D86: =C86+(C86*0.03) -> 3743.159 | E86: =C86/3250 -> 1.1181954 | F86: =(D86-C86)/E86 -> 97.5 | I86: =E86*50/C86 -> 0.015384615
B87: =B86+7 -> 43415 | C87: =D86+G86-H86 -> 3743.159 | D87: =C87+(C87*0.03) -> 3855.4537 | E87: =C87/3250 -> 1.1517412 | F87: =(D87-C87)/E87 -> 97.5 | I87: =E87*50/C87 -> 0.015384615
A89: 18 | B89: =B87+7 -> 43422 | C89: =D87+G87-H87 -> 3855.4537 | D89: =C89+(C89*0.03) -> 3971.1173 | E89: =C89/3250 -> 1.1862935 | F89: =(D89-C89)/E89 -> 97.5 | I89: =E89*50/C89 -> 0.015384615
B90: =B89+7 -> 43429 | C90: =D89+G89-H89 -> 3971.1173 | D90: =C90+(C90*0.03) -> 4090.2509 | E90: =C90/3250 -> 1.2218823 | F90: =(D90-C90)/E90 -> 97.5 | I90: =E90*50/C90 -> 0.015384615
B91: =B90+7 -> 43436 | C91: =D90+G90-H90 -> 4090.2509 | D91: =C91+(C91*0.03) -> 4212.9584 | E91: =C91/3250 -> 1.2585387 | F91: =(D91-C91)/E91 -> 97.5 | I91: =E91*50/C91 -> 0.015384615
B92: =B91+7 -> 43443 | C92: =D91+G91-H91 -> 4212.9584 | D92: =C92+(C92*0.03) -> 4339.3471 | E92: =C92/3250 -> 1.2962949 | F92: =(D92-C92)/E92 -> 97.5 | H92: =(D92-C79)*0.35 -> 453.53573 | I92: =E92*50/C92 -> 0.015384615 | K92: Alligator Fund Management takes 35% of Winnings
A94: 19 | B94: =B92+7 -> 43450 | C94: =D92+G92-H92 -> 3885.8114 | D94: =C94+(C94*0.03) -> 4002.3858 | E94: =C94/3250 -> 1.1956343 | F94: =(D94-C94)/E94 -> 97.5 | I94: =E94*50/C94 -> 0.015384615
B95: =B94+7 -> 43457 | C95: =D94+G94-H94 -> 4002.3858 | D95: =C95+(C95*0.03) -> 4122.4573 | E95: =C95/3250 -> 1.2315033 | F95: =(D95-C95)/E95 -> 97.5 | I95: =E95*50/C95 -> 0.015384615
B96: =B95+7 -> 43464 | C96: =D95+G95-H95 -> 4122.4573 | D96: =C96+(C96*0.03) -> 4246.1311 | E96: =C96/3250 -> 1.2684484 | F96: =(D96-C96)/E96 -> 97.5 | I96: =E96*50/C96 -> 0.015384615
B97: =B96+7 -> 43471 | C97: =D96+G96-H96 -> 4246.1311 | D97: =C97+(C97*0.03) -> 4373.515 | E97: =C97/3250 -> 1.3065019 | F97: =(D97-C97)/E97 -> 97.5 | I97: =E97*50/C97 -> 0.015384615
A99: 20 | B99: =B97+7 -> 43478 | C99: =D97+G97-H97 -> 4373.515 | D99: =C99+(C99*0.03) -> 4504.7204 | E99: =C99/3250 -> 1.3456969 | F99: =(D99-C99)/E99 -> 97.5 | I99: =E99*50/C99 -> 0.015384615
B100: =B99+7 -> 43485 | C100: =D99+G99-H99 -> 4504.7204 | D100: =C100+(C100*0.03) -> 4639.862 | E100: =C100/3250 -> 1.3860678 | F100: =(D100-C100)/E100 -> 97.5 | I100: =E100*50/C100 -> 0.015384615
B101: =B100+7 -> 43492 | C101: =D100+G100-H100 -> 4639.862 | D101: =C101+(C101*0.03) -> 4779.0579 | E101: =C101/3250 -> 1.4276499 | F101: =(D101-C101)/E101 -> 97.5 | I101: =E101*50/C101 -> 0.015384615
B102: =B101+7 -> 43499 | C102: =D101+G101-H101 -> 4779.0579 | D102: =C102+(C102*0.03) -> 4922.4296 | E102: =C102/3250 -> 1.4704794 | F102: =(D102-C102)/E102 -> 97.5 | I102: =E102*50/C102 -> 0.015384615
A104: 21 | B104: =B102+7 -> 43506 | C104: =D102+G102-H102 -> 4922.4296 | D104: =C104+(C104*0.03) -> 5070.1025 | E104: =C104/3250 -> 1.5145937 | F104: =(D104-C104)/E104 -> 97.5 | I104: =E104*50/C104 -> 0.015384615
B105: =B104+7 -> 43513 | C105: =D104+G104-H104 -> 5070.1025 | D105: =C105+(C105*0.03) -> 5222.2056 | E105: =C105/3250 -> 1.5600315 | F105: =(D105-C105)/E105 -> 97.5 | I105: =E105*50/C105 -> 0.015384615
B106: =B105+7 -> 43520 | C106: =D105+G105-H105 -> 5222.2056 | D106: =C106+(C106*0.03) -> 5378.8718 | E106: =C106/3250 -> 1.6068325 | F106: =(D106-C106)/E106 -> 97.5 | I106: =E106*50/C106 -> 0.015384615
B107: =B106+7 -> 43527 | C107: =D106+G106-H106 -> 5378.8718 | D107: =C107+(C107*0.03) -> 5540.2379 | E107: =C107/3250 -> 1.6550375 | F107: =(D107-C107)/E107 -> 97.5 | H107: =(D107-C94)*0.35 -> 579.04928 | I107: =E107*50/C107 -> 0.015384615 | K107: Alligator Fund Management takes 35% of Winnings
A109: 22 | B109: =B107+7 -> 43534 | C109: =D107+G107-H107 -> 4961.1887 | D109: =C109+(C109*0.03) -> 5110.0243 | E109: =C109/3250 -> 1.5265196 | F109: =(D109-C109)/E109 -> 97.5 | I109: =E109*50/C109 -> 0.015384615
B110: =B109+7 -> 43541 | C110: =D109+G109-H109 -> 5110.0243 | D110: =C110+(C110*0.03) -> 5263.325 | E110: =C110/3250 -> 1.5723152 | F110: =(D110-C110)/E110 -> 97.5 | I110: =E110*50/C110 -> 0.015384615
B111: =B110+7 -> 43548 | C111: =D110+G110-H110 -> 5263.325 | D111: =C111+(C111*0.03) -> 5421.2248 | E111: =C111/3250 -> 1.6194846 | F111: =(D111-C111)/E111 -> 97.5 | I111: =E111*50/C111 -> 0.015384615
B112: =B111+7 -> 43555 | C112: =D111+G111-H111 -> 5421.2248 | D112: =C112+(C112*0.03) -> 5583.8615 | E112: =C112/3250 -> 1.6680692 | F112: =(D112-C112)/E112 -> 97.5 | I112: =E112*50/C112 -> 0.015384615
A114: 23 | B114: =B112+7 -> 43562 | C114: =D112+G112-H112 -> 5583.8615 | D114: =C114+(C114*0.03) -> 5751.3774 | E114: =C114/3250 -> 1.7181112 | F114: =(D114-C114)/E114 -> 97.5 | I114: =E114*50/C114 -> 0.015384615
B115: =B114+7 -> 43569 | C115: =D114+G114-H114 -> 5751.3774 | D115: =C115+(C115*0.03) -> 5923.9187 | E115: =C115/3250 -> 1.7696546 | F115: =(D115-C115)/E115 -> 97.5 | I115: =E115*50/C115 -> 0.015384615
B116: =B115+7 -> 43576 | C116: =D115+G115-H115 -> 5923.9187 | D116: =C116+(C116*0.03) -> 6101.6363 | E116: =C116/3250 -> 1.8227442 | F116: =(D116-C116)/E116 -> 97.5 | I116: =E116*50/C116 -> 0.015384615
B117: =B116+7 -> 43583 | C117: =D116+G116-H116 -> 6101.6363 | D117: =C117+(C117*0.03) -> 6284.6854 | E117: =C117/3250 -> 1.8774265 | F117: =(D117-C117)/E117 -> 97.5 | I117: =E117*50/C117 -> 0.015384615
A119: 24 | B119: =B117+7 -> 43590 | C119: =D117+G117-H117 -> 6284.6854 | D119: =C119+(C119*0.03) -> 6473.2259 | E119: =C119/3250 -> 1.9337493 | F119: =(D119-C119)/E119 -> 97.5 | I119: =E119*50/C119 -> 0.015384615
B120: =B119+7 -> 43597 | C120: =D119+G119-H119 -> 6473.2259 | D120: =C120+(C120*0.03) -> 6667.4227 | E120: =C120/3250 -> 1.9917618 | F120: =(D120-C120)/E120 -> 97.5 | I120: =E120*50/C120 -> 0.015384615
B121: =B120+7 -> 43604 | C121: =D120+G120-H120 -> 6667.4227 | D121: =C121+(C121*0.03) -> 6867.4454 | E121: =C121/3250 -> 2.0515147 | F121: =(D121-C121)/E121 -> 97.5 | I121: =E121*50/C121 -> 0.015384615
B122: =B121+7 -> 43611 | C122: =D121+G121-H121 -> 6867.4454 | D122: =C122+(C122*0.03) -> 7073.4687 | E122: =C122/3250 -> 2.1130601 | F122: =(D122-C122)/E122 -> 97.5 | H122: =(D122-C109)*0.35 -> 739.29803 | I122: =E122*50/C122 -> 0.015384615 | K122: Alligator Fund Management takes 35% of Winnings
A124: 25 | B124: =B122+7 -> 43618 | C124: =D122+G122-H122 -> 6334.1707 | D124: =C124+(C124*0.03) -> 6524.1958 | E124: =C124/3250 -> 1.9489756 | F124: =(D124-C124)/E124 -> 97.5 | I124: =E124*50/C124 -> 0.015384615
B125: =B124+7 -> 43625 | C125: =D124+G124-H124 -> 6524.1958 | D125: =C125+(C125*0.03) -> 6719.9217 | E125: =C125/3250 -> 2.0074449 | F125: =(D125-C125)/E125 -> 97.5 | I125: =E125*50/C125 -> 0.015384615
...

Sheet Harm_Perfomance
A2: Month | B2: Week | C2: Account | D2: Projected Return | E2: £ | F2: No | G2: Account | H2: Account | I2: MAX Risk | J2: Actual
B3: Commencing | C3: Equity | D3: Equity | E3: Per Pip | F3: Of Pips | G3: Top UP | H3: W/drawal | I3: % Per Trade | J3: % ROI
A4: 1 | B4: 42904 | C4: 200 | D4: =C4+(C4*0) -> 200 | E4: =C4/3250 -> 0.061538462 | F4: =(D4-C4)/E4 -> 0 | I4: =E4*50/C4 -> 0.015384615 | J4: =(D4-C4)/C4 -> 0
B5: =B4+7 -> 42911 | C5: =D4+G4-H4 -> 200 | D5: =C5+(C5*0.015) -> 203 | E5: =C5/3250 -> 0.061538462 | F5: =(D5-C5)/E5 -> 48.75 | I5: =E5*50/C5 -> 0.015384615 | J5: =(D5-C4)/C4 -> 0.015
B6: =B5+7 -> 42918 | C6: =D5+G5-H5 -> 203 | D6: =C6+(C6*0.054) -> 213.962 | E6: =C6/3250 -> 0.062461538 | F6: =(D6-C6)/E6 -> 175.5 | I6: =E6*50/C6 -> 0.015384615 | J6: =(D6-$C4)/$C4 -> 0.06981
B7: =B6+7 -> 42925 | C7: =D6+G6-H6 -> 213.962 | D7: =C7+(C7*0.0483) -> 224.29636 | E7: =C7/3250 -> 0.065834462 | F7: =(D7-C7)/E7 -> 156.975 | I7: =E7*50/C7 -> 0.015384615 | J7: =(D7-$C4)/$C4 -> 0.12148182
A9: 2 | B9: =B7+7 -> 42932 | C9: =D7+G7-H7 -> 224.29636 | D9: =C9+(C9*-0.074) -> 207.69843 | E9: =C9/3250 -> 0.069014266 | F9: =(D9-C9)/E9 -> -240.5 | I9: =E9*50/C9 -> 0.015384615 | J9: =(D9-$C4)/$C4 -> 0.038492168
B10: =B9+7 -> 42939 | C10: =D9+G9-H9 -> 207.69843 | D10: =C10+(C10*0.0427) -> 216.56716 | E10: =C10/3250 -> 0.06390721 | F10: =(D10-C10)/E10 -> 138.775 | I10: =E10*50/C10 -> 0.015384615 | J10: =(D10-$C4)/$C4 -> 0.082835784
B11: =B10+7 -> 42946 | C11: =D10+G10-H10 -> 216.56716 | D11: =C11+(C11*-0.0045) -> 215.5926 | E11: =C11/3250 -> 0.066636048 | F11: =(D11-C11)/E11 -> -14.625 | I11: =E11*50/C11 -> 0.015384615 | J11: =(D11-$C4)/$C4 -> 0.077963023
B12: =B11+7 -> 42953 | C12: =D11+G11-H11 -> 215.5926 | D12: =C12+(C12*-0.0326) -> 208.56429 | E12: =C12/3250 -> 0.066336186 | F12: =(D12-C12)/E12 -> -105.95 | I12: =E12*50/C12 -> 0.015384615 | J12: =(D12-$C4)/$C4 -> 0.042821428
A14: 3 | B14: =B12+7 -> 42960 | C14: =D12+G12-H12 -> 208.56429 | D14: =C14+(C14*-0.02) -> 204.393 | E14: =C14/3250 -> 0.064173626 | F14: =(D14-C14)/E14 -> -65 | I14: =E14*50/C14 -> 0.015384615 | J14: =(D14-$C4)/$C4 -> 0.021965
B15: =B14+7 -> 42967 | C15: =D14+G14-H14 -> 204.393 | D15: =C15+(C15*0.0596) -> 216.57482 | E15: =C15/3250 -> 0.062890154 | F15: =(D15-C15)/E15 -> 193.7 | I15: =E15*50/C15 -> 0.015384615 | J15: =(D15-$C4)/$C4 -> 0.082874114
B16: =B15+7 -> 42974 | C16: =D15+G15-H15 -> 216.57482 | D16: =C16+(C16*-0.0884) -> 197.42961 | E16: =C16/3250 -> 0.066638407 | F16: =(D16-C16)/E16 -> -287.3 | I16: =E16*50/C16 -> 0.015384615 | J16: =(D16-$C4)/$C4 -> -0.012851958
B17: =B16+7 -> 42981 | C17: =D16+G16-H16 -> 197.42961 | D17: =C17+(C17*-0.0583) -> 185.91946 | E17: =C17/5500 -> 0.035896292 | F17: =(D17-C17)/E17 -> -320.65 | H17: =(D17-C4)*0.3 -> -4.2241613 | I17: =E17*50/C17 -> 0.0090909091 | J17: =(D17-C19)/$C4 -> -0.021120807 | K17: Alligator Fund Management takes 30% of Winnings
A19: 4 | B19: =B17+7 -> 42988 | C19: =D17+G17-H17 -> 190.14362 | D19: =C19+(C19*0.1119) -> 211.4207 | E19: =C19/5500 -> 0.034571568 | F19: =(D19-C19)/E19 -> 615.45 | I19: =E19*50/C19 -> 0.0090909091 | J19: =(D19-$C4)/$C4 -> 0.057103475
B20: =B19+7 -> 42995 | C20: =D19+G19-H19 -> 211.4207 | D20: =C20+(C20*-0.073) -> 195.98698 | E20: =C20/5500 -> 0.038440126 | F20: =(D20-C20)/E20 -> -401.5 | I20: =E20*50/C20 -> 0.0090909091 | J20: =(D20-$C4)/$C4 -> -0.020065079
B21: =B20+7 -> 43002 | C21: =D20+G20-H20 -> 195.98698 | D21: =C21+(C21*-0.0103) -> 193.96832 | E21: =C21/5500 -> 0.035633997 | F21: =(D21-C21)/E21 -> -56.65 | I21: =E21*50/C21 -> 0.0090909091 | J21: =(D21-$C4)/$C4 -> -0.030158408
B22: =B21+7 -> 43009 | C22: =D21+G21-H21 -> 193.96832 | D22: =C22+(C22*-0.0544) -> 183.41644 | E22: =C22/5500 -> 0.035266967 | F22: =(D22-C22)/E22 -> -299.2 | I22: =E22*50/C22 -> 0.0090909091 | J22: =(D22-$C4)/$C4 -> -0.082917791
A24: 5 | B24: =B22+7 -> 43016 | C24: =D22+G22-H22 -> 183.41644 | D24: =C24+(C24*-0.0579) -> 172.79663 | E24: =C24/3000 -> 0.061138814 | F24: =(D24-C24)/E24 -> -173.7 | I24: =E24*50/C24 -> 0.016666667 | J24: =(D24-$C4)/$C4 -> -0.13601685
B25: =B24+7 -> 43023 | C25: =D24+G24-H24 -> 172.79663 | D25: =C25+(C25*0.0774) -> 186.17109 | E25: =C25/3000 -> 0.057598877 | F25: =(D25-C25)/E25 -> 232.2 | I25: =E25*50/C25 -> 0.016666667 | J25: =(D25-$C4)/$C4 -> -0.069144555
B26: =B25+7 -> 43030 | C26: =D25+G25-H25 -> 186.17109 | D26: =C26+(C26*0.0717) -> 199.51956 | E26: =C26/3000 -> 0.06205703 | F26: =(D26-C26)/E26 -> 215.1 | I26: =E26*50/C26 -> 0.016666667 | J26: =(D26-$C4)/$C4 -> -0.0024022196
B27: =B26+7 -> 43037 | C27: =D26+G26-H26 -> 199.51956 | D27: =C27+(C27*0.09) -> 217.47632 | E27: =C27/3000 -> 0.066506519 | F27: =(D27-C27)/E27 -> 270 | I27: =E27*50/C27 -> 0.016666667 | J27: =(D27-$C4)/$C4 -> 0.087381581
A29: 6 | B29: =B27+7 -> 43044 | C29: =D27+G27-H27 -> 217.47632 | D29: =C29+(C29*-0.0353) -> 209.7994 | E29: =C29/3000 -> 0.072492105 | F29: =(D29-C29)/E29 -> -105.9 | I29: =E29*50/C29 -> 0.016666667 | J29: =(D29-$C4)/$C4 -> 0.048997011
B30: =B29+7 -> 43051 | C30: =D29+G29-H29 -> 209.7994 | D30: =C30+(C30*-0.1562) -> 177.02874 | E30: =C30/3000 -> 0.069933134 | F30: =(D30-C30)/E30 -> -468.6 | I30: =E30*50/C30 -> 0.016666667 | J30: =(D30-$C4)/$C4 -> -0.11485632
B31: =B30+7 -> 43058 | C31: =D30+G30-H30 -> 177.02874 | D31: =C31+(C31*0.081) -> 191.36806 | E31: =C31/2500 -> 0.070811494 | F31: =(D31-C31)/E31 -> 202.5 | I31: =E31*50/C31 -> 0.02 | J31: =(D31-$C4)/$C4 -> -0.043159684
B32: =B31+7 -> 43065 | C32: =D31+G31-H31 -> 191.36806 | D32: =C32+(C32*-0.0343) -> 184.80414 | E32: =C32/2500 -> 0.076547225 | F32: =(D32-C32)/E32 -> -85.75 | H32: =(D32-C19)*0.35 -> -1.8688197 | I32: =E32*50/C32 -> 0.02 | J32: =(C34-$C4)/$C4 -> -0.066635208 | K32: Alligator Fund Management takes 35% of Winnings
A34: 7 | B34: =B32+7 -> 43072 | C34: =D32+G32-H32 -> 186.67296 | D34: =C34+(C34*0.10018) -> 205.37386 | E34: =C34/3250 -> 0.057437833 | F34: =(D34-C34)/E34 -> 325.585 | I34: =E34*50/C34 -> 0.015384615 | J34: =(D34-$C4)/$C4 -> 0.026869276
B35: =B34+7 -> 43079 | C35: =D34+G34-H34 -> 205.37386 | D35: =C35+(C35*0.0214) -> 209.76886 | E35: =C35/3250 -> 0.063191955 | F35: =(D35-C35)/E35 -> 69.55 | I35: =E35*50/C35 -> 0.015384615 | J35: =(D35-$C4)/$C4 -> 0.048844279
B36: =B35+7 -> 43086 | C36: =D35+G35-H35 -> 209.76886 | D36: =C36+(C36*0.0087) -> 211.59384 | E36: =C36/3250 -> 0.064544263 | F36: =(D36-C36)/E36 -> 28.275 | I36: =E36*50/C36 -> 0.015384615 | J36: =(D36-$C4)/$C4 -> 0.057969224
B37: =B36+7 -> 43093 | C37: =D36+G36-H36 -> 211.59384 | D37: =C37+(C37*0) -> 211.59384 | E37: =C37/3250 -> 0.065105798 | F37: =(D37-C37)/E37 -> 0 | I37: =E37*50/C37 -> 0.015384615 | J37: =(D37-$C4)/$C4 -> 0.057969224
A39: 8 | B39: =B37+7 -> 43100 | C39: =D37+G37-H37 -> 211.59384 | D39: =C39+(C39*0) -> 211.59384 | E39: =C39/3250 -> 0.065105798 | F39: =(D39-C39)/E39 -> 0 | I39: =E39*50/C39 -> 0.015384615 | J39: =(D39-$C4)/$C4 -> 0.057969224
B40: =B39+7 -> 43107 | C40: =D39+G39-H39 -> 211.59384 | D40: =C40+(C40*0.03) -> 217.94166 | E40: =C40/3250 -> 0.065105798 | F40: =(D40-C40)/E40 -> 97.5 | I40: =E40*50/C40 -> 0.015384615
B41: =B40+7 -> 43114 | C41: =D40+G40-H40 -> 217.94166 | D41: =C41+(C41*0.03) -> 224.47991 | E41: =C41/3250 -> 0.067058972 | F41: =(D41-C41)/E41 -> 97.5 | I41: =E41*50/C41 -> 0.015384615
B42: =B41+7 -> 43121 | C42: =D41+G41-H41 -> 224.47991 | D42: =C42+(C42*0.03) -> 231.21431 | E42: =C42/3250 -> 0.069070742 | F42: =(D42-C42)/E42 -> 97.5 | I42: =E42*50/C42 -> 0.015384615
A44: 9 | B44: =B42+7 -> 43128 | C44: =D42+G42-H42 -> 231.21431 | D44: =C44+(C44*0.03) -> 238.15074 | E44: =C44/3250 -> 0.071142864 | F44: =(D44-C44)/E44 -> 97.5 | I44: =E44*50/C44 -> 0.015384615
B45: =B44+7 -> 43135 | C45: =D44+G44-H44 -> 238.15074 | D45: =C45+(C45*0.03) -> 245.29526 | E45: =C45/3250 -> 0.07327715 | F45: =(D45-C45)/E45 -> 97.5 | I45: =E45*50/C45 -> 0.015384615
B46: =B45+7 -> 43142 | C46: =D45+G45-H45 -> 245.29526 | D46: =C46+(C46*0.03) -> 252.65412 | E46: =C46/3250 -> 0.075475464 | F46: =(D46-C46)/E46 -> 97.5 | I46: =E46*50/C46 -> 0.015384615
B47: =B46+7 -> 43149 | C47: =D46+G46-H46 -> 252.65412 | D47: =C47+(C47*0.03) -> 260.23374 | E47: =C47/3250 -> 0.077739728 | F47: =(D47-C47)/E47 -> 97.5 | H47: =(D47-C34)*0.35 -> 25.746274 | I47: =E47*50/C47 -> 0.015384615 | K47: Alligator Fund Management takes 35% of Winnings
A49: 10 | B49: =B47+7 -> 43156 | C49: =D47+G47-H47 -> 234.48747 | D49: =C49+(C49*0.03) -> 241.52209 | E49: =C49/3250 -> 0.07214999 | F49: =(D49-C49)/E49 -> 97.5 | I49: =E49*50/C49 -> 0.015384615
B50: =B49+7 -> 43163 | C50: =D49+G49-H49 -> 241.52209 | D50: =C50+(C50*0.03) -> 248.76775 | E50: =C50/3250 -> 0.074314489 | F50: =(D50-C50)/E50 -> 97.5 | I50: =E50*50/C50 -> 0.015384615
B51: =B50+7 -> 43170 | C51: =D50+G50-H50 -> 248.76775 | D51: =C51+(C51*0.03) -> 256.23079 | E51: =C51/3250 -> 0.076543924 | F51: =(D51-C51)/E51 -> 97.5 | I51: =E51*50/C51 -> 0.015384615
B52: =B51+7 -> 43177 | C52: =D51+G51-H51 -> 256.23079 | D52: =C52+(C52*0.03) -> 263.91771 | E52: =C52/3250 -> 0.078840242 | F52: =(D52-C52)/E52 -> 97.5 | I52: =E52*50/C52 -> 0.015384615
A54: 11 | B54: =B52+7 -> 43184 | C54: =D52+G52-H52 -> 263.91771 | D54: =C54+(C54*0.03) -> 271.83524 | E54: =C54/3250 -> 0.081205449 | F54: =(D54-C54)/E54 -> 97.5 | I54: =E54*50/C54 -> 0.015384615
B55: =B54+7 -> 43191 | C55: =D54+G54-H54 -> 271.83524 | D55: =C55+(C55*0.03) -> 279.9903 | E55: =C55/3250 -> 0.083641612 | F55: =(D55-C55)/E55 -> 97.5 | I55: =E55*50/C55 -> 0.015384615
B56: =B55+7 -> 43198 | C56: =D55+G55-H55 -> 279.9903 | D56: =C56+(C56*0.03) -> 288.39001 | E56: =C56/3250 -> 0.086150861 | F56: =(D56-C56)/E56 -> 97.5 | I56: =E56*50/C56 -> 0.015384615
B57: =B56+7 -> 43205 | C57: =D56+G56-H56 -> 288.39001 | D57: =C57+(C57*0.03) -> 297.04171 | E57: =C57/3250 -> 0.088735387 | F57: =(D57-C57)/E57 -> 97.5 | I57: =E57*50/C57 -> 0.015384615
A59: 12 | B59: =B57+7 -> 43212 | C59: =D57+G57-H57 -> 297.04171 | D59: =C59+(C59*0.03) -> 305.95296 | E59: =C59/3250 -> 0.091397448 | F59: =(D59-C59)/E59 -> 97.5 | I59: =E59*50/C59 -> 0.015384615
B60: =B59+7 -> 43219 | C60: =D59+G59-H59 -> 305.95296 | D60: =C60+(C60*0.03) -> 315.13155 | E60: =C60/3250 -> 0.094139372 | F60: =(D60-C60)/E60 -> 97.5 | I60: =E60*50/C60 -> 0.015384615
B61: =B60+7 -> 43226 | C61: =D60+G60-H60 -> 315.13155 | D61: =C61+(C61*0.03) -> 324.58549 | E61: =C61/3250 -> 0.096963553 | F61: =(D61-C61)/E61 -> 97.5 | I61: =E61*50/C61 -> 0.015384615
B62: =B61+7 -> 43233 | C62: =D61+G61-H61 -> 324.58549 | D62: =C62+(C62*0.03) -> 334.32306 | E62: =C62/3250 -> 0.099872459 | F62: =(D62-C62)/E62 -> 97.5 | H62: =(D62-C49)*0.35 -> 34.942457 | I62: =E62*50/C62 -> 0.015384615 | K62: Alligator Fund Management takes 35% of Winnings
A64: 13 | B64: =B62+7 -> 43240 | C64: =D62+G62-H62 -> 299.3806 | D64: =C64+(C64*0.03) -> 308.36202 | E64: =C64/3250 -> 0.092117108 | F64: =(D64-C64)/E64 -> 97.5 | I64: =E64*50/C64 -> 0.015384615
B65: =B64+7 -> 43247 | C65: =D64+G64-H64 -> 308.36202 | D65: =C65+(C65*0.03) -> 317.61288 | E65: =C65/3250 -> 0.094880621 | F65: =(D65-C65)/E65 -> 97.5 | I65: =E65*50/C65 -> 0.015384615
B66: =B65+7 -> 43254 | C66: =D65+G65-H65 -> 317.61288 | D66: =C66+(C66*0.03) -> 327.14127 | E66: =C66/3250 -> 0.09772704 | F66: =(D66-C66)/E66 -> 97.5 | I66: =E66*50/C66 -> 0.015384615
B67: =B66+7 -> 43261 | C67: =D66+G66-H66 -> 327.14127 | D67: =C67+(C67*0.03) -> 336.9555 | E67: =C67/3250 -> 0.10065885 | F67: =(D67-C67)/E67 -> 97.5 | I67: =E67*50/C67 -> 0.015384615
A69: 14 | B69: =B67+7 -> 43268 | C69: =D67+G67-H67 -> 336.9555 | D69: =C69+(C69*0.03) -> 347.06417 | E69: =C69/3250 -> 0.10367862 | F69: =(D69-C69)/E69 -> 97.5 | I69: =E69*50/C69 -> 0.015384615
B70: =B69+7 -> 43275 | C70: =D69+G69-H69 -> 347.06417 | D70: =C70+(C70*0.03) -> 357.47609 | E70: =C70/3250 -> 0.10678898 | F70: =(D70-C70)/E70 -> 97.5 | I70: =E70*50/C70 -> 0.015384615
B71: =B70+7 -> 43282 | C71: =D70+G70-H70 -> 357.47609 | D71: =C71+(C71*0.03) -> 368.20038 | E71: =C71/3250 -> 0.10999264 | F71: =(D71-C71)/E71 -> 97.5 | I71: =E71*50/C71 -> 0.015384615
B72: =B71+7 -> 43289 | C72: =D71+G71-H71 -> 368.20038 | D72: =C72+(C72*0.03) -> 379.24639 | E72: =C72/3250 -> 0.11329242 | F72: =(D72-C72)/E72 -> 97.5 | I72: =E72*50/C72 -> 0.015384615
A74: 15 | B74: =B72+7 -> 43296 | C74: =D72+G72-H72 -> 379.24639 | D74: =C74+(C74*0.03) -> 390.62378 | E74: =C74/3250 -> 0.1166912 | F74: =(D74-C74)/E74 -> 97.5 | I74: =E74*50/C74 -> 0.015384615
B75: =B74+7 -> 43303 | C75: =D74+G74-H74 -> 390.62378 | D75: =C75+(C75*0.03) -> 402.34249 | E75: =C75/3250 -> 0.12019193 | F75: =(D75-C75)/E75 -> 97.5 | I75: =E75*50/C75 -> 0.015384615
B76: =B75+7 -> 43310 | C76: =D75+G75-H75 -> 402.34249 | D76: =C76+(C76*0.03) -> 414.41277 | E76: =C76/3250 -> 0.12379769 | F76: =(D76-C76)/E76 -> 97.5 | I76: =E76*50/C76 -> 0.015384615
B77: =B76+7 -> 43317 | C77: =D76+G76-H76 -> 414.41277 | D77: =C77+(C77*0.03) -> 426.84515 | E77: =C77/3250 -> 0.12751162 | F77: =(D77-C77)/E77 -> 97.5 | H77: =(D77-C64)*0.35 -> 44.612593 | I77: =E77*50/C77 -> 0.015384615 | K77: Alligator Fund Management takes 35% of Winnings
A79: 16 | B79: =B77+7 -> 43324 | C79: =D77+G77-H77 -> 382.23256 | D79: =C79+(C79*0.03) -> 393.69954 | E79: =C79/3250 -> 0.11761002 | F79: =(D79-C79)/E79 -> 97.5 | I79: =E79*50/C79 -> 0.015384615
B80: =B79+7 -> 43331 | C80: =D79+G79-H79 -> 393.69954 | D80: =C80+(C80*0.03) -> 405.51052 | E80: =C80/3250 -> 0.12113832 | F80: =(D80-C80)/E80 -> 97.5 | I80: =E80*50/C80 -> 0.015384615
B81: =B80+7 -> 43338 | C81: =D80+G80-H80 -> 405.51052 | D81: =C81+(C81*0.03) -> 417.67584 | E81: =C81/3250 -> 0.12477247 | F81: =(D81-C81)/E81 -> 97.5 | I81: =E81*50/C81 -> 0.015384615
B82: =B81+7 -> 43345 | C82: =D81+G81-H81 -> 417.67584 | D82: =C82+(C82*0.03) -> 430.20611 | E82: =C82/3250 -> 0.12851564 | F82: =(D82-C82)/E82 -> 97.5 | I82: =E82*50/C82 -> 0.015384615
A84: 17 | B84: =B82+7 -> 43352 | C84: =D82+G82-H82 -> 430.20611 | D84: =C84+(C84*0.03) -> 443.1123 | E84: =C84/3250 -> 0.13237111 | F84: =(D84-C84)/E84 -> 97.5 | I84: =E84*50/C84 -> 0.015384615
B85: =B84+7 -> 43359 | C85: =D84+G84-H84 -> 443.1123 | D85: =C85+(C85*0.03) -> 456.40566 | E85: =C85/3250 -> 0.13634224 | F85: =(D85-C85)/E85 -> 97.5 | I85: =E85*50/C85 -> 0.015384615
B86: =B85+7 -> 43366 | C86: =D85+G85-H85 -> 456.40566 | D86: =C86+(C86*0.03) -> 470.09783 | E86: =C86/3250 -> 0.14043251 | F86: =(D86-C86)/E86 -> 97.5 | I86: =E86*50/C86 -> 0.015384615
B87: =B86+7 -> 43373 | C87: =D86+G86-H86 -> 470.09783 | D87: =C87+(C87*0.03) -> 484.20077 | E87: =C87/3250 -> 0.14464549 | F87: =(D87-C87)/E87 -> 97.5 | I87: =E87*50/C87 -> 0.015384615
A89: 18 | B89: =B87+7 -> 43380 | C89: =D87+G87-H87 -> 484.20077 | D89: =C89+(C89*0.03) -> 498.72679 | E89: =C89/3250 -> 0.14898485 | F89: =(D89-C89)/E89 -> 97.5 | I89: =E89*50/C89 -> 0.015384615
B90: =B89+7 -> 43387 | C90: =D89+G89-H89 -> 498.72679 | D90: =C90+(C90*0.03) -> 513.6886 | E90: =C90/3250 -> 0.1534544 | F90: =(D90-C90)/E90 -> 97.5 | I90: =E90*50/C90 -> 0.015384615
B91: =B90+7 -> 43394 | C91: =D90+G90-H90 -> 513.6886 | D91: =C91+(C91*0.03) -> 529.09925 | E91: =C91/3250 -> 0.15805803 | F91: =(D91-C91)/E91 -> 97.5 | I91: =E91*50/C91 -> 0.015384615
B92: =B91+7 -> 43401 | C92: =D91+G91-H91 -> 529.09925 | D92: =C92+(C92*0.03) -> 544.97223 | E92: =C92/3250 -> 0.16279977 | F92: =(D92-C92)/E92 -> 97.5 | H92: =(D92-C79)*0.35 -> 56.958886 | I92: =E92*50/C92 -> 0.015384615 | K92: Alligator Fund Management takes 35% of Winnings
A94: 19 | B94: =B92+7 -> 43408 | C94: =D92+G92-H92 -> 488.01335 | D94: =C94+(C94*0.03) -> 502.65375 | E94: =C94/3250 -> 0.15015795 | F94: =(D94-C94)/E94 -> 97.5 | I94: =E94*50/C94 -> 0.015384615
B95: =B94+7 -> 43415 | C95: =D94+G94-H94 -> 502.65375 | D95: =C95+(C95*0.03) -> 517.73336 | E95: =C95/3250 -> 0.15466269 | F95: =(D95-C95)/E95 -> 97.5 | I95: =E95*50/C95 -> 0.015384615
B96: =B95+7 -> 43422 | C96: =D95+G95-H95 -> 517.73336 | D96: =C96+(C96*0.03) -> 533.26536 | E96: =C96/3250 -> 0.15930257 | F96: =(D96-C96)/E96 -> 97.5 | I96: =E96*50/C96 -> 0.015384615
B97: =B96+7 -> 43429 | C97: =D96+G96-H96 -> 533.26536 | D97: =C97+(C97*0.03) -> 549.26332 | E97: =C97/3250 -> 0.16408165 | F97: =(D97-C97)/E97 -> 97.5 | I97: =E97*50/C97 -> 0.015384615
A99: 20 | B99: =B97+7 -> 43436 | C99: =D97+G97-H97 -> 549.26332 | D99: =C99+(C99*0.03) -> 565.74122 | E99: =C99/3250 -> 0.1690041 | F99: =(D99-C99)/E99 -> 97.5 | I99: =E99*50/C99 -> 0.015384615
B100: =B99+7 -> 43443 | C100: =D99+G99-H99 -> 565.74122 | D100: =C100+(C100*0.03) -> 582.71346 | E100: =C100/3250 -> 0.17407422 | F100: =(D100-C100)/E100 -> 97.5 | I100: =E100*50/C100 -> 0.015384615
B101: =B100+7 -> 43450 | C101: =D100+G100-H100 -> 582.71346 | D101: =C101+(C101*0.03) -> 600.19486 | E101: =C101/3250 -> 0.17929645 | F101: =(D101-C101)/E101 -> 97.5 | I101: =E101*50/C101 -> 0.015384615
B102: =B101+7 -> 43457 | C102: =D101+G101-H101 -> 600.19486 | D102: =C102+(C102*0.03) -> 618.20071 | E102: =C102/3250 -> 0.18467534 | F102: =(D102-C102)/E102 -> 97.5 | I102: =E102*50/C102 -> 0.015384615
A104: 21 | B104: =B102+7 -> 43464 | C104: =D102+G102-H102 -> 618.20071 | D104: =C104+(C104*0.03) -> 636.74673 | E104: =C104/3250 -> 0.1902156 | F104: =(D104-C104)/E104 -> 97.5 | I104: =E104*50/C104 -> 0.015384615
B105: =B104+7 -> 43471 | C105: =D104+G104-H104 -> 636.74673 | D105: =C105+(C105*0.03) -> 655.84913 | E105: =C105/3250 -> 0.19592207 | F105: =(D105-C105)/E105 -> 97.5 | I105: =E105*50/C105 -> 0.015384615
B106: =B105+7 -> 43478 | C106: =D105+G105-H105 -> 655.84913 | D106: =C106+(C106*0.03) -> 675.5246 | E106: =C106/3250 -> 0.20179973 | F106: =(D106-C106)/E106 -> 97.5 | I106: =E106*50/C106 -> 0.015384615
B107: =B106+7 -> 43485 | C107: =D106+G106-H106 -> 675.5246 | D107: =C107+(C107*0.03) -> 695.79034 | E107: =C107/3250 -> 0.20785372 | F107: =(D107-C107)/E107 -> 97.5 | H107: =(D107-C94)*0.35 -> 72.721948 | I107: =E107*50/C107 -> 0.015384615 | K107: Alligator Fund Management takes 35% of Winnings
A109: 22 | B109: =B107+7 -> 43492 | C109: =D107+G107-H107 -> 623.06839 | D109: =C109+(C109*0.03) -> 641.76044 | E109: =C109/3250 -> 0.19171335 | F109: =(D109-C109)/E109 -> 97.5 | I109: =E109*50/C109 -> 0.015384615
B110: =B109+7 -> 43499 | C110: =D109+G109-H109 -> 641.76044 | D110: =C110+(C110*0.03) -> 661.01326 | E110: =C110/3250 -> 0.19746475 | F110: =(D110-C110)/E110 -> 97.5 | I110: =E110*50/C110 -> 0.015384615
B111: =B110+7 -> 43506 | C111: =D110+G110-H110 -> 661.01326 | D111: =C111+(C111*0.03) -> 680.84366 | E111: =C111/3250 -> 0.20338869 | F111: =(D111-C111)/E111 -> 97.5 | I111: =E111*50/C111 -> 0.015384615
B112: =B111+7 -> 43513 | C112: =D111+G111-H111 -> 680.84366 | D112: =C112+(C112*0.03) -> 701.26897 | E112: =C112/3250 -> 0.20949036 | F112: =(D112-C112)/E112 -> 97.5 | I112: =E112*50/C112 -> 0.015384615
A114: 23 | B114: =B112+7 -> 43520 | C114: =D112+G112-H112 -> 701.26897 | D114: =C114+(C114*0.03) -> 722.30703 | E114: =C114/3250 -> 0.21577507 | F114: =(D114-C114)/E114 -> 97.5 | I114: =E114*50/C114 -> 0.015384615
B115: =B114+7 -> 43527 | C115: =D114+G114-H114 -> 722.30703 | D115: =C115+(C115*0.03) -> 743.97625 | E115: =C115/3250 -> 0.22224832 | F115: =(D115-C115)/E115 -> 97.5 | I115: =E115*50/C115 -> 0.015384615
B116: =B115+7 -> 43534 | C116: =D115+G115-H115 -> 743.97625 | D116: =C116+(C116*0.03) -> 766.29553 | E116: =C116/3250 -> 0.22891577 | F116: =(D116-C116)/E116 -> 97.5 | I116: =E116*50/C116 -> 0.015384615
B117: =B116+7 -> 43541 | C117: =D116+G116-H116 -> 766.29553 | D117: =C117+(C117*0.03) -> 789.2844 | E117: =C117/3250 -> 0.23578324 | F117: =(D117-C117)/E117 -> 97.5 | I117: =E117*50/C117 -> 0.015384615
A119: 24 | B119: =B117+7 -> 43548 | C119: =D117+G117-H117 -> 789.2844 | D119: =C119+(C119*0.03) -> 812.96293 | E119: =C119/3250 -> 0.24285674 | F119: =(D119-C119)/E119 -> 97.5 | I119: =E119*50/C119 -> 0.015384615
B120: =B119+7 -> 43555 | C120: =D119+G119-H119 -> 812.96293 | D120: =C120+(C120*0.03) -> 837.35182 | E120: =C120/3250 -> 0.25014244 | F120: =(D120-C120)/E120 -> 97.5 | I120: =E120*50/C120 -> 0.015384615
B121: =B120+7 -> 43562 | C121: =D120+G120-H120 -> 837.35182 | D121: =C121+(C121*0.03) -> 862.47237 | E121: =C121/3250 -> 0.25764671 | F121: =(D121-C121)/E121 -> 97.5 | I121: =E121*50/C121 -> 0.015384615
B122: =B121+7 -> 43569 | C122: =D121+G121-H121 -> 862.47237 | D122: =C122+(C122*0.03) -> 888.34654 | E122: =C122/3250 -> 0.26537611 | F122: =(D122-C122)/E122 -> 97.5 | H122: =(D122-C109)*0.35 -> 92.847353 | I122: =E122*50/C122 -> 0.015384615 | K122: Alligator Fund Management takes 35% of Winnings
A124: 25 | B124: =B122+7 -> 43576 | C124: =D122+G122-H122 -> 795.49919 | D124: =C124+(C124*0.03) -> 819.36417 | E124: =C124/3250 -> 0.24476898 | F124: =(D124-C124)/E124 -> 97.5 | I124: =E124*50/C124 -> 0.015384615
B125: =B124+7 -> 43583 | C125: =D124+G124-H124 -> 819.36417 | D125: =C125+(C125*0.03) -> 843.94509 | E125: =C125/3250 -> 0.25211205 | F125: =(D125-C125)/E125 -> 97.5 | I125: =E125*50/C125 -> 0.015384615
...

Sheet Rud_Perfomance
A2: Month | B2: Week | C2: Account | D2: Projected Return | E2: £ | F2: No | G2: Account | H2: Account | I2: MAX Risk | J2: Actual
B3: Commencing | C3: Equity | D3: Equity | E3: Per Pip | F3: Of Pips | G3: Top UP | H3: W/drawal | I3: % Per Trade | J3: % ROI
A4: 1 | B4: 42883 | C4: 2000 | D4: =C4+(C4*0.035) -> 2070 | E4: =C4/3250 -> 0.61538462 | F4: =(D4-C4)/E4 -> 113.75 | I4: =E4*50/C4 -> 0.015384615 | J4: =(D4-C4)/C4 -> 0.035
B5: =B4+7 -> 42890 | C5: =D4+G4-H4 -> 2070 | D5: =C5+(C5*0.1312) -> 2341.584 | E5: =C5/3250 -> 0.63692308 | F5: =(D5-C5)/E5 -> 426.4 | I5: =E5*50/C5 -> 0.015384615 | J5: =(D5-C4)/C4 -> 0.170792
B6: =B5+7 -> 42897 | C6: =D5+G5-H5 -> 2341.584 | D6: =C6+(C6*0.014) -> 2374.3662 | E6: =C6/3250 -> 0.72048738 | F6: =(D6-C6)/E6 -> 45.5 | I6: =E6*50/C6 -> 0.015384615 | J6: =(D6-$C4)/$C4 -> 0.18718309
B7: =B6+7 -> 42904 | C7: =D6+G6-H6 -> 2374.3662 | D7: =C7+(C7*0) -> 2374.3662 | E7: =C7/3250 -> 0.73057421 | F7: =(D7-C7)/E7 -> 0 | I7: =E7*50/C7 -> 0.015384615 | J7: =(D7-$C4)/$C4 -> 0.18718309
A9: 2 | B9: =B7+7 -> 42911 | C9: =D7+G7-H7 -> 2374.3662 | D9: =C9+(C9*0.015) -> 2409.9817 | E9: =C9/3250 -> 0.73057421 | F9: =(D9-C9)/E9 -> 48.75 | I9: =E9*50/C9 -> 0.015384615 | J9: =(D9-$C4)/$C4 -> 0.20499083
B10: =B9+7 -> 42918 | C10: =D9+G9-H9 -> 2409.9817 | D10: =C10+(C10*0.054) -> 2540.1207 | E10: =C10/3250 -> 0.74153282 | F10: =(D10-C10)/E10 -> 175.5 | I10: =E10*50/C10 -> 0.015384615 | J10: =(D10-$C4)/$C4 -> 0.27006034
B11: =B10+7 -> 42925 | C11: =D10+G10-H10 -> 2540.1207 | D11: =C11+(C11*0.0483) -> 2662.8085 | E11: =C11/3250 -> 0.78157559 | F11: =(D11-C11)/E11 -> 156.975 | I11: =E11*50/C11 -> 0.015384615 | J11: =(D11-$C4)/$C4 -> 0.33140425
B12: =B11+7 -> 42932 | C12: =D11+G11-H11 -> 2662.8085 | D12: =C12+(C12*-0.074) -> 2465.7607 | E12: =C12/3250 -> 0.81932569 | F12: =(D12-C12)/E12 -> -240.5 | I12: =E12*50/C12 -> 0.015384615 | J12: =(D12-$C4)/$C4 -> 0.23288034
A14: 3 | B14: =B12+7 -> 42939 | C14: =D12+G12-H12 -> 2465.7607 | D14: =C14+(C14*0.0427) -> 2571.0487 | E14: =C14/3250 -> 0.75869559 | F14: =(D14-C14)/E14 -> 138.775 | I14: =E14*50/C14 -> 0.015384615 | J14: =(D14-$C4)/$C4 -> 0.28552433
B15: =B14+7 -> 42946 | C15: =D14+G14-H14 -> 2571.0487 | D15: =C15+(C15*-0.0045) -> 2559.4789 | E15: =C15/3250 -> 0.7910919 | F15: =(D15-C15)/E15 -> -14.625 | I15: =E15*50/C15 -> 0.015384615 | J15: =(D15-$C4)/$C4 -> 0.27973947
B16: =B15+7 -> 42953 | C16: =D15+G15-H15 -> 2559.4789 | D16: =C16+(C16*-0.0326) -> 2476.0399 | E16: =C16/3250 -> 0.78753198 | F16: =(D16-C16)/E16 -> -105.95 | I16: =E16*50/C16 -> 0.015384615 | J16: =(D16-$C4)/$C4 -> 0.23801996
B17: =B16+7 -> 42960 | C17: =D16+G16-H16 -> 2476.0399 | D17: =C17+(C17*-0.02) -> 2426.5191 | E17: =C17/3250 -> 0.76185844 | F17: =(D17-C17)/E17 -> -65 | H17: =(D17-C4)*0.3 -> 127.95574 | I17: =E17*50/C17 -> 0.015384615 | J17: =(D17-C19)/$C4 -> 0.063977869 | K17: Alligator Fund Management takes 30% of Winnings
A19: 4 | B19: =B17+7 -> 42967 | C19: =D17+G17-H17 -> 2298.5634 | D19: =C19+(C19*0.0596) -> 2435.5578 | E19: =C19/3250 -> 0.70725027 | F19: =(D19-C19)/E19 -> 193.7 | I19: =E19*50/C19 -> 0.015384615 | J19: =(D19-$C4)/$C4 -> 0.21777888
B20: =B19+7 -> 42974 | C20: =D19+G19-H19 -> 2435.5578 | D20: =C20+(C20*-0.0884) -> 2220.2545 | E20: =C20/3250 -> 0.74940239 | F20: =(D20-C20)/E20 -> -287.3 | I20: =E20*50/C20 -> 0.015384615 | J20: =(D20-$C4)/$C4 -> 0.11012723
B21: =B20+7 -> 42981 | C21: =D20+G20-H20 -> 2220.2545 | D21: =C21+(C21*-0.0583) -> 2090.8136 | E21: =C21/5500 -> 0.40368263 | F21: =(D21-C21)/E21 -> -320.65 | I21: =E21*50/C21 -> 0.0090909091 | J21: =(D21-$C4)/$C4 -> 0.045406813
B22: =B21+7 -> 42988 | C22: =D21+G21-H21 -> 2090.8136 | D22: =C22+(C22*0.1119) -> 2324.7757 | E22: =C22/5500 -> 0.38014793 | F22: =(D22-C22)/E22 -> 615.45 | I22: =E22*50/C22 -> 0.0090909091 | J22: =(D22-$C4)/$C4 -> 0.16238784
A24: 5 | B24: =B22+7 -> 42995 | C24: =D22+G22-H22 -> 2324.7757 | D24: =C24+(C24*-0.073) -> 2155.067 | E24: =C24/5500 -> 0.42268649 | F24: =(D24-C24)/E24 -> -401.5 | I24: =E24*50/C24 -> 0.0090909091 | J24: =(D24-$C4)/$C4 -> 0.077533523
B25: =B24+7 -> 43002 | C25: =D24+G24-H24 -> 2155.067 | D25: =C25+(C25*-0.0103) -> 2132.8699 | E25: =C25/5500 -> 0.39183037 | F25: =(D25-C25)/E25 -> -56.65 | I25: =E25*50/C25 -> 0.0090909091 | J25: =(D25-$C4)/$C4 -> 0.066434928
B26: =B25+7 -> 43009 | C26: =D25+G25-H25 -> 2132.8699 | D26: =C26+(C26*-0.0544) -> 2016.8417 | E26: =C26/5500 -> 0.38779452 | F26: =(D26-C26)/E26 -> -299.2 | I26: =E26*50/C26 -> 0.0090909091 | J26: =(D26-$C4)/$C4 -> 0.008420868
B27: =B26+7 -> 43016 | C27: =D26+G26-H26 -> 2016.8417 | D27: =C27+(C27*-0.0579) -> 1900.0666 | E27: =C27/3000 -> 0.67228058 | F27: =(D27-C27)/E27 -> -173.7 | I27: =E27*50/C27 -> 0.016666667 | J27: =(D27-$C4)/$C4 -> -0.0499667
A29: 6 | B29: =B27+7 -> 43023 | C29: =D27+G27-H27 -> 1900.0666 | D29: =C29+(C29*0.0774) -> 2047.1318 | E29: =C29/3000 -> 0.63335553 | F29: =(D29-C29)/E29 -> 232.2 | I29: =E29*50/C29 -> 0.016666667 | J29: =(D29-$C4)/$C4 -> 0.023565877
B30: =B29+7 -> 43030 | C30: =D29+G29-H29 -> 2047.1318 | D30: =C30+(C30*0.0717) -> 2193.9111 | E30: =C30/3000 -> 0.68237725 | F30: =(D30-C30)/E30 -> 215.1 | I30: =E30*50/C30 -> 0.016666667 | J30: =(D30-$C4)/$C4 -> 0.09695555
B31: =B30+7 -> 43037 | C31: =D30+G30-H30 -> 2193.9111 | D31: =C31+(C31*0.09) -> 2391.3631 | E31: =C31/3000 -> 0.7313037 | F31: =(D31-C31)/E31 -> 270 | I31: =E31*50/C31 -> 0.016666667 | J31: =(D31-$C4)/$C4 -> 0.19568155
B32: =B31+7 -> 43044 | C32: =D31+G31-H31 -> 2391.3631 | D32: =C32+(C32*-0.0353) -> 2306.948 | E32: =C32/3000 -> 0.79712103 | F32: =(D32-C32)/E32 -> -105.9 | H32: =(D32-C19)*0.35 -> 2.9346076 | I32: =E32*50/C32 -> 0.016666667 | J32: =(D32-$C4)/$C4 -> 0.15347399 | K32: Alligator Fund Management takes 35% of Winnings
A34: 7 | B34: =B32+7 -> 43051 | C34: =D32+G32-H32 -> 2304.0134 | D34: =C34+(C34*-0.1562) -> 1944.1265 | E34: =C34/3000 -> 0.76800446 | F34: =(D34-C34)/E34 -> -468.6 | I34: =E34*50/C34 -> 0.016666667 | J34: =(D34-$C4)/$C4 -> -0.027936757
B35: =B34+7 -> 43058 | C35: =D34+G34-H34 -> 1944.1265 | D35: =C35+(C35*0.081) -> 2101.6007 | E35: =C35/2500 -> 0.77765059 | F35: =(D35-C35)/E35 -> 202.5 | I35: =E35*50/C35 -> 0.02 | J35: =(D35-$C4)/$C4 -> 0.050800366
B36: =B35+7 -> 43065 | C36: =D35+G35-H35 -> 2101.6007 | D36: =C36+(C36*-0.0343) -> 2029.5158 | E36: =C36/2500 -> 0.84064029 | F36: =(D36-C36)/E36 -> -85.75 | I36: =E36*50/C36 -> 0.02 | J36: =(D36-$C4)/$C4 -> 0.014757913
B37: =B36+7 -> 43072 | C37: =D36+G36-H36 -> 2029.5158 | D37: =C37+(C37*0.10018) -> 2232.8327 | E37: =C37/3250 -> 0.62446641 | F37: =(D37-C37)/E37 -> 325.585 | I37: =E37*50/C37 -> 0.015384615 | J37: =(D37-$C4)/$C4 -> 0.11641636
A39: 8 | B39: =B37+7 -> 43079 | C39: =D37+G37-H37 -> 2232.8327 | D39: =C39+(C39*0.0214) -> 2280.6153 | E39: =C39/3250 -> 0.68702545 | F39: =(D39-C39)/E39 -> 69.55 | I39: =E39*50/C39 -> 0.015384615 | J39: =(D39-$C4)/$C4 -> 0.14030767
B40: =B39+7 -> 43086 | C40: =D39+G39-H39 -> 2280.6153 | D40: =C40+(C40*0.0087) -> 2300.4567 | E40: =C40/3250 -> 0.7017278 | F40: =(D40-C40)/E40 -> 28.275 | I40: =E40*50/C40 -> 0.015384615 | J40: =(D40-$C4)/$C4 -> 0.15022835
B41: =B40+7 -> 43093 | C41: =D40+G40-H40 -> 2300.4567 | D41: =C41+(C41*0) -> 2300.4567 | E41: =C41/3250 -> 0.70783283 | F41: =(D41-C41)/E41 -> 0 | I41: =E41*50/C41 -> 0.015384615 | J41: =(D41-$C4)/$C4 -> 0.15022835
B42: =B41+7 -> 43100 | C42: =D41+G41-H41 -> 2300.4567 | D42: =C42+(C42*0) -> 2300.4567 | E42: =C42/3250 -> 0.70783283 | F42: =(D42-C42)/E42 -> 0 | I42: =E42*50/C42 -> 0.015384615 | J42: =(D42-$C4)/$C4 -> 0.15022835
A44: 9 | B44: =B42+7 -> 43107 | C44: =D42+G42-H42 -> 2300.4567 | D44: =C44+(C44*0.03) -> 2369.4704 | E44: =C44/3250 -> 0.70783283 | F44: =(D44-C44)/E44 -> 97.5 | I44: =E44*50/C44 -> 0.015384615
B45: =B44+7 -> 43114 | C45: =D44+G44-H44 -> 2369.4704 | D45: =C45+(C45*0.03) -> 2440.5545 | E45: =C45/3250 -> 0.72906781 | F45: =(D45-C45)/E45 -> 97.5 | I45: =E45*50/C45 -> 0.015384615
B46: =B45+7 -> 43121 | C46: =D45+G45-H45 -> 2440.5545 | D46: =C46+(C46*0.03) -> 2513.7711 | E46: =C46/3250 -> 0.75093985 | F46: =(D46-C46)/E46 -> 97.5 | I46: =E46*50/C46 -> 0.015384615
B47: =B46+7 -> 43128 | C47: =D46+G46-H46 -> 2513.7711 | D47: =C47+(C47*0.03) -> 2589.1843 | E47: =C47/3250 -> 0.77346804 | F47: =(D47-C47)/E47 -> 97.5 | H47: =(D47-C34)*0.35 -> 99.809816 | I47: =E47*50/C47 -> 0.015384615 | K47: Alligator Fund Management takes 35% of Winnings
A49: 10 | B49: =B47+7 -> 43135 | C49: =D47+G47-H47 -> 2489.3745 | D49: =C49+(C49*0.03) -> 2564.0557 | E49: =C49/3250 -> 0.76596137 | F49: =(D49-C49)/E49 -> 97.5 | I49: =E49*50/C49 -> 0.015384615
B50: =B49+7 -> 43142 | C50: =D49+G49-H49 -> 2564.0557 | D50: =C50+(C50*0.03) -> 2640.9774 | E50: =C50/3250 -> 0.78894021 | F50: =(D50-C50)/E50 -> 97.5 | I50: =E50*50/C50 -> 0.015384615
B51: =B50+7 -> 43149 | C51: =D50+G50-H50 -> 2640.9774 | D51: =C51+(C51*0.03) -> 2720.2067 | E51: =C51/3250 -> 0.81260842 | F51: =(D51-C51)/E51 -> 97.5 | I51: =E51*50/C51 -> 0.015384615
B52: =B51+7 -> 43156 | C52: =D51+G51-H51 -> 2720.2067 | D52: =C52+(C52*0.03) -> 2801.8129 | E52: =C52/3250 -> 0.83698667 | F52: =(D52-C52)/E52 -> 97.5 | I52: =E52*50/C52 -> 0.015384615
A54: 11 | B54: =B52+7 -> 43163 | C54: =D52+G52-H52 -> 2801.8129 | D54: =C54+(C54*0.03) -> 2885.8673 | E54: =C54/3250 -> 0.86209627 | F54: =(D54-C54)/E54 -> 97.5 | I54: =E54*50/C54 -> 0.015384615
B55: =B54+7 -> 43170 | C55: =D54+G54-H54 -> 2885.8673 | D55: =C55+(C55*0.03) -> 2972.4433 | E55: =C55/3250 -> 0.88795916 | F55: =(D55-C55)/E55 -> 97.5 | I55: =E55*50/C55 -> 0.015384615
B56: =B55+7 -> 43177 | C56: =D55+G55-H55 -> 2972.4433 | D56: =C56+(C56*0.03) -> 3061.6166 | E56: =C56/3250 -> 0.91459794 | F56: =(D56-C56)/E56 -> 97.5 | I56: =E56*50/C56 -> 0.015384615
B57: =B56+7 -> 43184 | C57: =D56+G56-H56 -> 3061.6166 | D57: =C57+(C57*0.03) -> 3153.4651 | E57: =C57/3250 -> 0.94203587 | F57: =(D57-C57)/E57 -> 97.5 | I57: =E57*50/C57 -> 0.015384615
A59: 12 | B59: =B57+7 -> 43191 | C59: =D57+G57-H57 -> 3153.4651 | D59: =C59+(C59*0.03) -> 3248.069 | E59: =C59/3250 -> 0.97029695 | F59: =(D59-C59)/E59 -> 97.5 | I59: =E59*50/C59 -> 0.015384615
B60: =B59+7 -> 43198 | C60: =D59+G59-H59 -> 3248.069 | D60: =C60+(C60*0.03) -> 3345.5111 | E60: =C60/3250 -> 0.99940586 | F60: =(D60-C60)/E60 -> 97.5 | I60: =E60*50/C60 -> 0.015384615
B61: =B60+7 -> 43205 | C61: =D60+G60-H60 -> 3345.5111 | D61: =C61+(C61*0.03) -> 3445.8764 | E61: =C61/3250 -> 1.029388 | F61: =(D61-C61)/E61 -> 97.5 | I61: =E61*50/C61 -> 0.015384615
B62: =B61+7 -> 43212 | C62: =D61+G61-H61 -> 3445.8764 | D62: =C62+(C62*0.03) -> 3549.2527 | E62: =C62/3250 -> 1.0602697 | F62: =(D62-C62)/E62 -> 97.5 | H62: =(D62-C49)*0.35 -> 370.9574 | I62: =E62*50/C62 -> 0.015384615 | K62: Alligator Fund Management takes 35% of Winnings
A64: 13 | B64: =B62+7 -> 43219 | C64: =D62+G62-H62 -> 3178.2953 | D64: =C64+(C64*0.03) -> 3273.6442 | E64: =C64/3250 -> 0.97793703 | F64: =(D64-C64)/E64 -> 97.5 | I64: =E64*50/C64 -> 0.015384615
B65: =B64+7 -> 43226 | C65: =D64+G64-H64 -> 3273.6442 | D65: =C65+(C65*0.03) -> 3371.8535 | E65: =C65/3250 -> 1.0072751 | F65: =(D65-C65)/E65 -> 97.5 | I65: =E65*50/C65 -> 0.015384615
B66: =B65+7 -> 43233 | C66: =D65+G65-H65 -> 3371.8535 | D66: =C66+(C66*0.03) -> 3473.0091 | E66: =C66/3250 -> 1.0374934 | F66: =(D66-C66)/E66 -> 97.5 | I66: =E66*50/C66 -> 0.015384615
B67: =B66+7 -> 43240 | C67: =D66+G66-H66 -> 3473.0091 | D67: =C67+(C67*0.03) -> 3577.1994 | E67: =C67/3250 -> 1.0686182 | F67: =(D67-C67)/E67 -> 97.5 | I67: =E67*50/C67 -> 0.015384615
A69: 14 | B69: =B67+7 -> 43247 | C69: =D67+G67-H67 -> 3577.1994 | D69: =C69+(C69*0.03) -> 3684.5154 | E69: =C69/3250 -> 1.1006767 | F69: =(D69-C69)/E69 -> 97.5 | I69: =E69*50/C69 -> 0.015384615
B70: =B69+7 -> 43254 | C70: =D69+G69-H69 -> 3684.5154 | D70: =C70+(C70*0.03) -> 3795.0509 | E70: =C70/3250 -> 1.133697 | F70: =(D70-C70)/E70 -> 97.5 | I70: =E70*50/C70 -> 0.015384615
B71: =B70+7 -> 43261 | C71: =D70+G70-H70 -> 3795.0509 | D71: =C71+(C71*0.03) -> 3908.9024 | E71: =C71/3250 -> 1.167708 | F71: =(D71-C71)/E71 -> 97.5 | I71: =E71*50/C71 -> 0.015384615
B72: =B71+7 -> 43268 | C72: =D71+G71-H71 -> 3908.9024 | D72: =C72+(C72*0.03) -> 4026.1695 | E72: =C72/3250 -> 1.2027392 | F72: =(D72-C72)/E72 -> 97.5 | I72: =E72*50/C72 -> 0.015384615
A74: 15 | B74: =B72+7 -> 43275 | C74: =D72+G72-H72 -> 4026.1695 | D74: =C74+(C74*0.03) -> 4146.9545 | E74: =C74/3250 -> 1.2388214 | F74: =(D74-C74)/E74 -> 97.5 | I74: =E74*50/C74 -> 0.015384615
B75: =B74+7 -> 43282 | C75: =D74+G74-H74 -> 4146.9545 | D75: =C75+(C75*0.03) -> 4271.3632 | E75: =C75/3250 -> 1.275986 | F75: =(D75-C75)/E75 -> 97.5 | I75: =E75*50/C75 -> 0.015384615
B76: =B75+7 -> 43289 | C76: =D75+G75-H75 -> 4271.3632 | D76: =C76+(C76*0.03) -> 4399.5041 | E76: =C76/3250 -> 1.3142656 | F76: =(D76-C76)/E76 -> 97.5 | I76: =E76*50/C76 -> 0.015384615
B77: =B76+7 -> 43296 | C77: =D76+G76-H76 -> 4399.5041 | D77: =C77+(C77*0.03) -> 4531.4892 | E77: =C77/3250 -> 1.3536936 | F77: =(D77-C77)/E77 -> 97.5 | H77: =(D77-C64)*0.35 -> 473.61785 | I77: =E77*50/C77 -> 0.015384615 | K77: Alligator Fund Management takes 35% of Winnings
A79: 16 | B79: =B77+7 -> 43303 | C79: =D77+G77-H77 -> 4057.8713 | D79: =C79+(C79*0.03) -> 4179.6075 | E79: =C79/3250 -> 1.2485758 | F79: =(D79-C79)/E79 -> 97.5 | I79: =E79*50/C79 -> 0.015384615
B80: =B79+7 -> 43310 | C80: =D79+G79-H79 -> 4179.6075 | D80: =C80+(C80*0.03) -> 4304.9957 | E80: =C80/3250 -> 1.2860331 | F80: =(D80-C80)/E80 -> 97.5 | I80: =E80*50/C80 -> 0.015384615
B81: =B80+7 -> 43317 | C81: =D80+G80-H80 -> 4304.9957 | D81: =C81+(C81*0.03) -> 4434.1456 | E81: =C81/3250 -> 1.3246141 | F81: =(D81-C81)/E81 -> 97.5 | I81: =E81*50/C81 -> 0.015384615
B82: =B81+7 -> 43324 | C82: =D81+G81-H81 -> 4434.1456 | D82: =C82+(C82*0.03) -> 4567.1699 | E82: =C82/3250 -> 1.3643525 | F82: =(D82-C82)/E82 -> 97.5 | I82: =E82*50/C82 -> 0.015384615
A84: 17 | B84: =B82+7 -> 43331 | C84: =D82+G82-H82 -> 4567.1699 | D84: =C84+(C84*0.03) -> 4704.185 | E84: =C84/3250 -> 1.4052831 | F84: =(D84-C84)/E84 -> 97.5 | I84: =E84*50/C84 -> 0.015384615
B85: =B84+7 -> 43338 | C85: =D84+G84-H84 -> 4704.185 | D85: =C85+(C85*0.03) -> 4845.3106 | E85: =C85/3250 -> 1.4474416 | F85: =(D85-C85)/E85 -> 97.5 | I85: =E85*50/C85 -> 0.015384615
B86: =B85+7 -> 43345 | C86: =D85+G85-H85 -> 4845.3106 | D86: =C86+(C86*0.03) -> 4990.6699 | E86: =C86/3250 -> 1.4908648 | F86: =(D86-C86)/E86 -> 97.5 | I86: =E86*50/C86 -> 0.015384615
B87: =B86+7 -> 43352 | C87: =D86+G86-H86 -> 4990.6699 | D87: =C87+(C87*0.03) -> 5140.39 | E87: =C87/3250 -> 1.5355907 | F87: =(D87-C87)/E87 -> 97.5 | I87: =E87*50/C87 -> 0.015384615
A89: 18 | B89: =B87+7 -> 43359 | C89: =D87+G87-H87 -> 5140.39 | D89: =C89+(C89*0.03) -> 5294.6017 | E89: =C89/3250 -> 1.5816585 | F89: =(D89-C89)/E89 -> 97.5 | I89: =E89*50/C89 -> 0.015384615
B90: =B89+7 -> 43366 | C90: =D89+G89-H89 -> 5294.6017 | D90: =C90+(C90*0.03) -> 5453.4398 | E90: =C90/3250 -> 1.6291082 | F90: =(D90-C90)/E90 -> 97.5 | I90: =E90*50/C90 -> 0.015384615
B91: =B90+7 -> 43373 | C91: =D90+G90-H90 -> 5453.4398 | D91: =C91+(C91*0.03) -> 5617.043 | E91: =C91/3250 -> 1.6779815 | F91: =(D91-C91)/E91 -> 97.5 | I91: =E91*50/C91 -> 0.015384615
B92: =B91+7 -> 43380 | C92: =D91+G91-H91 -> 5617.043 | D92: =C92+(C92*0.03) -> 5785.5542 | E92: =C92/3250 -> 1.7283209 | F92: =(D92-C92)/E92 -> 97.5 | H92: =(D92-C79)*0.35 -> 604.68902 | I92: =E92*50/C92 -> 0.015384615 | K92: Alligator Fund Management takes 35% of Winnings
A94: 19 | B94: =B92+7 -> 43387 | C94: =D92+G92-H92 -> 5180.8652 | D94: =C94+(C94*0.03) -> 5336.2912 | E94: =C94/3250 -> 1.5941124 | F94: =(D94-C94)/E94 -> 97.5 | I94: =E94*50/C94 -> 0.015384615
B95: =B94+7 -> 43394 | C95: =D94+G94-H94 -> 5336.2912 | D95: =C95+(C95*0.03) -> 5496.3799 | E95: =C95/3250 -> 1.6419357 | F95: =(D95-C95)/E95 -> 97.5 | I95: =E95*50/C95 -> 0.015384615
B96: =B95+7 -> 43401 | C96: =D95+G95-H95 -> 5496.3799 | D96: =C96+(C96*0.03) -> 5661.2713 | E96: =C96/3250 -> 1.6911938 | F96: =(D96-C96)/E96 -> 97.5 | I96: =E96*50/C96 -> 0.015384615
B97: =B96+7 -> 43408 | C97: =D96+G96-H96 -> 5661.2713 | D97: =C97+(C97*0.03) -> 5831.1095 | E97: =C97/3250 -> 1.7419296 | F97: =(D97-C97)/E97 -> 97.5 | I97: =E97*50/C97 -> 0.015384615
A99: 20 | B99: =B97+7 -> 43415 | C99: =D97+G97-H97 -> 5831.1095 | D99: =C99+(C99*0.03) -> 6006.0427 | E99: =C99/3250 -> 1.7941875 | F99: =(D99-C99)/E99 -> 97.5 | I99: =E99*50/C99 -> 0.015384615
B100: =B99+7 -> 43422 | C100: =D99+G99-H99 -> 6006.0427 | D100: =C100+(C100*0.03) -> 6186.224 | E100: =C100/3250 -> 1.8480132 | F100: =(D100-C100)/E100 -> 97.5 | I100: =E100*50/C100 -> 0.015384615
B101: =B100+7 -> 43429 | C101: =D100+G100-H100 -> 6186.224 | D101: =C101+(C101*0.03) -> 6371.8107 | E101: =C101/3250 -> 1.9034535 | F101: =(D101-C101)/E101 -> 97.5 | I101: =E101*50/C101 -> 0.015384615
B102: =B101+7 -> 43436 | C102: =D101+G101-H101 -> 6371.8107 | D102: =C102+(C102*0.03) -> 6562.9651 | E102: =C102/3250 -> 1.9605572 | F102: =(D102-C102)/E102 -> 97.5 | I102: =E102*50/C102 -> 0.015384615
A104: 21 | B104: =B102+7 -> 43443 | C104: =D102+G102-H102 -> 6562.9651 | D104: =C104+(C104*0.03) -> 6759.854 | E104: =C104/3250 -> 2.0193739 | F104: =(D104-C104)/E104 -> 97.5 | I104: =E104*50/C104 -> 0.015384615
B105: =B104+7 -> 43450 | C105: =D104+G104-H104 -> 6759.854 | D105: =C105+(C105*0.03) -> 6962.6496 | E105: =C105/3250 -> 2.0799551 | F105: =(D105-C105)/E105 -> 97.5 | I105: =E105*50/C105 -> 0.015384615
B106: =B105+7 -> 43457 | C106: =D105+G105-H105 -> 6962.6496 | D106: =C106+(C106*0.03) -> 7171.5291 | E106: =C106/3250 -> 2.1423537 | F106: =(D106-C106)/E106 -> 97.5 | I106: =E106*50/C106 -> 0.015384615
B107: =B106+7 -> 43464 | C107: =D106+G106-H106 -> 7171.5291 | D107: =C107+(C107*0.03) -> 7386.675 | E107: =C107/3250 -> 2.2066243 | F107: =(D107-C107)/E107 -> 97.5 | H107: =(D107-C94)*0.35 -> 772.03342 | I107: =E107*50/C107 -> 0.015384615 | K107: Alligator Fund Management takes 35% of Winnings
A109: 22 | B109: =B107+7 -> 43471 | C109: =D107+G107-H107 -> 6614.6416 | D109: =C109+(C109*0.03) -> 6813.0808 | E109: =C109/3250 -> 2.0352743 | F109: =(D109-C109)/E109 -> 97.5 | I109: =E109*50/C109 -> 0.015384615
B110: =B109+7 -> 43478 | C110: =D109+G109-H109 -> 6813.0808 | D110: =C110+(C110*0.03) -> 7017.4733 | E110: =C110/3250 -> 2.0963326 | F110: =(D110-C110)/E110 -> 97.5 | I110: =E110*50/C110 -> 0.015384615
B111: =B110+7 -> 43485 | C111: =D110+G110-H110 -> 7017.4733 | D111: =C111+(C111*0.03) -> 7227.9974 | E111: =C111/3250 -> 2.1592225 | F111: =(D111-C111)/E111 -> 97.5 | I111: =E111*50/C111 -> 0.015384615
B112: =B111+7 -> 43492 | C112: =D111+G111-H111 -> 7227.9974 | D112: =C112+(C112*0.03) -> 7444.8374 | E112: =C112/3250 -> 2.2239992 | F112: =(D112-C112)/E112 -> 97.5 | I112: =E112*50/C112 -> 0.015384615
A114: 23 | B114: =B112+7 -> 43499 | C114: =D112+G112-H112 -> 7444.8374 | D114: =C114+(C114*0.03) -> 7668.1825 | E114: =C114/3250 -> 2.2907192 | F114: =(D114-C114)/E114 -> 97.5 | I114: =E114*50/C114 -> 0.015384615
B115: =B114+7 -> 43506 | C115: =D114+G114-H114 -> 7668.1825 | D115: =C115+(C115*0.03) -> 7898.228 | E115: =C115/3250 -> 2.3594408 | F115: =(D115-C115)/E115 -> 97.5 | I115: =E115*50/C115 -> 0.015384615
B116: =B115+7 -> 43513 | C116: =D115+G115-H115 -> 7898.228 | D116: =C116+(C116*0.03) -> 8135.1748 | E116: =C116/3250 -> 2.430224 | F116: =(D116-C116)/E116 -> 97.5 | I116: =E116*50/C116 -> 0.015384615
B117: =B116+7 -> 43520 | C117: =D116+G116-H116 -> 8135.1748 | D117: =C117+(C117*0.03) -> 8379.2301 | E117: =C117/3250 -> 2.5031307 | F117: =(D117-C117)/E117 -> 97.5 | I117: =E117*50/C117 -> 0.015384615
A119: 24 | B119: =B117+7 -> 43527 | C119: =D117+G117-H117 -> 8379.2301 | D119: =C119+(C119*0.03) -> 8630.607 | E119: =C119/3250 -> 2.5782246 | F119: =(D119-C119)/E119 -> 97.5 | I119: =E119*50/C119 -> 0.015384615
B120: =B119+7 -> 43534 | C120: =D119+G119-H119 -> 8630.607 | D120: =C120+(C120*0.03) -> 8889.5252 | E120: =C120/3250 -> 2.6555714 | F120: =(D120-C120)/E120 -> 97.5 | I120: =E120*50/C120 -> 0.015384615
B121: =B120+7 -> 43541 | C121: =D120+G120-H120 -> 8889.5252 | D121: =C121+(C121*0.03) -> 9156.2109 | E121: =C121/3250 -> 2.7352385 | F121: =(D121-C121)/E121 -> 97.5 | I121: =E121*50/C121 -> 0.015384615
B122: =B121+7 -> 43548 | C122: =D121+G121-H121 -> 9156.2109 | D122: =C122+(C122*0.03) -> 9430.8972 | E122: =C122/3250 -> 2.8172957 | F122: =(D122-C122)/E122 -> 97.5 | H122: =(D122-C109)*0.35 -> 985.68948 | I122: =E122*50/C122 -> 0.015384615 | K122: Alligator Fund Management takes 35% of Winnings
A124: 25 | B124: =B122+7 -> 43555 | C124: =D122+G122-H122 -> 8445.2078 | D124: =C124+(C124*0.03) -> 8698.564 | E124: =C124/3250 -> 2.5985255 | F124: =(D124-C124)/E124 -> 97.5 | I124: =E124*50/C124 -> 0.015384615
B125: =B124+7 -> 43562 | C125: =D124+G124-H124 -> 8698.564 | D125: =C125+(C125*0.03) -> 8959.5209 | E125: =C125/3250 -> 2.6764812 | F125: =(D125-C125)/E125 -> 97.5 | I125: =E125*50/C125 -> 0.015384615
...

Sheet Dam_Perfomance
A2: Month | B2: Week | C2: Account | D2: Projected Return | E2: £ | F2: No | G2: Account | H2: Account | I2: MAX Risk | J2: Actual
B3: Commencing | C3: Equity | D3: Equity | E3: Per Pip | F3: Of Pips | G3: Top UP | H3: W/drawal | I3: % Per Trade | J3: % ROI
A4: 1 | B4: 42883 | C4: 2000 | D4: =C4+(C4*0.035) -> 2070 | E4: =C4/3250 -> 0.61538462 | F4: =(D4-C4)/E4 -> 113.75 | I4: =E4*50/C4 -> 0.015384615 | J4: =(D4-C4)/C4 -> 0.035
B5: =B4+7 -> 42890 | C5: =D4+G4-H4 -> 2070 | D5: =C5+(C5*0.1312) -> 2341.584 | E5: =C5/3250 -> 0.63692308 | F5: =(D5-C5)/E5 -> 426.4 | I5: =E5*50/C5 -> 0.015384615 | J5: =(D5-C4)/C4 -> 0.170792
B6: =B5+7 -> 42897 | C6: =D5+G5-H5 -> 2341.584 | D6: =C6+(C6*0.014) -> 2374.3662 | E6: =C6/3250 -> 0.72048738 | F6: =(D6-C6)/E6 -> 45.5 | I6: =E6*50/C6 -> 0.015384615 | J6: =(D6-$C4)/$C4 -> 0.18718309
B7: =B6+7 -> 42904 | C7: =D6+G6-H6 -> 2374.3662 | D7: =C7+(C7*0) -> 2374.3662 | E7: =C7/3250 -> 0.73057421 | F7: =(D7-C7)/E7 -> 0 | I7: =E7*50/C7 -> 0.015384615 | J7: =(D7-$C4)/$C4 -> 0.18718309
A9: 2 | B9: =B7+7 -> 42911 | C9: =D7+G7-H7 -> 2374.3662 | D9: =C9+(C9*0.015) -> 2409.9817 | E9: =C9/3250 -> 0.73057421 | F9: =(D9-C9)/E9 -> 48.75 | I9: =E9*50/C9 -> 0.015384615 | J9: =(D9-$C4)/$C4 -> 0.20499083
B10: =B9+7 -> 42918 | C10: =D9+G9-H9 -> 2409.9817 | D10: =C10+(C10*0.054) -> 2540.1207 | E10: =C10/3250 -> 0.74153282 | F10: =(D10-C10)/E10 -> 175.5 | I10: =E10*50/C10 -> 0.015384615 | J10: =(D10-$C4)/$C4 -> 0.27006034
B11: =B10+7 -> 42925 | C11: =D10+G10-H10 -> 2540.1207 | D11: =C11+(C11*0.0483) -> 2662.8085 | E11: =C11/3250 -> 0.78157559 | F11: =(D11-C11)/E11 -> 156.975 | I11: =E11*50/C11 -> 0.015384615 | J11: =(D11-$C4)/$C4 -> 0.33140425
B12: =B11+7 -> 42932 | C12: =D11+G11-H11 -> 2662.8085 | D12: =C12+(C12*-0.074) -> 2465.7607 | E12: =C12/3250 -> 0.81932569 | F12: =(D12-C12)/E12 -> -240.5 | I12: =E12*50/C12 -> 0.015384615 | J12: =(D12-$C4)/$C4 -> 0.23288034
A14: 3 | B14: =B12+7 -> 42939 | C14: =D12+G12-H12 -> 2465.7607 | D14: =C14+(C14*0.0427) -> 2571.0487 | E14: =C14/3250 -> 0.75869559 | F14: =(D14-C14)/E14 -> 138.775 | I14: =E14*50/C14 -> 0.015384615 | J14: =(D14-$C4)/$C4 -> 0.28552433
B15: =B14+7 -> 42946 | C15: =D14+G14-H14 -> 2571.0487 | D15: =C15+(C15*-0.0045) -> 2559.4789 | E15: =C15/3250 -> 0.7910919 | F15: =(D15-C15)/E15 -> -14.625 | I15: =E15*50/C15 -> 0.015384615 | J15: =(D15-$C4)/$C4 -> 0.27973947
B16: =B15+7 -> 42953 | C16: =D15+G15-H15 -> 2559.4789 | D16: =C16+(C16*-0.0326) -> 2476.0399 | E16: =C16/3250 -> 0.78753198 | F16: =(D16-C16)/E16 -> -105.95 | I16: =E16*50/C16 -> 0.015384615 | J16: =(D16-$C4)/$C4 -> 0.23801996
B17: =B16+7 -> 42960 | C17: =D16+G16-H16 -> 2476.0399 | D17: =C17+(C17*-0.02) -> 2426.5191 | E17: =C17/3250 -> 0.76185844 | F17: =(D17-C17)/E17 -> -65 | H17: =(D17-C4)*0.3 -> 127.95574 | I17: =E17*50/C17 -> 0.015384615 | J17: =(D17-C19)/$C4 -> 0.063977869 | K17: Alligator Fund Management takes 30% of Winnings
A19: 4 | B19: =B17+7 -> 42967 | C19: =D17+G17-H17 -> 2298.5634 | D19: =C19+(C19*0.0596) -> 2435.5578 | E19: =C19/3250 -> 0.70725027 | F19: =(D19-C19)/E19 -> 193.7 | I19: =E19*50/C19 -> 0.015384615 | J19: =(D19-$C4)/$C4 -> 0.21777888
B20: =B19+7 -> 42974 | C20: =D19+G19-H19 -> 2435.5578 | D20: =C20+(C20*-0.0884) -> 2220.2545 | E20: =C20/3250 -> 0.74940239 | F20: =(D20-C20)/E20 -> -287.3 | I20: =E20*50/C20 -> 0.015384615 | J20: =(D20-$C4)/$C4 -> 0.11012723
B21: =B20+7 -> 42981 | C21: =D20+G20-H20 -> 2220.2545 | D21: =C21+(C21*-0.0583) -> 2090.8136 | E21: =C21/5500 -> 0.40368263 | F21: =(D21-C21)/E21 -> -320.65 | I21: =E21*50/C21 -> 0.0090909091 | J21: =(D21-$C4)/$C4 -> 0.045406813
B22: =B21+7 -> 42988 | C22: =D21+G21-H21 -> 2090.8136 | D22: =C22+(C22*0.1119) -> 2324.7757 | E22: =C22/5500 -> 0.38014793 | F22: =(D22-C22)/E22 -> 615.45 | I22: =E22*50/C22 -> 0.0090909091 | J22: =(D22-$C4)/$C4 -> 0.16238784
A24: 5 | B24: =B22+7 -> 42995 | C24: =D22+G22-H22 -> 2324.7757 | D24: =C24+(C24*-0.073) -> 2155.067 | E24: =C24/5500 -> 0.42268649 | F24: =(D24-C24)/E24 -> -401.5 | I24: =E24*50/C24 -> 0.0090909091 | J24: =(D24-$C4)/$C4 -> 0.077533523
B25: =B24+7 -> 43002 | C25: =D24+G24-H24 -> 2155.067 | D25: =C25+(C25*-0.0103) -> 2132.8699 | E25: =C25/5500 -> 0.39183037 | F25: =(D25-C25)/E25 -> -56.65 | I25: =E25*50/C25 -> 0.0090909091 | J25: =(D25-$C4)/$C4 -> 0.066434928
B26: =B25+7 -> 43009 | C26: =D25+G25-H25 -> 2132.8699 | D26: =C26+(C26*-0.0544) -> 2016.8417 | E26: =C26/5500 -> 0.38779452 | F26: =(D26-C26)/E26 -> -299.2 | I26: =E26*50/C26 -> 0.0090909091 | J26: =(D26-$C4)/$C4 -> 0.008420868
B27: =B26+7 -> 43016 | C27: =D26+G26-H26 -> 2016.8417 | D27: =C27+(C27*-0.0579) -> 1900.0666 | E27: =C27/3000 -> 0.67228058 | F27: =(D27-C27)/E27 -> -173.7 | I27: =E27*50/C27 -> 0.016666667 | J27: =(D27-$C4)/$C4 -> -0.0499667
A29: 6 | B29: =B27+7 -> 43023 | C29: =D27+G27-H27 -> 1900.0666 | D29: =C29+(C29*0.0774) -> 2047.1318 | E29: =C29/3000 -> 0.63335553 | F29: =(D29-C29)/E29 -> 232.2 | I29: =E29*50/C29 -> 0.016666667 | J29: =(D29-$C4)/$C4 -> 0.023565877
B30: =B29+7 -> 43030 | C30: =D29+G29-H29 -> 2047.1318 | D30: =C30+(C30*0.0717) -> 2193.9111 | E30: =C30/3000 -> 0.68237725 | F30: =(D30-C30)/E30 -> 215.1 | I30: =E30*50/C30 -> 0.016666667 | J30: =(D30-$C4)/$C4 -> 0.09695555
B31: =B30+7 -> 43037 | C31: =D30+G30-H30 -> 2193.9111 | D31: =C31+(C31*0.09) -> 2391.3631 | E31: =C31/3000 -> 0.7313037 | F31: =(D31-C31)/E31 -> 270 | I31: =E31*50/C31 -> 0.016666667 | J31: =(D31-$C4)/$C4 -> 0.19568155
B32: =B31+7 -> 43044 | C32: =D31+G31-H31 -> 2391.3631 | D32: =C32+(C32*-0.0353) -> 2306.948 | E32: =C32/3000 -> 0.79712103 | F32: =(D32-C32)/E32 -> -105.9 | H32: =(D32-C19)*0.35 -> 2.9346076 | I32: =E32*50/C32 -> 0.016666667 | J32: =(D32-$C4)/$C4 -> 0.15347399 | K32: Alligator Fund Management takes 35% of Winnings
A34: 7 | B34: =B32+7 -> 43051 | C34: =D32+G32-H32 -> 2304.0134 | D34: =C34+(C34*-0.1562) -> 1944.1265 | E34: =C34/3000 -> 0.76800446 | F34: =(D34-C34)/E34 -> -468.6 | I34: =E34*50/C34 -> 0.016666667 | J34: =(D34-$C4)/$C4 -> -0.027936757
B35: =B34+7 -> 43058 | C35: =D34+G34-H34 -> 1944.1265 | D35: =C35+(C35*0.081) -> 2101.6007 | E35: =C35/2500 -> 0.77765059 | F35: =(D35-C35)/E35 -> 202.5 | I35: =E35*50/C35 -> 0.02 | J35: =(D35-$C4)/$C4 -> 0.050800366
B36: =B35+7 -> 43065 | C36: =D35+G35-H35 -> 2101.6007 | D36: =C36+(C36*-0.0343) -> 2029.5158 | E36: =C36/2500 -> 0.84064029 | F36: =(D36-C36)/E36 -> -85.75 | I36: =E36*50/C36 -> 0.02 | J36: =(D36-$C4)/$C4 -> 0.014757913
B37: =B36+7 -> 43072 | C37: =D36+G36-H36 -> 2029.5158 | D37: =C37+(C37*0.10018) -> 2232.8327 | E37: =C37/3250 -> 0.62446641 | F37: =(D37-C37)/E37 -> 325.585 | I37: =E37*50/C37 -> 0.015384615 | J37: =(D37-$C4)/$C4 -> 0.11641636
A39: 8 | B39: =B37+7 -> 43079 | C39: =D37+G37-H37 -> 2232.8327 | D39: =C39+(C39*0.0214) -> 2280.6153 | E39: =C39/3250 -> 0.68702545 | F39: =(D39-C39)/E39 -> 69.55 | I39: =E39*50/C39 -> 0.015384615 | J39: =(D39-$C4)/$C4 -> 0.14030767
B40: =B39+7 -> 43086 | C40: =D39+G39-H39 -> 2280.6153 | D40: =C40+(C40*0.0087) -> 2300.4567 | E40: =C40/3250 -> 0.7017278 | F40: =(D40-C40)/E40 -> 28.275 | I40: =E40*50/C40 -> 0.015384615 | J40: =(D40-$C4)/$C4 -> 0.15022835
B41: =B40+7 -> 43093 | C41: =D40+G40-H40 -> 2300.4567 | D41: =C41+(C41*0) -> 2300.4567 | E41: =C41/3250 -> 0.70783283 | F41: =(D41-C41)/E41 -> 0 | I41: =E41*50/C41 -> 0.015384615 | J41: =(D41-$C4)/$C4 -> 0.15022835
B42: =B41+7 -> 43100 | C42: =D41+G41-H41 -> 2300.4567 | D42: =C42+(C42*0) -> 2300.4567 | E42: =C42/3250 -> 0.70783283 | F42: =(D42-C42)/E42 -> 0 | I42: =E42*50/C42 -> 0.015384615 | J42: =(D42-$C4)/$C4 -> 0.15022835
A44: 9 | B44: =B42+7 -> 43107 | C44: =D42+G42-H42 -> 2300.4567 | D44: =C44+(C44*0.03) -> 2369.4704 | E44: =C44/3250 -> 0.70783283 | F44: =(D44-C44)/E44 -> 97.5 | I44: =E44*50/C44 -> 0.015384615
B45: =B44+7 -> 43114 | C45: =D44+G44-H44 -> 2369.4704 | D45: =C45+(C45*0.03) -> 2440.5545 | E45: =C45/3250 -> 0.72906781 | F45: =(D45-C45)/E45 -> 97.5 | I45: =E45*50/C45 -> 0.015384615
B46: =B45+7 -> 43121 | C46: =D45+G45-H45 -> 2440.5545 | D46: =C46+(C46*0.03) -> 2513.7711 | E46: =C46/3250 -> 0.75093985 | F46: =(D46-C46)/E46 -> 97.5 | I46: =E46*50/C46 -> 0.015384615
B47: =B46+7 -> 43128 | C47: =D46+G46-H46 -> 2513.7711 | D47: =C47+(C47*0.03) -> 2589.1843 | E47: =C47/3250 -> 0.77346804 | F47: =(D47-C47)/E47 -> 97.5 | H47: =(D47-C34)*0.35 -> 99.809816 | I47: =E47*50/C47 -> 0.015384615 | K47: Alligator Fund Management takes 35% of Winnings
A49: 10 | B49: =B47+7 -> 43135 | C49: =D47+G47-H47 -> 2489.3745 | D49: =C49+(C49*0.03) -> 2564.0557 | E49: =C49/3250 -> 0.76596137 | F49: =(D49-C49)/E49 -> 97.5 | I49: =E49*50/C49 -> 0.015384615
B50: =B49+7 -> 43142 | C50: =D49+G49-H49 -> 2564.0557 | D50: =C50+(C50*0.03) -> 2640.9774 | E50: =C50/3250 -> 0.78894021 | F50: =(D50-C50)/E50 -> 97.5 | I50: =E50*50/C50 -> 0.015384615
B51: =B50+7 -> 43149 | C51: =D50+G50-H50 -> 2640.9774 | D51: =C51+(C51*0.03) -> 2720.2067 | E51: =C51/3250 -> 0.81260842 | F51: =(D51-C51)/E51 -> 97.5 | I51: =E51*50/C51 -> 0.015384615
B52: =B51+7 -> 43156 | C52: =D51+G51-H51 -> 2720.2067 | D52: =C52+(C52*0.03) -> 2801.8129 | E52: =C52/3250 -> 0.83698667 | F52: =(D52-C52)/E52 -> 97.5 | I52: =E52*50/C52 -> 0.015384615
A54: 11 | B54: =B52+7 -> 43163 | C54: =D52+G52-H52 -> 2801.8129 | D54: =C54+(C54*0.03) -> 2885.8673 | E54: =C54/3250 -> 0.86209627 | F54: =(D54-C54)/E54 -> 97.5 | I54: =E54*50/C54 -> 0.015384615
B55: =B54+7 -> 43170 | C55: =D54+G54-H54 -> 2885.8673 | D55: =C55+(C55*0.03) -> 2972.4433 | E55: =C55/3250 -> 0.88795916 | F55: =(D55-C55)/E55 -> 97.5 | I55: =E55*50/C55 -> 0.015384615
B56: =B55+7 -> 43177 | C56: =D55+G55-H55 -> 2972.4433 | D56: =C56+(C56*0.03) -> 3061.6166 | E56: =C56/3250 -> 0.91459794 | F56: =(D56-C56)/E56 -> 97.5 | I56: =E56*50/C56 -> 0.015384615
B57: =B56+7 -> 43184 | C57: =D56+G56-H56 -> 3061.6166 | D57: =C57+(C57*0.03) -> 3153.4651 | E57: =C57/3250 -> 0.94203587 | F57: =(D57-C57)/E57 -> 97.5 | I57: =E57*50/C57 -> 0.015384615
A59: 12 | B59: =B57+7 -> 43191 | C59: =D57+G57-H57 -> 3153.4651 | D59: =C59+(C59*0.03) -> 3248.069 | E59: =C59/3250 -> 0.97029695 | F59: =(D59-C59)/E59 -> 97.5 | I59: =E59*50/C59 -> 0.015384615
B60: =B59+7 -> 43198 | C60: =D59+G59-H59 -> 3248.069 | D60: =C60+(C60*0.03) -> 3345.5111 | E60: =C60/3250 -> 0.99940586 | F60: =(D60-C60)/E60 -> 97.5 | I60: =E60*50/C60 -> 0.015384615
B61: =B60+7 -> 43205 | C61: =D60+G60-H60 -> 3345.5111 | D61: =C61+(C61*0.03) -> 3445.8764 | E61: =C61/3250 -> 1.029388 | F61: =(D61-C61)/E61 -> 97.5 | I61: =E61*50/C61 -> 0.015384615
B62: =B61+7 -> 43212 | C62: =D61+G61-H61 -> 3445.8764 | D62: =C62+(C62*0.03) -> 3549.2527 | E62: =C62/3250 -> 1.0602697 | F62: =(D62-C62)/E62 -> 97.5 | H62: =(D62-C49)*0.35 -> 370.9574 | I62: =E62*50/C62 -> 0.015384615 | K62: Alligator Fund Management takes 35% of Winnings
A64: 13 | B64: =B62+7 -> 43219 | C64: =D62+G62-H62 -> 3178.2953 | D64: =C64+(C64*0.03) -> 3273.6442 | E64: =C64/3250 -> 0.97793703 | F64: =(D64-C64)/E64 -> 97.5 | I64: =E64*50/C64 -> 0.015384615
B65: =B64+7 -> 43226 | C65: =D64+G64-H64 -> 3273.6442 | D65: =C65+(C65*0.03) -> 3371.8535 | E65: =C65/3250 -> 1.0072751 | F65: =(D65-C65)/E65 -> 97.5 | I65: =E65*50/C65 -> 0.015384615
B66: =B65+7 -> 43233 | C66: =D65+G65-H65 -> 3371.8535 | D66: =C66+(C66*0.03) -> 3473.0091 | E66: =C66/3250 -> 1.0374934 | F66: =(D66-C66)/E66 -> 97.5 | I66: =E66*50/C66 -> 0.015384615
B67: =B66+7 -> 43240 | C67: =D66+G66-H66 -> 3473.0091 | D67: =C67+(C67*0.03) -> 3577.1994 | E67: =C67/3250 -> 1.0686182 | F67: =(D67-C67)/E67 -> 97.5 | I67: =E67*50/C67 -> 0.015384615
A69: 14 | B69: =B67+7 -> 43247 | C69: =D67+G67-H67 -> 3577.1994 | D69: =C69+(C69*0.03) -> 3684.5154 | E69: =C69/3250 -> 1.1006767 | F69: =(D69-C69)/E69 -> 97.5 | I69: =E69*50/C69 -> 0.015384615
B70: =B69+7 -> 43254 | C70: =D69+G69-H69 -> 3684.5154 | D70: =C70+(C70*0.03) -> 3795.0509 | E70: =C70/3250 -> 1.133697 | F70: =(D70-C70)/E70 -> 97.5 | I70: =E70*50/C70 -> 0.015384615
B71: =B70+7 -> 43261 | C71: =D70+G70-H70 -> 3795.0509 | D71: =C71+(C71*0.03) -> 3908.9024 | E71: =C71/3250 -> 1.167708 | F71: =(D71-C71)/E71 -> 97.5 | I71: =E71*50/C71 -> 0.015384615
B72: =B71+7 -> 43268 | C72: =D71+G71-H71 -> 3908.9024 | D72: =C72+(C72*0.03) -> 4026.1695 | E72: =C72/3250 -> 1.2027392 | F72: =(D72-C72)/E72 -> 97.5 | I72: =E72*50/C72 -> 0.015384615
A74: 15 | B74: =B72+7 -> 43275 | C74: =D72+G72-H72 -> 4026.1695 | D74: =C74+(C74*0.03) -> 4146.9545 | E74: =C74/3250 -> 1.2388214 | F74: =(D74-C74)/E74 -> 97.5 | I74: =E74*50/C74 -> 0.015384615
B75: =B74+7 -> 43282 | C75: =D74+G74-H74 -> 4146.9545 | D75: =C75+(C75*0.03) -> 4271.3632 | E75: =C75/3250 -> 1.275986 | F75: =(D75-C75)/E75 -> 97.5 | I75: =E75*50/C75 -> 0.015384615
B76: =B75+7 -> 43289 | C76: =D75+G75-H75 -> 4271.3632 | D76: =C76+(C76*0.03) -> 4399.5041 | E76: =C76/3250 -> 1.3142656 | F76: =(D76-C76)/E76 -> 97.5 | I76: =E76*50/C76 -> 0.015384615
B77: =B76+7 -> 43296 | C77: =D76+G76-H76 -> 4399.5041 | D77: =C77+(C77*0.03) -> 4531.4892 | E77: =C77/3250 -> 1.3536936 | F77: =(D77-C77)/E77 -> 97.5 | H77: =(D77-C64)*0.35 -> 473.61785 | I77: =E77*50/C77 -> 0.015384615 | K77: Alligator Fund Management takes 35% of Winnings
A79: 16 | B79: =B77+7 -> 43303 | C79: =D77+G77-H77 -> 4057.8713 | D79: =C79+(C79*0.03) -> 4179.6075 | E79: =C79/3250 -> 1.2485758 | F79: =(D79-C79)/E79 -> 97.5 | I79: =E79*50/C79 -> 0.015384615
B80: =B79+7 -> 43310 | C80: =D79+G79-H79 -> 4179.6075 | D80: =C80+(C80*0.03) -> 4304.9957 | E80: =C80/3250 -> 1.2860331 | F80: =(D80-C80)/E80 -> 97.5 | I80: =E80*50/C80 -> 0.015384615
B81: =B80+7 -> 43317 | C81: =D80+G80-H80 -> 4304.9957 | D81: =C81+(C81*0.03) -> 4434.1456 | E81: =C81/3250 -> 1.3246141 | F81: =(D81-C81)/E81 -> 97.5 | I81: =E81*50/C81 -> 0.015384615
B82: =B81+7 -> 43324 | C82: =D81+G81-H81 -> 4434.1456 | D82: =C82+(C82*0.03) -> 4567.1699 | E82: =C82/3250 -> 1.3643525 | F82: =(D82-C82)/E82 -> 97.5 | I82: =E82*50/C82 -> 0.015384615
A84: 17 | B84: =B82+7 -> 43331 | C84: =D82+G82-H82 -> 4567.1699 | D84: =C84+(C84*0.03) -> 4704.185 | E84: =C84/3250 -> 1.4052831 | F84: =(D84-C84)/E84 -> 97.5 | I84: =E84*50/C84 -> 0.015384615
B85: =B84+7 -> 43338 | C85: =D84+G84-H84 -> 4704.185 | D85: =C85+(C85*0.03) -> 4845.3106 | E85: =C85/3250 -> 1.4474416 | F85: =(D85-C85)/E85 -> 97.5 | I85: =E85*50/C85 -> 0.015384615
B86: =B85+7 -> 43345 | C86: =D85+G85-H85 -> 4845.3106 | D86: =C86+(C86*0.03) -> 4990.6699 | E86: =C86/3250 -> 1.4908648 | F86: =(D86-C86)/E86 -> 97.5 | I86: =E86*50/C86 -> 0.015384615
B87: =B86+7 -> 43352 | C87: =D86+G86-H86 -> 4990.6699 | D87: =C87+(C87*0.03) -> 5140.39 | E87: =C87/3250 -> 1.5355907 | F87: =(D87-C87)/E87 -> 97.5 | I87: =E87*50/C87 -> 0.015384615
A89: 18 | B89: =B87+7 -> 43359 | C89: =D87+G87-H87 -> 5140.39 | D89: =C89+(C89*0.03) -> 5294.6017 | E89: =C89/3250 -> 1.5816585 | F89: =(D89-C89)/E89 -> 97.5 | I89: =E89*50/C89 -> 0.015384615
B90: =B89+7 -> 43366 | C90: =D89+G89-H89 -> 5294.6017 | D90: =C90+(C90*0.03) -> 5453.4398 | E90: =C90/3250 -> 1.6291082 | F90: =(D90-C90)/E90 -> 97.5 | I90: =E90*50/C90 -> 0.015384615
B91: =B90+7 -> 43373 | C91: =D90+G90-H90 -> 5453.4398 | D91: =C91+(C91*0.03) -> 5617.043 | E91: =C91/3250 -> 1.6779815 | F91: =(D91-C91)/E91 -> 97.5 | I91: =E91*50/C91 -> 0.015384615
B92: =B91+7 -> 43380 | C92: =D91+G91-H91 -> 5617.043 | D92: =C92+(C92*0.03) -> 5785.5542 | E92: =C92/3250 -> 1.7283209 | F92: =(D92-C92)/E92 -> 97.5 | H92: =(D92-C79)*0.35 -> 604.68902 | I92: =E92*50/C92 -> 0.015384615 | K92: Alligator Fund Management takes 35% of Winnings
A94: 19 | B94: =B92+7 -> 43387 | C94: =D92+G92-H92 -> 5180.8652 | D94: =C94+(C94*0.03) -> 5336.2912 | E94: =C94/3250 -> 1.5941124 | F94: =(D94-C94)/E94 -> 97.5 | I94: =E94*50/C94 -> 0.015384615
B95: =B94+7 -> 43394 | C95: =D94+G94-H94 -> 5336.2912 | D95: =C95+(C95*0.03) -> 5496.3799 | E95: =C95/3250 -> 1.6419357 | F95: =(D95-C95)/E95 -> 97.5 | I95: =E95*50/C95 -> 0.015384615
B96: =B95+7 -> 43401 | C96: =D95+G95-H95 -> 5496.3799 | D96: =C96+(C96*0.03) -> 5661.2713 | E96: =C96/3250 -> 1.6911938 | F96: =(D96-C96)/E96 -> 97.5 | I96: =E96*50/C96 -> 0.015384615
B97: =B96+7 -> 43408 | C97: =D96+G96-H96 -> 5661.2713 | D97: =C97+(C97*0.03) -> 5831.1095 | E97: =C97/3250 -> 1.7419296 | F97: =(D97-C97)/E97 -> 97.5 | I97: =E97*50/C97 -> 0.015384615
A99: 20 | B99: =B97+7 -> 43415 | C99: =D97+G97-H97 -> 5831.1095 | D99: =C99+(C99*0.03) -> 6006.0427 | E99: =C99/3250 -> 1.7941875 | F99: =(D99-C99)/E99 -> 97.5 | I99: =E99*50/C99 -> 0.015384615
B100: =B99+7 -> 43422 | C100: =D99+G99-H99 -> 6006.0427 | D100: =C100+(C100*0.03) -> 6186.224 | E100: =C100/3250 -> 1.8480132 | F100: =(D100-C100)/E100 -> 97.5 | I100: =E100*50/C100 -> 0.015384615
B101: =B100+7 -> 43429 | C101: =D100+G100-H100 -> 6186.224 | D101: =C101+(C101*0.03) -> 6371.8107 | E101: =C101/3250 -> 1.9034535 | F101: =(D101-C101)/E101 -> 97.5 | I101: =E101*50/C101 -> 0.015384615
B102: =B101+7 -> 43436 | C102: =D101+G101-H101 -> 6371.8107 | D102: =C102+(C102*0.03) -> 6562.9651 | E102: =C102/3250 -> 1.9605572 | F102: =(D102-C102)/E102 -> 97.5 | I102: =E102*50/C102 -> 0.015384615
A104: 21 | B104: =B102+7 -> 43443 | C104: =D102+G102-H102 -> 6562.9651 | D104: =C104+(C104*0.03) -> 6759.854 | E104: =C104/3250 -> 2.0193739 | F104: =(D104-C104)/E104 -> 97.5 | I104: =E104*50/C104 -> 0.015384615
B105: =B104+7 -> 43450 | C105: =D104+G104-H104 -> 6759.854 | D105: =C105+(C105*0.03) -> 6962.6496 | E105: =C105/3250 -> 2.0799551 | F105: =(D105-C105)/E105 -> 97.5 | I105: =E105*50/C105 -> 0.015384615
B106: =B105+7 -> 43457 | C106: =D105+G105-H105 -> 6962.6496 | D106: =C106+(C106*0.03) -> 7171.5291 | E106: =C106/3250 -> 2.1423537 | F106: =(D106-C106)/E106 -> 97.5 | I106: =E106*50/C106 -> 0.015384615
B107: =B106+7 -> 43464 | C107: =D106+G106-H106 -> 7171.5291 | D107: =C107+(C107*0.03) -> 7386.675 | E107: =C107/3250 -> 2.2066243 | F107: =(D107-C107)/E107 -> 97.5 | H107: =(D107-C94)*0.35 -> 772.03342 | I107: =E107*50/C107 -> 0.015384615 | K107: Alligator Fund Management takes 35% of Winnings
A109: 22 | B109: =B107+7 -> 43471 | C109: =D107+G107-H107 -> 6614.6416 | D109: =C109+(C109*0.03) -> 6813.0808 | E109: =C109/3250 -> 2.0352743 | F109: =(D109-C109)/E109 -> 97.5 | I109: =E109*50/C109 -> 0.015384615
B110: =B109+7 -> 43478 | C110: =D109+G109-H109 -> 6813.0808 | D110: =C110+(C110*0.03) -> 7017.4733 | E110: =C110/3250 -> 2.0963326 | F110: =(D110-C110)/E110 -> 97.5 | I110: =E110*50/C110 -> 0.015384615
B111: =B110+7 -> 43485 | C111: =D110+G110-H110 -> 7017.4733 | D111: =C111+(C111*0.03) -> 7227.9974 | E111: =C111/3250 -> 2.1592225 | F111: =(D111-C111)/E111 -> 97.5 | I111: =E111*50/C111 -> 0.015384615
B112: =B111+7 -> 43492 | C112: =D111+G111-H111 -> 7227.9974 | D112: =C112+(C112*0.03) -> 7444.8374 | E112: =C112/3250 -> 2.2239992 | F112: =(D112-C112)/E112 -> 97.5 | I112: =E112*50/C112 -> 0.015384615
A114: 23 | B114: =B112+7 -> 43499 | C114: =D112+G112-H112 -> 7444.8374 | D114: =C114+(C114*0.03) -> 7668.1825 | E114: =C114/3250 -> 2.2907192 | F114: =(D114-C114)/E114 -> 97.5 | I114: =E114*50/C114 -> 0.015384615
B115: =B114+7 -> 43506 | C115: =D114+G114-H114 -> 7668.1825 | D115: =C115+(C115*0.03) -> 7898.228 | E115: =C115/3250 -> 2.3594408 | F115: =(D115-C115)/E115 -> 97.5 | I115: =E115*50/C115 -> 0.015384615
B116: =B115+7 -> 43513 | C116: =D115+G115-H115 -> 7898.228 | D116: =C116+(C116*0.03) -> 8135.1748 | E116: =C116/3250 -> 2.430224 | F116: =(D116-C116)/E116 -> 97.5 | I116: =E116*50/C116 -> 0.015384615
B117: =B116+7 -> 43520 | C117: =D116+G116-H116 -> 8135.1748 | D117: =C117+(C117*0.03) -> 8379.2301 | E117: =C117/3250 -> 2.5031307 | F117: =(D117-C117)/E117 -> 97.5 | I117: =E117*50/C117 -> 0.015384615
A119: 24 | B119: =B117+7 -> 43527 | C119: =D117+G117-H117 -> 8379.2301 | D119: =C119+(C119*0.03) -> 8630.607 | E119: =C119/3250 -> 2.5782246 | F119: =(D119-C119)/E119 -> 97.5 | I119: =E119*50/C119 -> 0.015384615
B120: =B119+7 -> 43534 | C120: =D119+G119-H119 -> 8630.607 | D120: =C120+(C120*0.03) -> 8889.5252 | E120: =C120/3250 -> 2.6555714 | F120: =(D120-C120)/E120 -> 97.5 | I120: =E120*50/C120 -> 0.015384615
B121: =B120+7 -> 43541 | C121: =D120+G120-H120 -> 8889.5252 | D121: =C121+(C121*0.03) -> 9156.2109 | E121: =C121/3250 -> 2.7352385 | F121: =(D121-C121)/E121 -> 97.5 | I121: =E121*50/C121 -> 0.015384615
B122: =B121+7 -> 43548 | C122: =D121+G121-H121 -> 9156.2109 | D122: =C122+(C122*0.03) -> 9430.8972 | E122: =C122/3250 -> 2.8172957 | F122: =(D122-C122)/E122 -> 97.5 | H122: =(D122-C109)*0.35 -> 985.68948 | I122: =E122*50/C122 -> 0.015384615 | K122: Alligator Fund Management takes 35% of Winnings
A124: 25 | B124: =B122+7 -> 43555 | C124: =D122+G122-H122 -> 8445.2078 | D124: =C124+(C124*0.03) -> 8698.564 | E124: =C124/3250 -> 2.5985255 | F124: =(D124-C124)/E124 -> 97.5 | I124: =E124*50/C124 -> 0.015384615
B125: =B124+7 -> 43562 | C125: =D124+G124-H124 -> 8698.564 | D125: =C125+(C125*0.03) -> 8959.5209 | E125: =C125/3250 -> 2.6764812 | F125: =(D125-C125)/E125 -> 97.5 | I125: =E125*50/C125 -> 0.015384615
...

Sheet Taf_Perfomance
A1: 3.5% Per Week Target Alligator Fund Management Account (With) Intervention -- Expert Advisor
A2: Week | B2: EA Account | C2: EA Return | D2: EA £ | E2: EA No | F2: Account | G2: Account | H2: Ave Risk | I2: Max % | J2: Max % | K2: Actual | L2: Business
A3: Commencing | B3: Equity | C3: Equity | D3: Per Pip | E3: Of Pips | F3: Top UP | G3: W/drawal | H3: % Per Trade | I3: Flag | J3: Day | K3: % Profit | L3: Account
A4: 42386 | B4: 300 | C4: =B4+(B4*0.55) -> 465 | D4: =B4/2000 -> 0.15 | E4: =(C4-B4)/D4 -> 1100 | H4: =D4*50/B4 -> 0.025
A5: =A4+7 -> 42393 | B5: =C4+F4-G4 -> 465 | C5: =B5+(B5*0.51) -> 702.15 | D5: =B5/2000 -> 0.2325 | E5: =(C5-B5)/D5 -> 1020 | F5: 200 | H5: =D5*50/B5 -> 0.025
A6: =A5+7 -> 42400 | B6: =C5+F5-G5 -> 902.15 | C6: =B6+(B6*0.325) -> 1195.3488 | D6: =B6/2000 -> 0.451075 | E6: =(C6-B6)/D6 -> 650 | H6: =D6*50/B6 -> 0.025
A7: =A6+7 -> 42407 | B7: =C6+F6-G6 -> 1195.3488 | C7: =B7+(B7*0.25) -> 1494.1859 | D7: =B7/2000 -> 0.59767438 | E7: =(C7-B7)/D7 -> 500 | H7: =D7*50/B7 -> 0.025
E8: 3270
A9: =A7+7 -> 42414 | B9: =C7-G7 -> 1494.1859 | C9: =B9+(B9*-0.3) -> 1045.9302 | D9: =B9/2000 -> 0.74709297 | E9: =(C9-B9)/D9 -> -600 | H9: =D9*50/B9 -> 0.025 | M9: Discipline
A10: =A9+7 -> 42421 | B10: =C9+F9-G9 -> 1045.9302 | C10: =B10+(B10*-0.3) -> 732.15111 | D10: =B10/2000 -> 0.52296508 | E10: =(C10-B10)/D10 -> -600 | H10: =D10*50/B10 -> 0.025 | M10: Discipline
A11: =A10+7 -> 42428 | B11: =C10+F10-G10 -> 732.15111 | C11: =B11+(B11*-0.14) -> 629.64995 | D11: =B11/2000 -> 0.36607555 | E11: =(C11-B11)/D11 -> -280 | F11: 470 | H11: =D11*50/B11 -> 0.025 | M11: Discipline
A12: =A11+7 -> 42435 | B12: =C11+F11-G11 -> 1099.65 | C12: =B12+(B12*0.7) -> 1869.4049 | D12: =B12/2000 -> 0.54982498 | E12: =(C12-B12)/D12 -> 1400 | H12: =D12*50/B12 -> 0.025
E13: -80
A14: =A12+7 -> 42442 | B14: =C12+F12-G12 -> 1869.4049 | C14: =B14+(B14*-0.015) -> 1841.3638 | D14: =B14/2000 -> 0.93470246 | E14: =(C14-B14)/D14 -> -30 | H14: =D14*50/B14 -> 0.025
A15: =A14+7 -> 42449 | B15: =C14+F14-G14 -> 1841.3638 | C15: =B15+(B15*0.05) -> 1933.432 | D15: =B15/2000 -> 0.92068192 | E15: =(C15-B15)/D15 -> 100 | H15: =D15*50/B15 -> 0.025 | M15: Running Trades
A16: =A15+7 -> 42456 | B16: =C15+F15-G15 -> 1933.432 | C16: =B16+(B16*0.459) -> 2820.8773 | D16: =B16/2000 -> 0.96671602 | E16: =(C16-B16)/D16 -> 918 | H16: =D16*50/B16 -> 0.025 | M16: Running Trades
A17: =A16+7 -> 42463 | B17: =C16+F16-G16 -> 2820.8773 | C17: =B17+(B17*0.3) -> 3667.1406 | D17: =B17/2000 -> 1.4104387 | E17: =(C17-B17)/D17 -> 600 | H17: =D17*50/B17 -> 0.025 | M17: Running Trades
E18: 1588
A19: =A17+7 -> 42470 | B19: =C17+F17-G17 -> 3667.1406 | C19: =B19+(B19*0.474) -> 5405.3652 | D19: =B19/2000 -> 1.8335703 | E19: =(C19-B19)/D19 -> 948 | H19: =D19*50/B19 -> 0.025 | M19: Running Trades | N19: Transition To Live01
A20: =A19+7 -> 42477 | B20: =C19+F19-G19 -> 5405.3652 | C20: =B20+(B20*0.07) -> 5783.7407 | D20: =B20/4000 -> 1.3513413 | E20: =(C20-B20)/D20 -> 280 | H20: =D20*50/B20 -> 0.0125 | M20: Running Trades
A21: =A20+7 -> 42484 | B21: =C20+F20-G20 -> 5783.7407 | C21: =B21+(B21*-0.184) -> 4719.5324 | D21: =B21/4000 -> 1.4459352 | E21: =(C21-B21)/D21 -> -736 | H21: =D21*50/B21 -> 0.0125 | I21: 0.1 | J21: Mon | K21: -0.18 | M21: Running Trades
A22: =A21+7 -> 42491 | B22: =C21+F21-G21 -> 4719.5324 | C22: =B22+(B22*0.179) -> 5564.3287 | D22: =B22/4500 -> 1.048785 | E22: =(C22-B22)/D22 -> 805.5 | H22: =D22*50/B22 -> 0.011111111 | I22: 0.17 | J22: Fri | K22: 0.17
E23: 1298
A24: =A22+7 -> 42498 | B24: =C22+F22-G22 -> 5564.3287 | C24: =B24+(B24*-0.12975) -> 4842.3571 | D24: =B24/4500 -> 1.2365175 | E24: =(C24-B24)/D24 -> -583.875 | H24: =D24*50/B24 -> 0.011111111 | I24: -0.12 | J24: Lost | K24: -0.12
A25: =A24+7 -> 42505 | B25: =C24+F24-G24 -> 4842.3571 | C25: =B25+(B25*0.014) -> 4910.1501 | D25: =B25/4500 -> 1.0760794 | E25: =(C25-B25)/D25 -> 63 | G25: 1500 | H25: =D25*50/B25 -> 0.011111111 | I25: 0.1 | J25: Wed | K25: 0.01
A26: =A25+7 -> 42512 | B26: =C25+F25-G25 -> 3410.1501 | C26: =B26+(B26*0.017) -> 3468.1226 | D26: =B26/4500 -> 0.75781113 | E26: =(C26-B26)/D26 -> 76.5 | H26: =D26*50/B26 -> 0.011111111 | I26: 0.06 | J26: Wed | K26: 0.01 | M26: Running Trades
A27: =A26+7 -> 42519 | B27: =C26+F26-G26 -> 3468.1226 | C27: =B27+(B27*-0.193) -> 2798.775 | D27: =B27/4500 -> 0.77069392 | E27: =(C27-B27)/D27 -> -868.5 | F27: 1500 | H27: =D27*50/B27 -> 0.011111111 | I27: 0.06 | J27: Thur | K27: -0.12
E28: -1313
A29: =A27+7 -> 42526 | B29: =C27+F27-G27 -> 4298.775 | C29: =B29+(B29*-0.0986) -> 3874.9158 | D29: =B29/4500 -> 0.95528333 | E29: =(C29-B29)/D29 -> -443.7 | H29: =D29*50/B29 -> 0.011111111 | I29: -0.09 | J29: Lost | K29: -0.09
A30: =A29+7 -> 42533 | B30: =C29+F29-G29 -> 3874.9158 | C30: =B30+(B30*-0.05) -> 3681.17 | D30: =B30/15000 -> 0.25832772 | E30: =(C30-B30)/D30 -> -750 | H30: =D30*50/B30 -> 0.0033333333 | M30: BREXIT TRADING
A31: =A30+7 -> 42540 | B31: =C30+F30-G30 -> 3681.17 | C31: =B31+(B31*0.1) -> 4049.287 | D31: =B31/15000 -> 0.24541133 | E31: =(C31-B31)/D31 -> 1500 | H31: =D31*50/B31 -> 0.0033333333 | M31: BREXIT TRADING
A32: =A31+7 -> 42547 | B32: =C31+F31-G31 -> 4049.287 | C32: =B32+(B32*-0.117) -> 3575.5204 | D32: =B32/10000 -> 0.4049287 | E32: =(C32-B32)/D32 -> -1170 | G32: 2000 | H32: =D32*50/B32 -> 0.005 | M32: Normal Trading Resumes
E33: -864
A34: =A32+7 -> 42554 | B34: =C32+F32-G32 -> 1575.5204 | C34: =B34+(B34*-0.047) -> 1501.4709 | D34: =B34/10000 -> 0.15755204 | E34: =(C34-B34)/D34 -> -470 | F34: 615 | G34: 200 | H34: =D34*50/B34 -> 0.005 | M34: Trading Suspended due to Post Brexit Volatility
A35: =A34+7 -> 42561 | B35: =C34+F34-G34 -> 1916.4709 | C35: =B35+(B35*0.226) -> 2349.5934 | D35: =B35/10000 -> 0.19164709 | E35: =(C35-B35)/D35 -> 2260 | F35: 1350 | H35: =D35*50/B35 -> 0.005 | M35: Normal Trading Resumes
A36: =A35+7 -> 42568 | B36: =C35+F35-G35 -> 3699.5934 | C36: =B36+(B36*-0.207277) -> 2932.7528 | D36: =B36/10000 -> 0.36995934 | E36: =(C36-B36)/D36 -> -2072.77 | H36: =D36*50/B36 -> 0.005
A37: =A36+7 -> 42575 | B37: =C36+F36-G36 -> 2932.7528 | C37: =B37+(B37*-0.1674) -> 2441.8099 | D37: =B37/10000 -> 0.29327528 | E37: =(C37-B37)/D37 -> -1674 | H37: =D37*50/B37 -> 0.005
E38: -1957
A39: =A37+7 -> 42582 | B39: =C37+F37-G37 -> 2441.8099 | C39: =B39+(B39*-0.0021) -> 2436.6821 | D39: =B39/7000 -> 0.34882999 | E39: =(C39-B39)/D39 -> -14.7 | H39: =D39*50/B39 -> 0.0071428571
A40: =A39+7 -> 42589 | B40: =C39+F39-G39 -> 2436.6821 | C40: =B40+(B40*-0.05) -> 2314.848 | D40: =B40/7000 -> 0.34809745 | E40: =(C40-B40)/D40 -> -350 | H40: =D40*50/B40 -> 0.0071428571
A41: =A40+7 -> 42596 | B41: =C40+F40-G40 -> 2314.848 | C41: =B41+(B41*-0.039) -> 2224.569 | D41: =B41/7000 -> 0.33069258 | E41: =(C41-B41)/D41 -> -273 | H41: =D41*50/B41 -> 0.0071428571
A42: =A41+7 -> 42603 | B42: =C41+F41-G41 -> 2224.569 | C42: =B42+(B42*-0.035) -> 2146.709 | D42: =B42/7000 -> 0.31779557 | E42: =(C42-B42)/D42 -> -245 | H42: =D42*50/B42 -> 0.0071428571
E43: -883
A44: =A42+7 -> 42610 | B44: =C42+F42-G42 -> 2146.709 | C44: =B44+(B44*0.16) -> 2490.1825 | D44: =B44/7000 -> 0.30667272 | E44: =(C44-B44)/D44 -> 1120 | F44: 3400 | H44: =D44*50/B44 -> 0.0071428571
A45: =A44+7 -> 42617 | B45: =C44+F44-G44 -> 5890.1825 | C45: =B45+(B45*0.128) -> 6644.1259 | D45: =B45/7000 -> 0.84145464 | E45: =(C45-B45)/D45 -> 896 | H45: =D45*50/B45 -> 0.0071428571 | M45: Start of the 100% Working EA
A46: =A45+7 -> 42624 | B46: =C45+F45-G45 -> 6644.1259 | C46: =B46+(B46*0.0724) -> 7125.1606 | D46: =B46/7000 -> 0.94916084 | E46: =(C46-B46)/D46 -> 506.8 | H46: =D46*50/B46 -> 0.0071428571
A47: =A46+7 -> 42631 | B47: =C46+F46-G46 -> 7125.1606 | C47: =B47+(B47*-0.17) -> 5913.8833 | D47: =B47/5000 -> 1.4250321 | E47: =(C47-B47)/D47 -> -850 | G47: 500 | H47: =D47*50/B47 -> 0.01
E48: 1673
A49: =A47+7 -> 42638 | B49: =C47+F47-G47 -> 5413.8833 | C49: =B49+(B49*-0.26) -> 4006.2736 | D49: =B49/5000 -> 1.0827767 | E49: =(C49-B49)/D49 -> -1300 | H49: =D49*50/B49 -> 0.01
A50: =A49+7 -> 42645 | B50: =C49+F49-G49 -> 4006.2736 | C50: =B50+(B50*0.17835) -> 4720.7925 | D50: =B50/4000 -> 1.0015684 | E50: =(C50-B50)/D50 -> 713.4 | H50: =D50*50/B50 -> 0.0125 | I50: 0.2 | J50: Tue | K50: 0.17
A51: =A50+7 -> 42652 | B51: =C50+F50-G50 -> 4720.7925 | C51: =B51+(B51*0.19) -> 5617.7431 | D51: =B51/4000 -> 1.1801981 | E51: =(C51-B51)/D51 -> 760 | H51: =D51*50/B51 -> 0.0125 | I51: 0.22 | J51: Thur | K51: 0.19
A52: =A51+7 -> 42659 | B52: =C51+F51-G51 -> 5617.7431 | C52: =B52+(B52*0.085) -> 6095.2513 | D52: =B52/4000 -> 1.4044358 | E52: =(C52-B52)/D52 -> 340 | H52: =D52*50/B52 -> 0.0125 | I52: 0.1 | J52: Tue | K52: 0.08
E53: 513
A54: =A52+7 -> 42666 | B54: =C52+F52-G52 -> 6095.2513 | C54: =B54+(B54*-0.053) -> 5772.2029 | D54: =B54/4000 -> 1.5238128 | E54: =(C54-B54)/D54 -> -212 | G54: 350 | H54: =D54*50/B54 -> 0.0125 | I54: 0.1 | J54: Mon | K54: -0.05
A55: =A54+7 -> 42673 | B55: =C54+F54-G54 -> 5422.2029 | C55: =B55+(B55*0.255) -> 6804.8647 | D55: =B55/4000 -> 1.3555507 | E55: =(C55-B55)/D55 -> 1020 | G55: 108 | H55: =D55*50/B55 -> 0.0125 | I55: 0.3 | J55: Thur | K55: 0.25
A56: =A55+7 -> 42680 | B56: =C55+F55-G55 -> 6696.8647 | C56: =B56+(B56*0.043) -> 6984.8299 | D56: =B56/3250 -> 2.0605738 | E56: =(C56-B56)/D56 -> 139.75 | G56: =D56*50 -> 103.02869 | H56: =D56*50/B56 -> 0.015384615 | I56: 0.15 | J56: Thur | K56: 0.04
A57: =A56+7 -> 42687 | B57: =C56+F56-G56 -> 6881.8012 | C57: =B57+(B57*0.14) -> 7845.2534 | D57: =B57/3250 -> 2.1174773 | E57: =(C57-B57)/D57 -> 455 | G57: 103 | H57: =D57*50/B57 -> 0.015384615 | I57: 0.14 | J57: Thur | K57: 0.14
E58: 1403
A59: =A57+7 -> 42694 | B59: =C57+F57-G57 -> 7742.2534 | C59: =B59+(B59*0.075) -> 8322.9224 | D59: =B59/3250 -> 2.3822318 | E59: =(C59-B59)/D59 -> 243.75 | G59: 112 | H59: =D59*50/B59 -> 0.015384615 | I59: 0.07 | J59: Fri | K59: 0.07
A60: =A59+7 -> 42701 | B60: =C59+F59-G59 -> 8210.9224 | C60: =B60+(B60*-0.1780035) -> 6749.3494 | D60: =B60/3250 -> 2.5264376 | E60: =(C60-B60)/D60 -> -578.51137 | H60: =D60*50/B60 -> 0.015384615 | I60: -0.17 | J60: Fri | K60: -0.17
A61: =A60+7 -> 42708 | B61: =C60+F60-G60 -> 6749.3494 | C61: =B61+(B61*0.0164) -> 6860.0388 | D61: =B61/3250 -> 2.0767229 | E61: =(C61-B61)/D61 -> 53.3 | G61: 100 | H61: =D61*50/B61 -> 0.015384615 | I61: 0.07 | J61: Tue | K61: 0.01
A62: =A61+7 -> 42715 | B62: =C61+F61-G61 -> 6760.0388 | C62: =B62+(B62*-0.17985) -> 5544.2458 | D62: =B62/3250 -> 2.0800119 | E62: =(C62-B62)/D62 -> -584.5125 | H62: =D62*50/B62 -> 0.015384615 | I62: 0.1 | J62: Mon | K62: -0.18
E63: -866
A64: =A62+7 -> 42722 | B64: =C62+F62-G62 -> 5544.2458 | C64: =B64+(B64*0.07) -> 5932.343 | D64: =B64/3250 -> 1.7059218 | E64: =(C64-B64)/D64 -> 227.5 | H64: =D64*50/B64 -> 0.015384615 | I64: 0.07 | J64: Fri | K64: 0.07
A65: =A64+7 -> 42729 | B65: =C64+F64-G64 -> 5932.343 | C65: =B65+(B65*-0.0815) -> 5448.857 | D65: =B65/3250 -> 1.8253363 | E65: =(C65-B65)/D65 -> -264.875 | H65: =D65*50/B65 -> 0.015384615 | I65: 0.04 | J65: Tue | K65: -0.08
A66: =A65+7 -> 42736 | B66: =C65+F65-G65 -> 5448.857 | C66: =B66+(B66*-0.096) -> 4925.7668 | D66: =B66/3250 -> 1.6765714 | E66: =(C66-B66)/D66 -> -312 | H66: =D66*50/B66 -> 0.015384615 | I66: 0.03 | J66: Fri | K66: -0.09
A67: =A66+7 -> 42743 | B67: =C66+F66-G66 -> 4925.7668 | C67: =B67+(B67*-0.0311) -> 4772.5754 | D67: =B67/3250 -> 1.5156205 | E67: =(C67-B67)/D67 -> -101.075 | H67: =D67*50/B67 -> 0.015384615 | I67: 0.07 | J67: Wed | K67: -0.03
E68: -450
A69: =A67+7 -> 42750 | B69: =C67+F67-G67 -> 4772.5754 | C69: =B69+(B69*-0.02) -> 4677.1239 | D69: =B69/3000 -> 1.5908585 | E69: =(C69-B69)/D69 -> -60 | G69: 3820 | H69: =D69*50/B69 -> 0.016666667 | I69: -0.02 | J69: Mon | K69: -0.02 | M69: Transfered to Martingale and Lost
A70: =A69+7 -> 42757 | B70: =C69+F69-G69 -> 857.12392 | C70: =B70+(B70*0.036) -> 887.98038 | D70: =B70/3000 -> 0.28570797 | E70: =(C70-B70)/D70 -> 108 | H70: =D70*50/B70 -> 0.016666667 | I70: 0.11 | J70: Wed | K70: 0.05
A71: =A70+7 -> 42764 | B71: =C70+F70-G70 -> 887.98038 | C71: =B71+(B71*-0.0015) -> 886.64841 | D71: =B71/3000 -> 0.29599346 | E71: =(C71-B71)/D71 -> -4.5 | H71: =D71*50/B71 -> 0.016666667 | I71: 0.04 | J71: Thur | K71: -0.01
A72: =A71+7 -> 42771 | B72: =C71+F71-G71 -> 886.64841 | C72: =B72+(B72*-0.053) -> 839.65604 | D72: =B72/3000 -> 0.29554947 | E72: =(C72-B72)/D72 -> -159 | H72: =D72*50/B72 -> 0.016666667 | I72: 0.1 | J72: Fri | K72: -0.05
A74: =A72+7 -> 42778 | B74: =C72+F72-G72 -> 839.65604 | C74: =B74+(B74*0.05) -> 881.63884 | D74: =B74/3000 -> 0.27988535 | E74: =(C74-B74)/D74 -> 150 | F74: 700 | H74: =D74*50/B74 -> 0.016666667 | J74: Thur | K74: 0.05 | M74: 5% Weekly Target
A75: =A74+7 -> 42785 | B75: =C74+F74-G74 -> 1581.6388 | C75: =B75+(B75*0.05) -> 1660.7208 | D75: =B75/3000 -> 0.52721295 | E75: =(C75-B75)/D75 -> 150 | H75: =D75*50/B75 -> 0.016666667 | J75: Mon | K75: 0.05
A76: =A75+7 -> 42792 | B76: =C75+F75-G75 -> 1660.7208 | C76: =B76+(B76*-0.31) -> 1145.8973 | D76: =B76/3000 -> 0.5535736 | E76: =(C76-B76)/D76 -> -930 | H76: =D76*50/B76 -> 0.016666667 | J76: Fri | K76: -0.31
A77: =A76+7 -> 42799 | B77: =C76+F76-G76 -> 1145.8973 | C77: =B77+(B77*-0.05) -> 1088.6025 | D77: =B77/2500 -> 0.45835894 | E77: =(C77-B77)/D77 -> -125 | F77: 250 | H77: =D77*50/B77 -> 0.02 | J77: Fri | K77: -0.05
A79: =A77+7 -> 42806 | B79: =C77+F77-G77 -> 1338.6025 | C79: =B79+(B79*0.108) -> 1483.1715 | D79: =B79/2500 -> 0.53544099 | E79: =(C79-B79)/D79 -> 270 | F79: 250 | H79: =D79*50/B79 -> 0.02 | M79: 5% Per Week Portifolio Target
A80: =A79+7 -> 42813 | B80: =C79+F79-G79 -> 1733.1715 | C80: =B80+(B80*0.05) -> 1819.8301 | D80: =B80/2500 -> 0.69326862 | E80: =(C80-B80)/D80 -> 125 | H80: =D80*50/B80 -> 0.02
A81: =A80+7 -> 42820 | B81: =C80+F80-G80 -> 1819.8301 | C81: =B81+(B81*0.01) -> 1838.0284 | D81: =B81/2500 -> 0.72793205 | E81: =(C81-B81)/D81 -> 25 | H81: =D81*50/B81 -> 0.02
A82: =A81+7 -> 42827 | B82: =C81+F81-G81 -> 1838.0284 | C82: =B82+(B82*-0.17042) -> 1524.7916 | D82: =B82/2500 -> 0.73521137 | E82: =(C82-B82)/D82 -> -426.05 | H82: =D82*50/B82 -> 0.02
A83: The Birth of Alligator Fund Management_TakeProfit Trading Strategy
A84: =A82+7 -> 42834 | B84: =C82+F82-G82 -> 1524.7916 | C84: =B84+(B84*0.115) -> 1700.1427 | D84: =B84/2500 -> 0.60991665 | E84: =(C84-B84)/D84 -> 287.5 | H84: =D84*50/B84 -> 0.02
A85: =A84+7 -> 42841 | B85: =C84+F84-G84 -> 1700.1427 | C85: =B85+(B85*0.025) -> 1742.6462 | D85: =B85/2500 -> 0.68005706 | E85: =(C85-B85)/D85 -> 62.5 | H85: =D85*50/B85 -> 0.02
A86: =A85+7 -> 42848 | B86: =C85+F85-G85 -> 1742.6462 | C86: =B86+(B86*0.07251) -> 1869.0055 | D86: =B86/2500 -> 0.69705849 | E86: =(C86-B86)/D86 -> 181.275 | H86: =D86*50/B86 -> 0.02
A87: =A86+7 -> 42855 | B87: =C86+F86-G86 -> 1869.0055 | C87: =B87+(B87*0) -> 1869.0055 | D87: =B87/2500 -> 0.7476022 | E87: =(C87-B87)/D87 -> 0 | H87: =D87*50/B87 -> 0.02
A89: =A87+7 -> 42862 | B89: =C87+F87-G87 -> 1869.0055 | C89: =B89+(B89*0.034) -> 1932.5517 | D89: =B89/2500 -> 0.7476022 | E89: =(C89-B89)/D89 -> 85 | H89: =D89*50/B89 -> 0.02
A90: =A89+7 -> 42869 | B90: =C89+F89-G89 -> 1932.5517 | C90: =B90+(B90*0.024) -> 1978.9329 | D90: =B90/2500 -> 0.77302067 | E90: =(C90-B90)/D90 -> 60 | H90: =D90*50/B90 -> 0.02
A91: =A90+7 -> 42876 | B91: =C90+F90-G90 -> 1978.9329 | C91: =B91+(B91*0.054) -> 2085.7953 | D91: =B91/2500 -> 0.79157317 | E91: =(C91-B91)/D91 -> 135 | G91: 785 | H91: =D91*50/B91 -> 0.02
A93: =A91+7 -> 42883 | B93: =C91+F91-G91 -> 1300.7953 | C93: =B93+(B93*0.035) -> 1346.3231 | D93: =B93/3250 -> 0.40024471 | E93: =(C93-B93)/D93 -> 113.75 | H93: =D93*50/B93 -> 0.015384615
A94: =A93+7 -> 42890 | B94: =C93+F93-G93 -> 1346.3231 | C94: =B94+(B94*0.1312) -> 1522.9607 | D94: =B94/3250 -> 0.41425327 | E94: =(C94-B94)/D94 -> 426.4 | H94: =D94*50/B94 -> 0.015384615
A95: =A94+7 -> 42897 | B95: =C94+F94-G94 -> 1522.9607 | C95: =B95+(B95*0.014) -> 1544.2822 | D95: =B95/3250 -> 0.4686033 | E95: =(C95-B95)/D95 -> 45.5 | H95: =D95*50/B95 -> 0.015384615
A96: =A95+7 -> 42904 | B96: =C95+F95-G95 -> 1544.2822 | C96: =B96+(B96*0) -> 1544.2822 | D96: =B96/3250 -> 0.47516375 | E96: =(C96-B96)/D96 -> 0 | H96: =D96*50/B96 -> 0.015384615
A98: =A96+7 -> 42911 | B98: =C96+F96-G96 -> 1544.2822 | C98: =B98+(B98*0.015) -> 1567.4464 | D98: =B98/3250 -> 0.47516375 | E98: =(C98-B98)/D98 -> 48.75 | H98: =D98*50/B98 -> 0.015384615
A99: =A98+7 -> 42918 | B99: =C98+F98-G98 -> 1567.4464 | C99: =B99+(B99*0.054) -> 1652.0885 | D99: =B99/3250 -> 0.48229121 | E99: =(C99-B99)/D99 -> 175.5 | H99: =D99*50/B99 -> 0.015384615
A100: =A99+7 -> 42925 | B100: =C99+F99-G99 -> 1652.0885 | C100: =B100+(B100*0.0483) -> 1731.8844 | D100: =B100/3250 -> 0.50833493 | E100: =(C100-B100)/D100 -> 156.975 | H100: =D100*50/B100 -> 0.015384615
A101: =A100+7 -> 42932 | B101: =C100+F100-G100 -> 1731.8844 | C101: =B101+(B101*-0.074) -> 1603.725 | D101: =B101/3250 -> 0.53288751 | E101: =(C101-B101)/D101 -> -240.5 | H101: =D101*50/B101 -> 0.015384615
A103: =A101+7 -> 42939 | B103: =C101+F101-G101 -> 1603.725 | C103: =B103+(B103*0.0427) -> 1672.204 | D103: =B103/3250 -> 0.49345383 | E103: =(C103-B103)/D103 -> 138.775 | H103: =D103*50/B103 -> 0.015384615
A104: =A103+7 -> 42946 | B104: =C103+F103-G103 -> 1672.204 | C104: =B104+(B104*-0.0045) -> 1664.6791 | D104: =B104/3250 -> 0.51452431 | E104: =(C104-B104)/D104 -> -14.625 | H104: =D104*50/B104 -> 0.015384615
A105: =A104+7 -> 42953 | B105: =C104+F104-G104 -> 1664.6791 | C105: =B105+(B105*-0.0326) -> 1610.4106 | D105: =B105/3250 -> 0.51220895 | E105: =(C105-B105)/D105 -> -105.95 | H105: =D105*50/B105 -> 0.015384615
A106: =A105+7 -> 42960 | B106: =C105+F105-G105 -> 1610.4106 | C106: =B106+(B106*-0.02) -> 1578.2023 | D106: =B106/3250 -> 0.49551094 | E106: =(C106-B106)/D106 -> -65 | H106: =D106*50/B106 -> 0.015384615
...

Sheet Account_Perfomance
A2: Week | B2: EA Account | C2: EA Return | D2: EA £ | E2: EA No | F2: Account | G2: Account | H2: Ave Risk
A3: Commencing | B3: Equity | C3: Equity | D3: Per Pip | E3: Of Pips | F3: Top UP | G3: W/drawal | H3: % Per Trade
A4: 42883 | B4: 5300.8 | C4: =B4+(B4*0.035) -> 5486.328 | D4: =B4/3250 -> 1.6310154 | E4: =(C4-B4)/D4 -> 113.75 | H4: =D4*50/B4 -> 0.015384615
A5: =A4+7 -> 42890 | B5: =C4 -> 5486.328 | C5: =B5+(B5*0.1312) -> 6206.1342 | D5: =B5/3250 -> 1.6881009 | E5: =(C5-B5)/D5 -> 426.4 | H5: =D5*50/B5 -> 0.015384615
A6: =A5+7 -> 42897 | B6: =C5+F5-G5 -> 6206.1342 | C6: =B6+(B6*0.014) -> 6293.0201 | D6: =B6/3250 -> 1.9095798 | E6: =(C6-B6)/D6 -> 45.5 | F6: 200 | H6: =D6*50/B6 -> 0.015384615
A7: =A6+7 -> 42904 | B7: =C6+F6-G6 -> 6493.0201 | C7: =B7+(B7*0) -> 6493.0201 | D7: =B7/3250 -> 1.9978523 | E7: =(C7-B7)/D7 -> 0 | H7: =D7*50/B7 -> 0.015384615
A9: =A7+7 -> 42911 | B9: =C7+F7-G7 -> 6493.0201 | C9: =B9+(B9*0.015) -> 6590.4154 | D9: =B9/3250 -> 1.9978523 | E9: =(C9-B9)/D9 -> 48.75 | H9: =D9*50/B9 -> 0.015384615
A10: =A9+7 -> 42918 | B10: =C9+F9-G9 -> 6590.4154 | C10: =B10+(B10*0.054) -> 6946.2978 | D10: =B10/3250 -> 2.0278201 | E10: =(C10-B10)/D10 -> 175.5 | H10: =D10*50/B10 -> 0.015384615
A11: =A10+7 -> 42925 | B11: =C10+F10-G10 -> 6946.2978 | C11: =B11+(B11*0.0483) -> 7281.804 | D11: =B11/3250 -> 2.1373224 | E11: =(C11-B11)/D11 -> 156.975 | H11: =D11*50/B11 -> 0.015384615
A12: =A11+7 -> 42932 | B12: =C11+F11-G11 -> 7281.804 | C12: =B12+(B12*-0.074) -> 6742.9505 | D12: =B12/3250 -> 2.2405551 | E12: =(C12-B12)/D12 -> -240.5 | H12: =D12*50/B12 -> 0.015384615
A14: =A12+7 -> 42939 | B14: =C12+F12-G12 -> 6742.9505 | C14: =B14+(B14*0.0427) -> 7030.8745 | D14: =B14/3250 -> 2.074754 | E14: =(C14-B14)/D14 -> 138.775 | F14: 1492 | H14: =D14*50/B14 -> 0.015384615
A15: =A14+7 -> 42946 | B15: =C14+F14-G14 -> 8522.8745 | C15: =B15+(B15*-0.0045) -> 8484.5216 | D15: =B15/3250 -> 2.6224229 | E15: =(C15-B15)/D15 -> -14.625 | H15: =D15*50/B15 -> 0.015384615
A16: =A15+7 -> 42953 | B16: =C15+F15-G15 -> 8484.5216 | C16: =B16+(B16*-0.0326) -> 8207.9262 | D16: =B16/3250 -> 2.610622 | E16: =(C16-B16)/D16 -> -105.95 | F16: 1000 | H16: =D16*50/B16 -> 0.015384615
A17: =A16+7 -> 42960 | B17: =C16+F16-G16 -> 9207.9262 | C17: =B17+(B17*-0.02) -> 9023.7677 | D17: =B17/3250 -> 2.8332081 | E17: =(C17-B17)/D17 -> -65 | H17: =D17*50/B17 -> 0.015384615
A19: =A17+7 -> 42967 | B19: =C17+F17-G17 -> 9023.7677 | C19: =B19+(B19*0.0596) -> 9561.5842 | D19: =B19/3250 -> 2.7765439 | E19: =(C19-B19)/D19 -> 193.7 | H19: =D19*50/B19 -> 0.015384615
A20: =A19+7 -> 42974 | B20: =C19+F19-G19 -> 9561.5842 | C20: =B20+(B20*-0.0884) -> 8716.3402 | D20: =B20/3250 -> 2.9420259 | E20: =(C20-B20)/D20 -> -287.3 | H20: =D20*50/B20 -> 0.015384615
A21: =A20+7 -> 42981 | B21: =C20+F20-G20 -> 8716.3402 | C21: =B21+(B21*-0.0583) -> 8208.1775 | D21: =B21/5500 -> 1.5847891 | E21: =(C21-B21)/D21 -> -320.65 | H21: =D21*50/B21 -> 0.0090909091
A22: =A21+7 -> 42988 | B22: =C21+F21-G21 -> 8208.1775 | C22: =B22+(B22*0.1119) -> 9126.6726 | D22: =B22/5500 -> 1.4923959 | E22: =(C22-B22)/D22 -> 615.45 | H22: =D22*50/B22 -> 0.0090909091
A24: =A22+7 -> 42995 | B24: =C22+F22-G22 -> 9126.6726 | C24: =B24+(B24*-0.073) -> 8460.4255 | D24: =B24/5500 -> 1.659395 | E24: =(C24-B24)/D24 -> -401.5 | H24: =D24*50/B24 -> 0.0090909091
A25: =A24+7 -> 43002 | B25: =C24+F24-G24 -> 8460.4255 | C25: =B25+(B25*-0.0103) -> 8373.2831 | D25: =B25/5500 -> 1.5382592 | E25: =(C25-B25)/D25 -> -56.65 | F25: 800 | H25: =D25*50/B25 -> 0.0090909091
A26: =A25+7 -> 43009 | B26: =C25+F25-G25 -> 9173.2831 | C26: =B26+(B26*-0.0544) -> 8674.2565 | D26: =B26/5500 -> 1.6678697 | E26: =(C26-B26)/D26 -> -299.2 | F26: 1350 | H26: =D26*50/B26 -> 0.0090909091
A27: =A26+7 -> 43016 | B27: =C26+F26-G26 -> 10024.257 | C27: =B27+(B27*-0.0579) -> 9443.8521 | D27: =B27/3000 -> 3.3414188 | E27: =(C27-B27)/D27 -> -173.7 | H27: =D27*50/B27 -> 0.016666667
A29: =A27+7 -> 43023 | B29: =C27+F27-G27 -> 9443.8521 | C29: =B29+(B29*0.0774) -> 10174.806 | D29: =B29/3000 -> 3.1479507 | E29: =(C29-B29)/D29 -> 232.2 | H29: =D29*50/B29 -> 0.016666667
A30: =A29+7 -> 43030 | B30: =C29+F29-G29 -> 10174.806 | C30: =B30+(B30*0.0717) -> 10904.34 | D30: =B30/3000 -> 3.3916021 | E30: =(C30-B30)/D30 -> 215.1 | H30: =D30*50/B30 -> 0.016666667
A31: =A30+7 -> 43037 | B31: =C30+F30-G30 -> 10904.34 | C31: =B31+(B31*0.09) -> 11885.73 | D31: =B31/3000 -> 3.6347799 | E31: =(C31-B31)/D31 -> 270 | F31: =SharonN_Perfomance!C4 -> 500 | H31: =D31*50/B31 -> 0.016666667
A32: =A31+7 -> 43044 | B32: =C31+F31-G31 -> 12385.73 | C32: =B32+(B32*-0.0353) -> 11948.514 | D32: =B32/3000 -> 4.1285768 | E32: =(C32-B32)/D32 -> -105.9 | H32: =D32*50/B32 -> 0.016666667
A34: =A32+7 -> 43051 | B34: =C32+F32-G32 -> 11948.514 | C34: =B34+(B34*-0.1562) -> 10082.156 | D34: =B34/3000 -> 3.982838 | E34: =(C34-B34)/D34 -> -468.6 | H34: =D34*50/B34 -> 0.016666667
A35: =A34+7 -> 43058 | B35: =C34+F34-G34 -> 10082.156 | C35: =B35+(B35*0.081) -> 10898.811 | D35: =B35/2500 -> 4.0328625 | E35: =(C35-B35)/D35 -> 202.5 | H35: =D35*50/B35 -> 0.02
A36: =A35+7 -> 43065 | B36: =C35+F35-G35 -> 10898.811 | C36: =B36+(B36*-0.0343) -> 10524.982 | D36: =B36/2500 -> 4.3595243 | E36: =(C36-B36)/D36 -> -85.75 | H36: =D36*50/B36 -> 0.02
A37: =A36+7 -> 43072 | B37: =C36+F36-G36 -> 10524.982 | C37: =B37+(B37*0.10018) -> 11579.374 | D37: =B37/3250 -> 3.2384559 | E37: =(C37-B37)/D37 -> 325.585 | H37: =D37*50/B37 -> 0.015384615
A39: =A37+7 -> 43079 | B39: =C37+F37-G37 -> 11579.374 | C39: =B39+(B39*0.0214) -> 11827.173 | D39: =B39/3250 -> 3.5628844 | E39: =(C39-B39)/D39 -> 69.55 | F39: =Taf_Perfomance!$F$128 -> 700 | H39: =D39*50/B39 -> 0.015384615
A40: =A39+7 -> 43086 | B40: =C39+F39-G39 -> 12527.173 | C40: =B40+(B40*0.0087) -> 12636.159 | D40: =B40/3250 -> 3.8545147 | E40: =(C40-B40)/D40 -> 28.275 | H40: =D40*50/B40 -> 0.015384615
A41: =A40+7 -> 43093 | B41: =C40+F40-G40 -> 12636.159 | C41: =B41+(B41*0) -> 12636.159 | D41: =B41/3250 -> 3.888049 | E41: =(C41-B41)/D41 -> 0 | H41: =D41*50/B41 -> 0.015384615
A42: =A41+7 -> 43100 | B42: =C41+F41-G41 -> 12636.159 | C42: =B42+(B42*0) -> 12636.159 | D42: =B42/3250 -> 3.888049 | E42: =(C42-B42)/D42 -> 0 | H42: =D42*50/B42 -> 0.015384615
A44: =A42+7 -> 43107 | B44: =C42+F42-G42 -> 12636.159 | C44: =B44+(B44*0.03) -> 13015.244 | D44: =B44/3250 -> 3.888049 | E44: =(C44-B44)/D44 -> 97.5 | H44: =D44*50/B44 -> 0.015384615
A45: =A44+7 -> 43114 | B45: =C44+F44-G44 -> 13015.244 | C45: =B45+(B45*0.03) -> 13405.701 | D45: =B45/3250 -> 4.0046905 | E45: =(C45-B45)/D45 -> 97.5 | H45: =D45*50/B45 -> 0.015384615
A46: =A45+7 -> 43121 | B46: =C45+F45-G45 -> 13405.701 | C46: =B46+(B46*0.03) -> 13807.872 | D46: =B46/3250 -> 4.1248312 | E46: =(C46-B46)/D46 -> 97.5 | H46: =D46*50/B46 -> 0.015384615
A47: =A46+7 -> 43128 | B47: =C46+F46-G46 -> 13807.872 | C47: =B47+(B47*0.03) -> 14222.109 | D47: =B47/3250 -> 4.2485761 | E47: =(C47-B47)/D47 -> 97.5 | H47: =D47*50/B47 -> 0.015384615
A49: =A47+7 -> 43135 | B49: =C47+F47-G47 -> 14222.109 | C49: =B49+(B49*0.03) -> 14648.772 | D49: =B49/3250 -> 4.3760334 | E49: =(C49-B49)/D49 -> 97.5 | H49: =D49*50/B49 -> 0.015384615
A50: =A49+7 -> 43142 | B50: =C49+F49-G49 -> 14648.772 | C50: =B50+(B50*0.03) -> 15088.235 | D50: =B50/3250 -> 4.5073144 | E50: =(C50-B50)/D50 -> 97.5 | H50: =D50*50/B50 -> 0.015384615
A51: =A50+7 -> 43149 | B51: =C50+F50-G50 -> 15088.235 | C51: =B51+(B51*0.03) -> 15540.882 | D51: =B51/3250 -> 4.6425339 | E51: =(C51-B51)/D51 -> 97.5 | H51: =D51*50/B51 -> 0.015384615
A52: =A51+7 -> 43156 | B52: =C51+F51-G51 -> 15540.882 | C52: =B52+(B52*0.03) -> 16007.109 | D52: =B52/3250 -> 4.7818099 | E52: =(C52-B52)/D52 -> 97.5 | H52: =D52*50/B52 -> 0.015384615
A54: =A52+7 -> 43163 | B54: =C52+F52-G52 -> 16007.109 | C54: =B54+(B54*0.03) -> 16487.322 | D54: =B54/3250 -> 4.9252642 | E54: =(C54-B54)/D54 -> 97.5 | H54: =D54*50/B54 -> 0.015384615
A55: =A54+7 -> 43170 | B55: =C54+F54-G54 -> 16487.322 | C55: =B55+(B55*0.03) -> 16981.942 | D55: =B55/3250 -> 5.0730221 | E55: =(C55-B55)/D55 -> 97.5 | H55: =D55*50/B55 -> 0.015384615
A56: =A55+7 -> 43177 | B56: =C55+F55-G55 -> 16981.942 | C56: =B56+(B56*0.03) -> 17491.4 | D56: =B56/3250 -> 5.2252128 | E56: =(C56-B56)/D56 -> 97.5 | H56: =D56*50/B56 -> 0.015384615
A57: =A56+7 -> 43184 | B57: =C56+F56-G56 -> 17491.4 | C57: =B57+(B57*0.03) -> 18016.142 | D57: =B57/3250 -> 5.3819692 | E57: =(C57-B57)/D57 -> 97.5 | H57: =D57*50/B57 -> 0.015384615
A59: =A57+7 -> 43191 | B59: =C57+F57-G57 -> 18016.142 | C59: =B59+(B59*0.03) -> 18556.626 | D59: =B59/3250 -> 5.5434282 | E59: =(C59-B59)/D59 -> 97.5 | H59: =D59*50/B59 -> 0.015384615
A60: =A59+7 -> 43198 | B60: =C59+F59-G59 -> 18556.626 | C60: =B60+(B60*0.03) -> 19113.325 | D60: =B60/3250 -> 5.7097311 | E60: =(C60-B60)/D60 -> 97.5 | H60: =D60*50/B60 -> 0.015384615
A61: =A60+7 -> 43205 | B61: =C60+F60-G60 -> 19113.325 | C61: =B61+(B61*0.03) -> 19686.725 | D61: =B61/3250 -> 5.881023 | E61: =(C61-B61)/D61 -> 97.5 | H61: =D61*50/B61 -> 0.015384615
A62: =A61+7 -> 43212 | B62: =C61+F61-G61 -> 19686.725 | C62: =B62+(B62*0.03) -> 20277.326 | D62: =B62/3250 -> 6.0574537 | E62: =(C62-B62)/D62 -> 97.5 | H62: =D62*50/B62 -> 0.015384615
A64: =A62+7 -> 43219 | B64: =C62+F62-G62 -> 20277.326 | C64: =B64+(B64*0.03) -> 20885.646 | D64: =B64/3250 -> 6.2391773 | E64: =(C64-B64)/D64 -> 97.5 | H64: =D64*50/B64 -> 0.015384615
A65: =A64+7 -> 43226 | B65: =C64+F64-G64 -> 20885.646 | C65: =B65+(B65*0.03) -> 21512.215 | D65: =B65/3250 -> 6.4263526 | E65: =(C65-B65)/D65 -> 97.5 | H65: =D65*50/B65 -> 0.015384615
A66: =A65+7 -> 43233 | B66: =C65+F65-G65 -> 21512.215 | C66: =B66+(B66*0.03) -> 22157.582 | D66: =B66/3250 -> 6.6191432 | E66: =(C66-B66)/D66 -> 97.5 | H66: =D66*50/B66 -> 0.015384615
A67: =A66+7 -> 43240 | B67: =C66+F66-G66 -> 22157.582 | C67: =B67+(B67*0.03) -> 22822.309 | D67: =B67/3250 -> 6.8177175 | E67: =(C67-B67)/D67 -> 97.5 | H67: =D67*50/B67 -> 0.015384615
A69: =A67+7 -> 43247 | B69: =C67+F67-G67 -> 22822.309 | C69: =B69+(B69*0.03) -> 23506.979 | D69: =B69/3250 -> 7.022249 | E69: =(C69-B69)/D69 -> 97.5 | H69: =D69*50/B69 -> 0.015384615
A70: =A69+7 -> 43254 | B70: =C69+F69-G69 -> 23506.979 | C70: =B70+(B70*0.03) -> 24212.188 | D70: =B70/3250 -> 7.2329165 | E70: =(C70-B70)/D70 -> 97.5 | H70: =D70*50/B70 -> 0.015384615
A71: =A70+7 -> 43261 | B71: =C70+F70-G70 -> 24212.188 | C71: =B71+(B71*0.03) -> 24938.554 | D71: =B71/3250 -> 7.449904 | E71: =(C71-B71)/D71 -> 97.5 | H71: =D71*50/B71 -> 0.015384615
A72: =A71+7 -> 43268 | B72: =C71+F71-G71 -> 24938.554 | C72: =B72+(B72*0.03) -> 25686.71 | D72: =B72/3250 -> 7.6734011 | E72: =(C72-B72)/D72 -> 97.5 | H72: =D72*50/B72 -> 0.015384615
A74: =A72+7 -> 43275 | B74: =C72+F72-G72 -> 25686.71 | C74: =B74+(B74*0.03) -> 26457.312 | D74: =B74/3250 -> 7.9036031 | E74: =(C74-B74)/D74 -> 97.5 | H74: =D74*50/B74 -> 0.015384615
A75: =A74+7 -> 43282 | B75: =C74+F74-G74 -> 26457.312 | C75: =B75+(B75*0.03) -> 27251.031 | D75: =B75/3250 -> 8.1407112 | E75: =(C75-B75)/D75 -> 97.5 | H75: =D75*50/B75 -> 0.015384615
A76: =A75+7 -> 43289 | B76: =C75+F75-G75 -> 27251.031 | C76: =B76+(B76*0.03) -> 28068.562 | D76: =B76/3250 -> 8.3849326 | E76: =(C76-B76)/D76 -> 97.5 | H76: =D76*50/B76 -> 0.015384615
A77: =A76+7 -> 43296 | B77: =C76+F76-G76 -> 28068.562 | C77: =B77+(B77*0.03) -> 28910.619 | D77: =B77/3250 -> 8.6364806 | E77: =(C77-B77)/D77 -> 97.5 | H77: =D77*50/B77 -> 0.015384615
A79: =A77+7 -> 43303 | B79: =C77+F77-G77 -> 28910.619 | C79: =B79+(B79*0.03) -> 29777.937 | D79: =B79/3250 -> 8.895575 | E79: =(C79-B79)/D79 -> 97.5 | H79: =D79*50/B79 -> 0.015384615
A80: =A79+7 -> 43310 | B80: =C79+F79-G79 -> 29777.937 | C80: =B80+(B80*0.03) -> 30671.275 | D80: =B80/3250 -> 9.1624422 | E80: =(C80-B80)/D80 -> 97.5 | H80: =D80*50/B80 -> 0.015384615
A81: =A80+7 -> 43317 | B81: =C80+F80-G80 -> 30671.275 | C81: =B81+(B81*0.03) -> 31591.414 | D81: =B81/3250 -> 9.4373155 | E81: =(C81-B81)/D81 -> 97.5 | H81: =D81*50/B81 -> 0.015384615
A82: =A81+7 -> 43324 | B82: =C81+F81-G81 -> 31591.414 | C82: =B82+(B82*0.03) -> 32539.156 | D82: =B82/3250 -> 9.720435 | E82: =(C82-B82)/D82 -> 97.5 | H82: =D82*50/B82 -> 0.015384615
A84: =A82+7 -> 43331 | B84: =C82+F82-G82 -> 32539.156 | C84: =B84+(B84*0.03) -> 33515.331 | D84: =B84/3250 -> 10.012048 | E84: =(C84-B84)/D84 -> 97.5 | H84: =D84*50/B84 -> 0.015384615
A85: =A84+7 -> 43338 | B85: =C84+F84-G84 -> 33515.331 | C85: =B85+(B85*0.03) -> 34520.791 | D85: =B85/3250 -> 10.312409 | E85: =(C85-B85)/D85 -> 97.5 | H85: =D85*50/B85 -> 0.015384615
A86: =A85+7 -> 43345 | B86: =C85+F85-G85 -> 34520.791 | C86: =B86+(B86*0.03) -> 35556.414 | D86: =B86/3250 -> 10.621782 | E86: =(C86-B86)/D86 -> 97.5 | H86: =D86*50/B86 -> 0.015384615
A87: =A86+7 -> 43352 | B87: =C86+F86-G86 -> 35556.414 | C87: =B87+(B87*0.03) -> 36623.107 | D87: =B87/3250 -> 10.940435 | E87: =(C87-B87)/D87 -> 97.5 | H87: =D87*50/B87 -> 0.015384615
A89: =A87+7 -> 43359 | B89: =C87+F87-G87 -> 36623.107 | C89: =B89+(B89*0.03) -> 37721.8 | D89: =B89/3250 -> 11.268648 | E89: =(C89-B89)/D89 -> 97.5 | H89: =D89*50/B89 -> 0.015384615
A90: =A89+7 -> 43366 | B90: =C89+F89-G89 -> 37721.8 | C90: =B90+(B90*0.03) -> 38853.454 | D90: =B90/3250 -> 11.606708 | E90: =(C90-B90)/D90 -> 97.5 | H90: =D90*50/B90 -> 0.015384615
A91: =A90+7 -> 43373 | B91: =C90+F90-G90 -> 38853.454 | C91: =B91+(B91*0.03) -> 40019.058 | D91: =B91/3250 -> 11.954909 | E91: =(C91-B91)/D91 -> 97.5 | H91: =D91*50/B91 -> 0.015384615
A92: =A91+7 -> 43380 | B92: =C91+F91-G91 -> 40019.058 | C92: =B92+(B92*0.03) -> 41219.629 | D92: =B92/3250 -> 12.313556 | E92: =(C92-B92)/D92 -> 97.5 | H92: =D92*50/B92 -> 0.015384615
A94: =A92+7 -> 43387 | B94: =C92+F92-G92 -> 41219.629 | C94: =B94+(B94*0.03) -> 42456.218 | D94: =B94/3250 -> 12.682963 | E94: =(C94-B94)/D94 -> 97.5 | H94: =D94*50/B94 -> 0.015384615
A95: =A94+7 -> 43394 | B95: =C94+F94-G94 -> 42456.218 | C95: =B95+(B95*0.03) -> 43729.905 | D95: =B95/3250 -> 13.063452 | E95: =(C95-B95)/D95 -> 97.5 | H95: =D95*50/B95 -> 0.015384615
A96: =A95+7 -> 43401 | B96: =C95+F95-G95 -> 43729.905 | C96: =B96+(B96*0.03) -> 45041.802 | D96: =B96/3250 -> 13.455355 | E96: =(C96-B96)/D96 -> 97.5 | H96: =D96*50/B96 -> 0.015384615
A97: =A96+7 -> 43408 | B97: =C96+F96-G96 -> 45041.802 | C97: =B97+(B97*0.03) -> 46393.056 | D97: =B97/3250 -> 13.859016 | E97: =(C97-B97)/D97 -> 97.5 | H97: =D97*50/B97 -> 0.015384615
A99: =A97+7 -> 43415 | B99: =C97+F97-G97 -> 46393.056 | C99: =B99+(B99*0.03) -> 47784.848 | D99: =B99/3250 -> 14.274786 | E99: =(C99-B99)/D99 -> 97.5 | H99: =D99*50/B99 -> 0.015384615
A100: =A99+7 -> 43422 | B100: =C99+F99-G99 -> 47784.848 | C100: =B100+(B100*0.03) -> 49218.393 | D100: =B100/3250 -> 14.70303 | E100: =(C100-B100)/D100 -> 97.5 | H100: =D100*50/B100 -> 0.015384615
A101: =A100+7 -> 43429 | B101: =C100+F100-G100 -> 49218.393 | C101: =B101+(B101*0.03) -> 50694.945 | D101: =B101/3250 -> 15.144121 | E101: =(C101-B101)/D101 -> 97.5 | H101: =D101*50/B101 -> 0.015384615
A102: =A101+7 -> 43436 | B102: =C101+F101-G101 -> 50694.945 | C102: =B102+(B102*0.03) -> 52215.793 | D102: =B102/3250 -> 15.598445 | E102: =(C102-B102)/D102 -> 97.5 | H102: =D102*50/B102 -> 0.015384615
A104: =A102+7 -> 43443 | B104: =C102+F102-G102 -> 52215.793 | C104: =B104+(B104*0.03) -> 53782.267 | D104: =B104/3250 -> 16.066398 | E104: =(C104-B104)/D104 -> 97.5 | H104: =D104*50/B104 -> 0.015384615
A105: =A104+7 -> 43450 | B105: =C104+F104-G104 -> 53782.267 | C105: =B105+(B105*0.03) -> 55395.735 | D105: =B105/3250 -> 16.54839 | E105: =(C105-B105)/D105 -> 97.5 | H105: =D105*50/B105 -> 0.015384615
A106: =A105+7 -> 43457 | B106: =C105+F105-G105 -> 55395.735 | C106: =B106+(B106*0.03) -> 57057.607 | D106: =B106/3250 -> 17.044842 | E106: =(C106-B106)/D106 -> 97.5 | H106: =D106*50/B106 -> 0.015384615
A107: =A106+7 -> 43464 | B107: =C106+F106-G106 -> 57057.607 | C107: =B107+(B107*0.03) -> 58769.335 | D107: =B107/3250 -> 17.556187 | E107: =(C107-B107)/D107 -> 97.5 | H107: =D107*50/B107 -> 0.015384615
A109: =A107+7 -> 43471 | B109: =C107+F107-G107 -> 58769.335 | C109: =B109+(B109*0.03) -> 60532.415 | D109: =B109/3250 -> 18.082872 | E109: =(C109-B109)/D109 -> 97.5 | H109: =D109*50/B109 -> 0.015384615
A110: =A109+7 -> 43478 | B110: =C109+F109-G109 -> 60532.415 | C110: =B110+(B110*0.03) -> 62348.388 | D110: =B110/3250 -> 18.625359 | E110: =(C110-B110)/D110 -> 97.5 | H110: =D110*50/B110 -> 0.015384615
A111: =A110+7 -> 43485 | B111: =C110+F110-G110 -> 62348.388 | C111: =B111+(B111*0.03) -> 64218.839 | D111: =B111/3250 -> 19.184119 | E111: =(C111-B111)/D111 -> 97.5 | H111: =D111*50/B111 -> 0.015384615
A112: =A111+7 -> 43492 | B112: =C111+F111-G111 -> 64218.839 | C112: =B112+(B112*0.03) -> 66145.405 | D112: =B112/3250 -> 19.759643 | E112: =(C112-B112)/D112 -> 97.5 | H112: =D112*50/B112 -> 0.015384615
A114: =A112+7 -> 43499 | B114: =C112+F112-G112 -> 66145.405 | C114: =B114+(B114*0.03) -> 68129.767 | D114: =B114/3250 -> 20.352432 | E114: =(C114-B114)/D114 -> 97.5 | H114: =D114*50/B114 -> 0.015384615
A115: =A114+7 -> 43506 | B115: =C114+F114-G114 -> 68129.767 | C115: =B115+(B115*0.03) -> 70173.66 | D115: =B115/3250 -> 20.963005 | E115: =(C115-B115)/D115 -> 97.5 | H115: =D115*50/B115 -> 0.015384615
A116: =A115+7 -> 43513 | B116: =C115+F115-G115 -> 70173.66 | C116: =B116+(B116*0.03) -> 72278.869 | D116: =B116/3250 -> 21.591895 | E116: =(C116-B116)/D116 -> 97.5 | H116: =D116*50/B116 -> 0.015384615
A117: =A116+7 -> 43520 | B117: =C116+F116-G116 -> 72278.869 | C117: =B117+(B117*0.03) -> 74447.236 | D117: =B117/3250 -> 22.239652 | E117: =(C117-B117)/D117 -> 97.5 | H117: =D117*50/B117 -> 0.015384615
A119: =A117+7 -> 43527 | B119: =C117+F117-G117 -> 74447.236 | C119: =B119+(B119*0.03) -> 76680.653 | D119: =B119/3250 -> 22.906842 | E119: =(C119-B119)/D119 -> 97.5 | H119: =D119*50/B119 -> 0.015384615
A120: =A119+7 -> 43534 | B120: =C119+F119-G119 -> 76680.653 | C120: =B120+(B120*0.03) -> 78981.072 | D120: =B120/3250 -> 23.594047 | E120: =(C120-B120)/D120 -> 97.5 | H120: =D120*50/B120 -> 0.015384615
A121: =A120+7 -> 43541 | B121: =C120+F120-G120 -> 78981.072 | C121: =B121+(B121*0.03) -> 81350.504 | D121: =B121/3250 -> 24.301868 | E121: =(C121-B121)/D121 -> 97.5 | H121: =D121*50/B121 -> 0.015384615
A122: =A121+7 -> 43548 | B122: =C121+F121-G121 -> 81350.504 | C122: =B122+(B122*0.03) -> 83791.019 | D122: =B122/3250 -> 25.030924 | E122: =(C122-B122)/D122 -> 97.5 | H122: =D122*50/B122 -> 0.015384615
A124: =A122+7 -> 43555 | B124: =C122+F122-G122 -> 83791.019 | C124: =B124+(B124*0.03) -> 86304.75 | D124: =B124/3250 -> 25.781852 | E124: =(C124-B124)/D124 -> 97.5 | H124: =D124*50/B124 -> 0.015384615
A125: =A124+7 -> 43562 | B125: =C124+F124-G124 -> 86304.75 | C125: =B125+(B125*0.03) -> 88893.893 | D125: =B125/3250 -> 26.555308 | E125: =(C125-B125)/D125 -> 97.5 | H125: =D125*50/B125 -> 0.015384615
...

Sheet Projections
A1: Projection Based on £1 000 Start Up Capital (Excluding Commission)
A2: Month | B2: Week | C2: EA Account | D2: EA Return | E2: EA £ | F2: EA No | G2: Account | H2: Account | I2: Ave Risk | J2: Typical
B3: Commencing | C3: Equity | D3: Equity | E3: Per Pip | F3: Of Pips | G3: Top UP | H3: W/drawal | I3: % Per Trade | J3: % ROI
A4: 1 | B4: 42883 | C4: 1000 | D4: =C4+(C4*0.03) -> 1030 | E4: =C4/3250 -> 0.30769231 | F4: =(D4-C4)/E4 -> 97.5 | I4: =E4*50/C4 -> 0.015384615 | J4: =(D4-C4)/C4 -> 0.03
B5: =B4+7 -> 42890 | C5: =D4+G4-H4 -> 1030 | D5: =C5+(C5*0.03) -> 1060.9 | E5: =C5/3250 -> 0.31692308 | F5: =(D5-C5)/E5 -> 97.5 | I5: =E5*50/C5 -> 0.015384615 | J5: =(D5-$C4)/$C4 -> 0.0609
B6: =B5+7 -> 42897 | C6: =D5+G5-H5 -> 1060.9 | D6: =C6+(C6*0.03) -> 1092.727 | E6: =C6/3250 -> 0.32643077 | F6: =(D6-C6)/E6 -> 97.5 | I6: =E6*50/C6 -> 0.015384615 | J6: =(D6-$C4)/$C4 -> 0.092727
B7: =B6+7 -> 42904 | C7: =D6+G6-H6 -> 1092.727 | D7: =C7+(C7*0.03) -> 1125.5088 | E7: =C7/3250 -> 0.33622369 | F7: =(D7-C7)/E7 -> 97.5 | I7: =E7*50/C7 -> 0.015384615 | J7: =(D7-$C4)/$C4 -> 0.12550881
A9: 2 | B9: =B7+7 -> 42911 | C9: =D7+G7-H7 -> 1125.5088 | D9: =C9+(C9*0.03) -> 1159.2741 | E9: =C9/3250 -> 0.3463104 | F9: =(D9-C9)/E9 -> 97.5 | I9: =E9*50/C9 -> 0.015384615 | J9: =(D9-$C4)/$C4 -> 0.15927407
B10: =B9+7 -> 42918 | C10: =D9+G9-H9 -> 1159.2741 | D10: =C10+(C10*0.03) -> 1194.0523 | E10: =C10/3250 -> 0.35669972 | F10: =(D10-C10)/E10 -> 97.5 | I10: =E10*50/C10 -> 0.015384615 | J10: =(D10-$C4)/$C4 -> 0.1940523
B11: =B10+7 -> 42925 | C11: =D10+G10-H10 -> 1194.0523 | D11: =C11+(C11*0.03) -> 1229.8739 | E11: =C11/3250 -> 0.36740071 | F11: =(D11-C11)/E11 -> 97.5 | I11: =E11*50/C11 -> 0.015384615 | J11: =(D11-$C4)/$C4 -> 0.22987387
B12: =B11+7 -> 42932 | C12: =D11+G11-H11 -> 1229.8739 | D12: =C12+(C12*0.03) -> 1266.7701 | E12: =C12/3250 -> 0.37842273 | F12: =(D12-C12)/E12 -> 97.5 | I12: =E12*50/C12 -> 0.015384615 | J12: =(D12-$C4)/$C4 -> 0.26677008
A14: 3 | B14: =B12+7 -> 42939 | C14: =D12+G12-H12 -> 1266.7701 | D14: =C14+(C14*0.03) -> 1304.7732 | E14: =C14/3250 -> 0.38977541 | F14: =(D14-C14)/E14 -> 97.5 | I14: =E14*50/C14 -> 0.015384615 | J14: =(D14-$C4)/$C4 -> 0.30477318
B15: =B14+7 -> 42946 | C15: =D14+G14-H14 -> 1304.7732 | D15: =C15+(C15*0.03) -> 1343.9164 | E15: =C15/3250 -> 0.40146867 | F15: =(D15-C15)/E15 -> 97.5 | I15: =E15*50/C15 -> 0.015384615 | J15: =(D15-$C4)/$C4 -> 0.34391638
B16: =B15+7 -> 42953 | C16: =D15+G15-H15 -> 1343.9164 | D16: =C16+(C16*0.03) -> 1384.2339 | E16: =C16/3250 -> 0.41351273 | F16: =(D16-C16)/E16 -> 97.5 | I16: =E16*50/C16 -> 0.015384615 | J16: =(D16-$C4)/$C4 -> 0.38423387
B17: =B16+7 -> 42960 | C17: =D16+G16-H16 -> 1384.2339 | D17: =C17+(C17*0.03) -> 1425.7609 | E17: =C17/3250 -> 0.42591811 | F17: =(D17-C17)/E17 -> 97.5 | I17: =E17*50/C17 -> 0.015384615 | J17: =(D17-$C4)/$C4 -> 0.42576089
A19: 4 | B19: =B17+7 -> 42967 | C19: =D17+G17-H17 -> 1425.7609 | D19: =C19+(C19*0.03) -> 1468.5337 | E19: =C19/3250 -> 0.43869566 | F19: =(D19-C19)/E19 -> 97.5 | I19: =E19*50/C19 -> 0.015384615 | J19: =(D19-$C4)/$C4 -> 0.46853371
B20: =B19+7 -> 42974 | C20: =D19+G19-H19 -> 1468.5337 | D20: =C20+(C20*0.03) -> 1512.5897 | E20: =C20/3250 -> 0.45185653 | F20: =(D20-C20)/E20 -> 97.5 | I20: =E20*50/C20 -> 0.015384615 | J20: =(D20-$C4)/$C4 -> 0.51258972
B21: =B20+7 -> 42981 | C21: =D20+G20-H20 -> 1512.5897 | D21: =C21+(C21*0.03) -> 1557.9674 | E21: =C21/3250 -> 0.46541222 | F21: =(D21-C21)/E21 -> 97.5 | I21: =E21*50/C21 -> 0.015384615 | J21: =(D21-$C4)/$C4 -> 0.55796742
B22: =B21+7 -> 42988 | C22: =D21+G21-H21 -> 1557.9674 | D22: =C22+(C22*0.03) -> 1604.7064 | E22: =C22/3250 -> 0.47937459 | F22: =(D22-C22)/E22 -> 97.5 | I22: =E22*50/C22 -> 0.015384615 | J22: =(D22-$C4)/$C4 -> 0.60470644
A24: 5 | B24: =B22+7 -> 42995 | C24: =D22+G22-H22 -> 1604.7064 | D24: =C24+(C24*0.03) -> 1652.8476 | E24: =C24/3250 -> 0.49375583 | F24: =(D24-C24)/E24 -> 97.5 | I24: =E24*50/C24 -> 0.015384615 | J24: =(D24-$C4)/$C4 -> 0.65284763
B25: =B24+7 -> 43002 | C25: =D24+G24-H24 -> 1652.8476 | D25: =C25+(C25*0.03) -> 1702.4331 | E25: =C25/3250 -> 0.5085685 | F25: =(D25-C25)/E25 -> 97.5 | I25: =E25*50/C25 -> 0.015384615 | J25: =(D25-$C4)/$C4 -> 0.70243306
B26: =B25+7 -> 43009 | C26: =D25+G25-H25 -> 1702.4331 | D26: =C26+(C26*0.03) -> 1753.5061 | E26: =C26/3250 -> 0.52382556 | F26: =(D26-C26)/E26 -> 97.5 | I26: =E26*50/C26 -> 0.015384615 | J26: =(D26-$C4)/$C4 -> 0.75350605
B27: =B26+7 -> 43016 | C27: =D26+G26-H26 -> 1753.5061 | D27: =C27+(C27*0.03) -> 1806.1112 | E27: =C27/3250 -> 0.53954032 | F27: =(D27-C27)/E27 -> 97.5 | I27: =E27*50/C27 -> 0.015384615 | J27: =(D27-$C4)/$C4 -> 0.80611123
A29: 6 | B29: =B27+7 -> 43023 | C29: =D27+G27-H27 -> 1806.1112 | D29: =C29+(C29*0.03) -> 1860.2946 | E29: =C29/3250 -> 0.55572653 | F29: =(D29-C29)/E29 -> 97.5 | I29: =E29*50/C29 -> 0.015384615 | J29: =(D29-$C4)/$C4 -> 0.86029457
B30: =B29+7 -> 43030 | C30: =D29+G29-H29 -> 1860.2946 | D30: =C30+(C30*0.03) -> 1916.1034 | E30: =C30/3250 -> 0.57239833 | F30: =(D30-C30)/E30 -> 97.5 | I30: =E30*50/C30 -> 0.015384615 | J30: =(D30-$C4)/$C4 -> 0.91610341
B31: =B30+7 -> 43037 | C31: =D30+G30-H30 -> 1916.1034 | D31: =C31+(C31*0.03) -> 1973.5865 | E31: =C31/3250 -> 0.58957028 | F31: =(D31-C31)/E31 -> 97.5 | I31: =E31*50/C31 -> 0.015384615 | J31: =(D31-$C4)/$C4 -> 0.97358651
B32: =B31+7 -> 43044 | C32: =D31+G31-H31 -> 1973.5865 | D32: =C32+(C32*0.03) -> 2032.7941 | E32: =C32/3250 -> 0.60725739 | F32: =(D32-C32)/E32 -> 97.5 | I32: =E32*50/C32 -> 0.015384615 | J32: =(D32-$C4)/$C4 -> 1.0327941
A34: 7 | B34: =B32+7 -> 43051 | C34: =D32+G32-H32 -> 2032.7941 | D34: =C34+(C34*0.03) -> 2093.7779 | E34: =C34/3250 -> 0.62547511 | F34: =(D34-C34)/E34 -> 97.5 | I34: =E34*50/C34 -> 0.015384615 | J34: =(D34-$C4)/$C4 -> 1.0937779
B35: =B34+7 -> 43058 | C35: =D34+G34-H34 -> 2093.7779 | D35: =C35+(C35*0.03) -> 2156.5913 | E35: =C35/3250 -> 0.64423936 | F35: =(D35-C35)/E35 -> 97.5 | I35: =E35*50/C35 -> 0.015384615 | J35: =(D35-$C4)/$C4 -> 1.1565913
B36: =B35+7 -> 43065 | C36: =D35+G35-H35 -> 2156.5913 | D36: =C36+(C36*0.03) -> 2221.289 | E36: =C36/3250 -> 0.66356654 | F36: =(D36-C36)/E36 -> 97.5 | I36: =E36*50/C36 -> 0.015384615 | J36: =(D36-$C4)/$C4 -> 1.221289
B37: =B36+7 -> 43072 | C37: =D36+G36-H36 -> 2221.289 | D37: =C37+(C37*0.03) -> 2287.9277 | E37: =C37/3250 -> 0.68347354 | F37: =(D37-C37)/E37 -> 97.5 | I37: =E37*50/C37 -> 0.015384615 | J37: =(D37-$C4)/$C4 -> 1.2879277
A39: 8 | B39: =B37+7 -> 43079 | C39: =D37+G37-H37 -> 2287.9277 | D39: =C39+(C39*0.03) -> 2356.5655 | E39: =C39/3250 -> 0.70397775 | F39: =(D39-C39)/E39 -> 97.5 | I39: =E39*50/C39 -> 0.015384615 | J39: =(D39-$C4)/$C4 -> 1.3565655
B40: =B39+7 -> 43086 | C40: =D39+G39-H39 -> 2356.5655 | D40: =C40+(C40*0.03) -> 2427.2625 | E40: =C40/3250 -> 0.72509708 | F40: =(D40-C40)/E40 -> 97.5 | I40: =E40*50/C40 -> 0.015384615 | J40: =(D40-$C4)/$C4 -> 1.4272625
B41: =B40+7 -> 43093 | C41: =D40+G40-H40 -> 2427.2625 | D41: =C41+(C41*0.03) -> 2500.0803 | E41: =C41/3250 -> 0.74684999 | F41: =(D41-C41)/E41 -> 97.5 | I41: =E41*50/C41 -> 0.015384615 | J41: =(D41-$C4)/$C4 -> 1.5000803
B42: =B41+7 -> 43100 | C42: =D41+G41-H41 -> 2500.0803 | D42: =C42+(C42*0.03) -> 2575.0828 | E42: =C42/3250 -> 0.76925549 | F42: =(D42-C42)/E42 -> 97.5 | I42: =E42*50/C42 -> 0.015384615 | J42: =(D42-$C4)/$C4 -> 1.5750828
A44: 9 | B44: =B42+7 -> 43107 | C44: =D42+G42-H42 -> 2575.0828 | D44: =C44+(C44*0.03) -> 2652.3352 | E44: =C44/3250 -> 0.79233316 | F44: =(D44-C44)/E44 -> 97.5 | I44: =E44*50/C44 -> 0.015384615 | J44: =(D44-$C4)/$C4 -> 1.6523352
B45: =B44+7 -> 43114 | C45: =D44+G44-H44 -> 2652.3352 | D45: =C45+(C45*0.03) -> 2731.9053 | E45: =C45/3250 -> 0.81610315 | F45: =(D45-C45)/E45 -> 97.5 | I45: =E45*50/C45 -> 0.015384615 | J45: =(D45-$C4)/$C4 -> 1.7319053
B46: =B45+7 -> 43121 | C46: =D45+G45-H45 -> 2731.9053 | D46: =C46+(C46*0.03) -> 2813.8625 | E46: =C46/3250 -> 0.84058624 | F46: =(D46-C46)/E46 -> 97.5 | I46: =E46*50/C46 -> 0.015384615 | J46: =(D46-$C4)/$C4 -> 1.8138625
B47: =B46+7 -> 43128 | C47: =D46+G46-H46 -> 2813.8625 | D47: =C47+(C47*0.03) -> 2898.2783 | E47: =C47/3250 -> 0.86580383 | F47: =(D47-C47)/E47 -> 97.5 | I47: =E47*50/C47 -> 0.015384615 | J47: =(D47-$C4)/$C4 -> 1.8982783
A49: 10 | B49: =B47+7 -> 43135 | C49: =D47+G47-H47 -> 2898.2783 | D49: =C49+(C49*0.03) -> 2985.2267 | E49: =C49/3250 -> 0.89177795 | F49: =(D49-C49)/E49 -> 97.5 | I49: =E49*50/C49 -> 0.015384615 | J49: =(D49-$C4)/$C4 -> 1.9852267
B50: =B49+7 -> 43142 | C50: =D49+G49-H49 -> 2985.2267 | D50: =C50+(C50*0.03) -> 3074.7835 | E50: =C50/3250 -> 0.91853129 | F50: =(D50-C50)/E50 -> 97.5 | I50: =E50*50/C50 -> 0.015384615 | J50: =(D50-$C4)/$C4 -> 2.0747835
B51: =B50+7 -> 43149 | C51: =D50+G50-H50 -> 3074.7835 | D51: =C51+(C51*0.03) -> 3167.027 | E51: =C51/3250 -> 0.94608722 | F51: =(D51-C51)/E51 -> 97.5 | I51: =E51*50/C51 -> 0.015384615 | J51: =(D51-$C4)/$C4 -> 2.167027
B52: =B51+7 -> 43156 | C52: =D51+G51-H51 -> 3167.027 | D52: =C52+(C52*0.03) -> 3262.0378 | E52: =C52/3250 -> 0.97446984 | F52: =(D52-C52)/E52 -> 97.5 | I52: =E52*50/C52 -> 0.015384615 | J52: =(D52-$C4)/$C4 -> 2.2620378
A54: 11 | B54: =B52+7 -> 43163 | C54: =D52+G52-H52 -> 3262.0378 | D54: =C54+(C54*0.03) -> 3359.8989 | E54: =C54/3250 -> 1.0037039 | F54: =(D54-C54)/E54 -> 97.5 | I54: =E54*50/C54 -> 0.015384615 | J54: =(D54-$C4)/$C4 -> 2.3598989
B55: =B54+7 -> 43170 | C55: =D54+G54-H54 -> 3359.8989 | D55: =C55+(C55*0.03) -> 3460.6959 | E55: =C55/3250 -> 1.0338151 | F55: =(D55-C55)/E55 -> 97.5 | I55: =E55*50/C55 -> 0.015384615 | J55: =(D55-$C4)/$C4 -> 2.4606959
B56: =B55+7 -> 43177 | C56: =D55+G55-H55 -> 3460.6959 | D56: =C56+(C56*0.03) -> 3564.5168 | E56: =C56/3250 -> 1.0648295 | F56: =(D56-C56)/E56 -> 97.5 | I56: =E56*50/C56 -> 0.015384615 | J56: =(D56-$C4)/$C4 -> 2.5645168
B57: =B56+7 -> 43184 | C57: =D56+G56-H56 -> 3564.5168 | D57: =C57+(C57*0.03) -> 3671.4523 | E57: =C57/3250 -> 1.0967744 | F57: =(D57-C57)/E57 -> 97.5 | I57: =E57*50/C57 -> 0.015384615 | J57: =(D57-$C4)/$C4 -> 2.6714523
A59: 12 | B59: =B57+7 -> 43191 | C59: =D57+G57-H57 -> 3671.4523 | D59: =C59+(C59*0.03) -> 3781.5958 | E59: =C59/3250 -> 1.1296776 | F59: =(D59-C59)/E59 -> 97.5 | I59: =E59*50/C59 -> 0.015384615 | J59: =(D59-$C4)/$C4 -> 2.7815958
B60: =B59+7 -> 43198 | C60: =D59+G59-H59 -> 3781.5958 | D60: =C60+(C60*0.03) -> 3895.0437 | E60: =C60/3250 -> 1.163568 | F60: =(D60-C60)/E60 -> 97.5 | I60: =E60*50/C60 -> 0.015384615 | J60: =(D60-$C4)/$C4 -> 2.8950437
B61: =B60+7 -> 43205 | C61: =D60+G60-H60 -> 3895.0437 | D61: =C61+(C61*0.03) -> 4011.895 | E61: =C61/3250 -> 1.198475 | F61: =(D61-C61)/E61 -> 97.5 | I61: =E61*50/C61 -> 0.015384615 | J61: =(D61-$C4)/$C4 -> 3.011895
B62: =B61+7 -> 43212 | C62: =D61+G61-H61 -> 4011.895 | D62: =C62+(C62*0.03) -> 4132.2519 | E62: =C62/3250 -> 1.2344292 | F62: =(D62-C62)/E62 -> 97.5 | I62: =E62*50/C62 -> 0.015384615 | J62: =(D62-$C4)/$C4 -> 3.1322519
A64: 13 | B64: =B62+7 -> 43219 | C64: =D62+G62-H62 -> 4132.2519 | D64: =C64+(C64*0.03) -> 4256.2194 | E64: =C64/3250 -> 1.2714621 | F64: =(D64-C64)/E64 -> 97.5 | I64: =E64*50/C64 -> 0.015384615 | J64: =(D64-$C4)/$C4 -> 3.2562194
B65: =B64+7 -> 43226 | C65: =D64+G64-H64 -> 4256.2194 | D65: =C65+(C65*0.03) -> 4383.906 | E65: =C65/3250 -> 1.309606 | F65: =(D65-C65)/E65 -> 97.5 | I65: =E65*50/C65 -> 0.015384615 | J65: =(D65-$C4)/$C4 -> 3.383906
B66: =B65+7 -> 43233 | C66: =D65+G65-H65 -> 4383.906 | D66: =C66+(C66*0.03) -> 4515.4232 | E66: =C66/3250 -> 1.3488942 | F66: =(D66-C66)/E66 -> 97.5 | I66: =E66*50/C66 -> 0.015384615 | J66: =(D66-$C4)/$C4 -> 3.5154232
B67: =B66+7 -> 43240 | C67: =D66+G66-H66 -> 4515.4232 | D67: =C67+(C67*0.03) -> 4650.8859 | E67: =C67/3250 -> 1.389361 | F67: =(D67-C67)/E67 -> 97.5 | I67: =E67*50/C67 -> 0.015384615 | J67: =(D67-$C4)/$C4 -> 3.6508859
A69: 14 | B69: =B67+7 -> 43247 | C69: =D67+G67-H67 -> 4650.8859 | D69: =C69+(C69*0.03) -> 4790.4125 | E69: =C69/3250 -> 1.4310418 | F69: =(D69-C69)/E69 -> 97.5 | I69: =E69*50/C69 -> 0.015384615 | J69: =(D69-$C4)/$C4 -> 3.7904125
B70: =B69+7 -> 43254 | C70: =D69+G69-H69 -> 4790.4125 | D70: =C70+(C70*0.03) -> 4934.1248 | E70: =C70/3250 -> 1.4739731 | F70: =(D70-C70)/E70 -> 97.5 | I70: =E70*50/C70 -> 0.015384615 | J70: =(D70-$C4)/$C4 -> 3.9341248
B71: =B70+7 -> 43261 | C71: =D70+G70-H70 -> 4934.1248 | D71: =C71+(C71*0.03) -> 5082.1486 | E71: =C71/3250 -> 1.5181923 | F71: =(D71-C71)/E71 -> 97.5 | I71: =E71*50/C71 -> 0.015384615 | J71: =(D71-$C4)/$C4 -> 4.0821486
B72: =B71+7 -> 43268 | C72: =D71+G71-H71 -> 5082.1486 | D72: =C72+(C72*0.03) -> 5234.613 | E72: =C72/3250 -> 1.563738 | F72: =(D72-C72)/E72 -> 97.5 | I72: =E72*50/C72 -> 0.015384615 | J72: =(D72-$C4)/$C4 -> 4.234613
A74: 15 | B74: =B72+7 -> 43275 | C74: =D72+G72-H72 -> 5234.613 | D74: =C74+(C74*0.03) -> 5391.6514 | E74: =C74/3250 -> 1.6106502 | F74: =(D74-C74)/E74 -> 97.5 | I74: =E74*50/C74 -> 0.015384615 | J74: =(D74-$C4)/$C4 -> 4.3916514
B75: =B74+7 -> 43282 | C75: =D74+G74-H74 -> 5391.6514 | D75: =C75+(C75*0.03) -> 5553.401 | E75: =C75/3250 -> 1.6589697 | F75: =(D75-C75)/E75 -> 97.5 | I75: =E75*50/C75 -> 0.015384615 | J75: =(D75-$C4)/$C4 -> 4.553401
B76: =B75+7 -> 43289 | C76: =D75+G75-H75 -> 5553.401 | D76: =C76+(C76*0.03) -> 5720.003 | E76: =C76/3250 -> 1.7087388 | F76: =(D76-C76)/E76 -> 97.5 | I76: =E76*50/C76 -> 0.015384615 | J76: =(D76-$C4)/$C4 -> 4.720003
B77: =B76+7 -> 43296 | C77: =D76+G76-H76 -> 5720.003 | D77: =C77+(C77*0.03) -> 5891.6031 | E77: =C77/3250 -> 1.7600009 | F77: =(D77-C77)/E77 -> 97.5 | I77: =E77*50/C77 -> 0.015384615 | J77: =(D77-$C4)/$C4 -> 4.8916031
A79: 16 | B79: =B77+7 -> 43303 | C79: =D77+G77-H77 -> 5891.6031 | D79: =C79+(C79*0.03) -> 6068.3512 | E79: =C79/3250 -> 1.812801 | F79: =(D79-C79)/E79 -> 97.5 | I79: =E79*50/C79 -> 0.015384615 | J79: =(D79-$C4)/$C4 -> 5.0683512
B80: =B79+7 -> 43310 | C80: =D79+G79-H79 -> 6068.3512 | D80: =C80+(C80*0.03) -> 6250.4017 | E80: =C80/3250 -> 1.867185 | F80: =(D80-C80)/E80 -> 97.5 | I80: =E80*50/C80 -> 0.015384615 | J80: =(D80-$C4)/$C4 -> 5.2504017
B81: =B80+7 -> 43317 | C81: =D80+G80-H80 -> 6250.4017 | D81: =C81+(C81*0.03) -> 6437.9138 | E81: =C81/3250 -> 1.9232005 | F81: =(D81-C81)/E81 -> 97.5 | I81: =E81*50/C81 -> 0.015384615 | J81: =(D81-$C4)/$C4 -> 5.4379138
B82: =B81+7 -> 43324 | C82: =D81+G81-H81 -> 6437.9138 | D82: =C82+(C82*0.03) -> 6631.0512 | E82: =C82/3250 -> 1.9808965 | F82: =(D82-C82)/E82 -> 97.5 | I82: =E82*50/C82 -> 0.015384615 | J82: =(D82-$C4)/$C4 -> 5.6310512
A84: 17 | B84: =B82+7 -> 43331 | C84: =D82+G82-H82 -> 6631.0512 | D84: =C84+(C84*0.03) -> 6829.9827 | E84: =C84/3250 -> 2.0403234 | F84: =(D84-C84)/E84 -> 97.5 | I84: =E84*50/C84 -> 0.015384615 | J84: =(D84-$C4)/$C4 -> 5.8299827
B85: =B84+7 -> 43338 | C85: =D84+G84-H84 -> 6829.9827 | D85: =C85+(C85*0.03) -> 7034.8822 | E85: =C85/3250 -> 2.1015331 | F85: =(D85-C85)/E85 -> 97.5 | I85: =E85*50/C85 -> 0.015384615 | J85: =(D85-$C4)/$C4 -> 6.0348822
B86: =B85+7 -> 43345 | C86: =D85+G85-H85 -> 7034.8822 | D86: =C86+(C86*0.03) -> 7245.9287 | E86: =C86/3250 -> 2.1645791 | F86: =(D86-C86)/E86 -> 97.5 | I86: =E86*50/C86 -> 0.015384615 | J86: =(D86-$C4)/$C4 -> 6.2459287
B87: =B86+7 -> 43352 | C87: =D86+G86-H86 -> 7245.9287 | D87: =C87+(C87*0.03) -> 7463.3065 | E87: =C87/3250 -> 2.2295165 | F87: =(D87-C87)/E87 -> 97.5 | I87: =E87*50/C87 -> 0.015384615 | J87: =(D87-$C4)/$C4 -> 6.4633065
A89: 18 | B89: =B87+7 -> 43359 | C89: =D87+G87-H87 -> 7463.3065 | D89: =C89+(C89*0.03) -> 7687.2057 | E89: =C89/3250 -> 2.296402 | F89: =(D89-C89)/E89 -> 97.5 | I89: =E89*50/C89 -> 0.015384615 | J89: =(D89-$C4)/$C4 -> 6.6872057
B90: =B89+7 -> 43366 | C90: =D89+G89-H89 -> 7687.2057 | D90: =C90+(C90*0.03) -> 7917.8219 | E90: =C90/3250 -> 2.3652941 | F90: =(D90-C90)/E90 -> 97.5 | I90: =E90*50/C90 -> 0.015384615 | J90: =(D90-$C4)/$C4 -> 6.9178219
B91: =B90+7 -> 43373 | C91: =D90+G90-H90 -> 7917.8219 | D91: =C91+(C91*0.03) -> 8155.3566 | E91: =C91/3250 -> 2.4362529 | F91: =(D91-C91)/E91 -> 97.5 | I91: =E91*50/C91 -> 0.015384615 | J91: =(D91-$C4)/$C4 -> 7.1553566
B92: =B91+7 -> 43380 | C92: =D91+G91-H91 -> 8155.3566 | D92: =C92+(C92*0.03) -> 8400.0173 | E92: =C92/3250 -> 2.5093405 | F92: =(D92-C92)/E92 -> 97.5 | I92: =E92*50/C92 -> 0.015384615 | J92: =(D92-$C4)/$C4 -> 7.4000173
A94: 19 | B94: =B92+7 -> 43387 | C94: =D92+G92-H92 -> 8400.0173 | D94: =C94+(C94*0.03) -> 8652.0178 | E94: =C94/3250 -> 2.5846207 | F94: =(D94-C94)/E94 -> 97.5 | I94: =E94*50/C94 -> 0.015384615 | J94: =(D94-$C4)/$C4 -> 7.6520178
B95: =B94+7 -> 43394 | C95: =D94+G94-H94 -> 8652.0178 | D95: =C95+(C95*0.03) -> 8911.5783 | E95: =C95/3250 -> 2.6621593 | F95: =(D95-C95)/E95 -> 97.5 | I95: =E95*50/C95 -> 0.015384615 | J95: =(D95-$C4)/$C4 -> 7.9115783
B96: =B95+7 -> 43401 | C96: =D95+G95-H95 -> 8911.5783 | D96: =C96+(C96*0.03) -> 9178.9257 | E96: =C96/3250 -> 2.7420241 | F96: =(D96-C96)/E96 -> 97.5 | I96: =E96*50/C96 -> 0.015384615 | J96: =(D96-$C4)/$C4 -> 8.1789257
B97: =B96+7 -> 43408 | C97: =D96+G96-H96 -> 9178.9257 | D97: =C97+(C97*0.03) -> 9454.2934 | E97: =C97/3250 -> 2.8242848 | F97: =(D97-C97)/E97 -> 97.5 | I97: =E97*50/C97 -> 0.015384615 | J97: =(D97-$C4)/$C4 -> 8.4542934
A99: 20 | B99: =B97+7 -> 43415 | C99: =D97+G97-H97 -> 9454.2934 | D99: =C99+(C99*0.03) -> 9737.9222 | E99: =C99/3250 -> 2.9090134 | F99: =(D99-C99)/E99 -> 97.5 | I99: =E99*50/C99 -> 0.015384615 | J99: =(D99-$C4)/$C4 -> 8.7379222
B100: =B99+7 -> 43422 | C100: =D99+G99-H99 -> 9737.9222 | D100: =C100+(C100*0.03) -> 10030.06 | E100: =C100/3250 -> 2.9962838 | F100: =(D100-C100)/E100 -> 97.5 | I100: =E100*50/C100 -> 0.015384615 | J100: =(D100-$C4)/$C4 -> 9.0300599
B101: =B100+7 -> 43429 | C101: =D100+G100-H100 -> 10030.06 | D101: =C101+(C101*0.03) -> 10330.962 | E101: =C101/3250 -> 3.0861723 | F101: =(D101-C101)/E101 -> 97.5 | I101: =E101*50/C101 -> 0.015384615 | J101: =(D101-$C4)/$C4 -> 9.3309617
B102: =B101+7 -> 43436 | C102: =D101+G101-H101 -> 10330.962 | D102: =C102+(C102*0.03) -> 10640.891 | E102: =C102/3250 -> 3.1787574 | F102: =(D102-C102)/E102 -> 97.5 | I102: =E102*50/C102 -> 0.015384615 | J102: =(D102-$C4)/$C4 -> 9.6408906
A104: 21 | B104: =B102+7 -> 43443 | C104: =D102+G102-H102 -> 10640.891 | D104: =C104+(C104*0.03) -> 10960.117 | E104: =C104/3250 -> 3.2741202 | F104: =(D104-C104)/E104 -> 97.5 | I104: =E104*50/C104 -> 0.015384615 | J104: =(D104-$C4)/$C4 -> 9.9601173
B105: =B104+7 -> 43450 | C105: =D104+G104-H104 -> 10960.117 | D105: =C105+(C105*0.03) -> 11288.921 | E105: =C105/3250 -> 3.3723438 | F105: =(D105-C105)/E105 -> 97.5 | I105: =E105*50/C105 -> 0.015384615 | J105: =(D105-$C4)/$C4 -> 10.288921
B106: =B105+7 -> 43457 | C106: =D105+G105-H105 -> 11288.921 | D106: =C106+(C106*0.03) -> 11627.588 | E106: =C106/3250 -> 3.4735141 | F106: =(D106-C106)/E106 -> 97.5 | I106: =E106*50/C106 -> 0.015384615 | J106: =(D106-$C4)/$C4 -> 10.627588
B107: =B106+7 -> 43464 | C107: =D106+G106-H106 -> 11627.588 | D107: =C107+(C107*0.03) -> 11976.416 | E107: =C107/3250 -> 3.5777195 | F107: =(D107-C107)/E107 -> 97.5 | I107: =E107*50/C107 -> 0.015384615 | J107: =(D107-$C4)/$C4 -> 10.976416
A109: 22 | B109: =B107+7 -> 43471 | C109: =D107+G107-H107 -> 11976.416 | D109: =C109+(C109*0.03) -> 12335.709 | E109: =C109/3250 -> 3.6850511 | F109: =(D109-C109)/E109 -> 97.5 | I109: =E109*50/C109 -> 0.015384615 | J109: =(D109-$C4)/$C4 -> 11.335709
B110: =B109+7 -> 43478 | C110: =D109+G109-H109 -> 12335.709 | D110: =C110+(C110*0.03) -> 12705.78 | E110: =C110/3250 -> 3.7956026 | F110: =(D110-C110)/E110 -> 97.5 | I110: =E110*50/C110 -> 0.015384615 | J110: =(D110-$C4)/$C4 -> 11.70578
B111: =B110+7 -> 43485 | C111: =D110+G110-H110 -> 12705.78 | D111: =C111+(C111*0.03) -> 13086.953 | E111: =C111/3250 -> 3.9094707 | F111: =(D111-C111)/E111 -> 97.5 | I111: =E111*50/C111 -> 0.015384615 | J111: =(D111-$C4)/$C4 -> 12.086953
B112: =B111+7 -> 43492 | C112: =D111+G111-H111 -> 13086.953 | D112: =C112+(C112*0.03) -> 13479.562 | E112: =C112/3250 -> 4.0267548 | F112: =(D112-C112)/E112 -> 97.5 | I112: =E112*50/C112 -> 0.015384615 | J112: =(D112-$C4)/$C4 -> 12.479562
A114: 23 | B114: =B112+7 -> 43499 | C114: =D112+G112-H112 -> 13479.562 | D114: =C114+(C114*0.03) -> 13883.949 | E114: =C114/3250 -> 4.1475575 | F114: =(D114-C114)/E114 -> 97.5 | I114: =E114*50/C114 -> 0.015384615 | J114: =(D114-$C4)/$C4 -> 12.883949
B115: =B114+7 -> 43506 | C115: =D114+G114-H114 -> 13883.949 | D115: =C115+(C115*0.03) -> 14300.467 | E115: =C115/3250 -> 4.2719842 | F115: =(D115-C115)/E115 -> 97.5 | I115: =E115*50/C115 -> 0.015384615 | J115: =(D115-$C4)/$C4 -> 13.300467
B116: =B115+7 -> 43513 | C116: =D115+G115-H115 -> 14300.467 | D116: =C116+(C116*0.03) -> 14729.481 | E116: =C116/3250 -> 4.4001437 | F116: =(D116-C116)/E116 -> 97.5 | I116: =E116*50/C116 -> 0.015384615 | J116: =(D116-$C4)/$C4 -> 13.729481
B117: =B116+7 -> 43520 | C117: =D116+G116-H116 -> 14729.481 | D117: =C117+(C117*0.03) -> 15171.366 | E117: =C117/3250 -> 4.532148 | F117: =(D117-C117)/E117 -> 97.5 | I117: =E117*50/C117 -> 0.015384615 | J117: =(D117-$C4)/$C4 -> 14.171366
A119: 24 | B119: =B117+7 -> 43527 | C119: =D117+G117-H117 -> 15171.366 | D119: =C119+(C119*0.03) -> 15626.507 | E119: =C119/3250 -> 4.6681125 | F119: =(D119-C119)/E119 -> 97.5 | I119: =E119*50/C119 -> 0.015384615 | J119: =(D119-$C4)/$C4 -> 14.626507
B120: =B119+7 -> 43534 | C120: =D119+G119-H119 -> 15626.507 | D120: =C120+(C120*0.03) -> 16095.302 | E120: =C120/3250 -> 4.8081559 | F120: =(D120-C120)/E120 -> 97.5 | I120: =E120*50/C120 -> 0.015384615 | J120: =(D120-$C4)/$C4 -> 15.095302
B121: =B120+7 -> 43541 | C121: =D120+G120-H120 -> 16095.302 | D121: =C121+(C121*0.03) -> 16578.161 | E121: =C121/3250 -> 4.9524005 | F121: =(D121-C121)/E121 -> 97.5 | I121: =E121*50/C121 -> 0.015384615 | J121: =(D121-$C4)/$C4 -> 15.578161
B122: =B121+7 -> 43548 | C122: =D121+G121-H121 -> 16578.161 | D122: =C122+(C122*0.03) -> 17075.506 | E122: =C122/3250 -> 5.1009725 | F122: =(D122-C122)/E122 -> 97.5 | I122: =E122*50/C122 -> 0.015384615 | J122: =(D122-$C4)/$C4 -> 16.075506
A124: 25 | B124: =B122+7 -> 43555 | C124: =D122+G122-H122 -> 17075.506 | D124: =C124+(C124*0.03) -> 17587.771 | E124: =C124/3250 -> 5.2540017 | F124: =(D124-C124)/E124 -> 97.5 | I124: =E124*50/C124 -> 0.015384615 | J124: =(D124-$C4)/$C4 -> 16.587771
...
